Workbook
Name AnaplanColHeader_5b675c0e_2247_4546_9242_0565ac0e1287: PL!$S$10:$AD$10
Name AnaplanColHeader_c4cb70b2_6598_4c0e_aa8c_9c4deb501a87: OP!$X$10:$AI$10
Name AnaplanColHeader_c4cb70b2_6598_4c0e_aa8c_9c4deb501a87: PL!$S$10:$AD$10
Name AnaplanColHeader_c4cb70b2_6598_4c0e_aa8c_9c4deb501a87: Previous!$R$10:$AC$10
Name AnaplanDescription_5b675c0e_2247_4546_9242_0565ac0e1287: PL!$R$4:$R$9
Name AnaplanDescription_c4cb70b2_6598_4c0e_aa8c_9c4deb501a87: OP!$W$4:$W$9
Name AnaplanDescription_c4cb70b2_6598_4c0e_aa8c_9c4deb501a87: PL!#REF!
Name AnaplanDescription_c4cb70b2_6598_4c0e_aa8c_9c4deb501a87: Previous!$Q$4:$Q$9
Name AnaplanRowHeader_5b675c0e_2247_4546_9242_0565ac0e1287: PL!$R$11:$R$1613
Name AnaplanRowHeader_c4cb70b2_6598_4c0e_aa8c_9c4deb501a87: OP!$W$11:$W$1613
Name AnaplanRowHeader_c4cb70b2_6598_4c0e_aa8c_9c4deb501a87: PL!$R$11:$R$1613
Name AnaplanRowHeader_c4cb70b2_6598_4c0e_aa8c_9c4deb501a87: Previous!$Q$11:$Q$1596

Sheet Instruction
A1: Instruction for FY23 BT Package
A3: 1. Contents | H3: Plan | I3: Actual | J3: Forecast
B4: "PL" sheet
C5: 1. P/L (1) - Overview | H5: Y | I5: Y | J5: Y
C6: 2. P/L (2) - Overview by BU | H6: Y | I6: Y | J6: Y
C7: ・・・ | H7: Y | I7: Y | J7: Y
C8: 2-3. Sales/GP Details by BU | H8: Y | I8: Y | J8: N
C9: 3. Headcount | H9: Y | I9: Y | J9: Y
C10: 4. Inventories | H10: Y | I10: Y | J10: Y
C11: 5. One Rate | H11: Y | I11: Y | J11: Y
C12: 6. Purchase | H12: Y | I12: Y | J12: Y
C13: 7. CX2 | H13: Y | I13: Y | J13: N
C14: 8. Rolling forecast only | H14: N | I14: N | J14: Y
C15: ・・・ | H15: N | I15: N | J15: Y
C16: 8-5. Open Orders amount of sales orders | H16: N | I16: N | J16: N
C17: 9. Other segments: BIC, IIS(Mobotix and DM) | H17: Y | I17: Y | J17: Y
B18: "FP" sheet
C19: 1. Investment | H19: Y | I19: N | J19: Y
C20: 2. Financial position | H20: Y | I20: N | J20: N
C21: 3. FP related information | H21: Y | I21: N | J21: N
C22: 4. Cash Flow (Automatic Calculation) | H22: Y | I22: N | J22: N
A25: 2. Submission
B26: Uploading to Anaplan will change from FY22. The simple guide is as follows, but please refer to the separate manual for the detailed operation.
B27: ** If #1 & #2 below are unsuccessful, skip #1 & #2 and proceed to #3 **
B29: 1. Upload to Anaplan from Excel | H29: Command in "Anaplan" tab in Excel file
C30: 1-1 | D30: Open BT-Package file | H30: -
D31: Sign In to Anaplan | H31: Sign In
D32: Select your company and refresh data | H32: Refresh
C33: 1-1 | D33: Input data | H33: - | K33: Formulas are possible, but please do not refer to formulas from other excel files
C34: 1-2 | D34: Upload by Excel sheet | H34: Send and Refresh -> Submit
E35: PL sheet | F35: FP sheet
D36: Actual | E36: Upload | F36: - | G36: Once
D37: Forecast | E37: Upload | F37: Upload | G37: Twice | K37: Please note that Rolling forecast requires to upload "PL" sheet & "FP" sheet respectively!!
B39: 2. Change status in Anaplan(Web) | H39: Command in Anaplan(Web)
C40: 2-0 | D40: Logon to Anaplan | H40: URL for SSO User: [E-mail address domain is “@konicaminolta.com”]
I41: https://sdp.anaplan.com/frontdoor/saml/konicasaml | O41: *If the jump from the URL fails, enter it directly in your browser
H42: URL for Password User: [E-mail address domain other than “@konicaminolta.com”]
I43: https://us1a.app.anaplan.com/frontdoor
D45: Open the menu | H45: refer to below
E46: Anaplan menu
D47: Actual | E47: Model "BT Globan Management" ->"AC1 - Sales Company Actual Top" ->
D48: Forecast | E48: Model "BT Globan Management" ->"RF1 - Sales Company RF Top" ->
C49: 2-1 | D49: Import data from Excel Add-in | H49: Import data for Actual from Excel Add-in
C50: 2-2 | D50: Check the value in "Summary Report" | H50: -
C51: 2-3 | D51: Change status to "2. Submitted" | H51: "Status Management" Tab
D52: "0. No Entered" | F52: Before processing
D53: "1. During Input" | F53: Uploading is possible
D54: "2. Submitted" | F54: Uploading is not possible. If Changes are needed, change the status to "1. During Input"
B56: 3. Send e-mail
C57: TO: | D57: Members at your organization | H57: XXXX
D58: KMI BT Sales Company Division | H58: BT_Sales_Planning01@gcp.konicaminolta.com
D59: Persons concerned in KMI | H59: XXXX
C60: Attached file: BT-package file | K60: *Excel files are used as a backup in case of system failure. If the system operates stably and the operation is stable, they may not be attached in the future.

Sheet Due date
A1: Due date of FY23 submission
D3: Due date of Unit Report | F3: Due date of BT-Package | H3: Due date of CEO Report | J3: Reference: Stravis-Link
H4: [BUS/BEU/KMJ/BCN/BHK/BSA/BAU/BIN]
C5: Reporting Period | D5: Due date of Unit Report | F5: Due date of BT-Package | H5: Due date of CEO Report | J5: Due date of Stravis-Link
B6: 1st Month | C6: April, 2023 | D6: May 5, 2023 (Japan: May 9, 2023) | F6: May 8, 2023 (Japan: May 10, 2023) | H6: May 12, 2023 (Japan: May 16, 2023) | J6: May 8, 2023 (Japan: May 10, 2023)
B7: 2nd Month | C7: May, 2023 | D7: 45083 | F7: 45084 | H7: 45090 | J7: 45084
B8: 3rd Month | C8: Jun, 2023 | D8: July 6, 2023 (US: July 7, 2023) | F8: 45117 | H8: July 14, 2023 (US: July 17, 2023) | J8: 45117
B9: 4th Month | C9: July, 2023 | D9: 45142 | F9: August 8, 2023 (Japan: August 10, 2023) | H9: August 14, 2023 (Japan: August 17, 2023) | J9: August 8, 2023 (Japan: August 10, 2023)
B10: 5th Month | C10: August, 2023 | D10: September 6, 2023 (US: September 7, 2023) | F10: September 7, 2023 (US: September 8, 2023) | H10: September 13, 2023 (US: September 14, 2023) | J10: September 7, 2023 (US: September 8, 2023)
B11: 6th Month | C11: September, 2023 | D11: 45204 | F11: October 9, 2023 (Japan: October 10, 2023) | H11: October 13, 2023 (Japan: October 16, 2023) | J11: October 9, 2023 (Japan: October 10, 2023)
B12: 7th Month | C12: October, 2023 | D12: November 6, 2023 (Japan: November 7, 2023) | F12: November 7, 2023 (Japan: November 8, 2023) | H12: 45243 | J12: November 7, 2023 (Japan: November 8, 2023)
B13: 8th Month | C13: November, 2023 | D13: 45266 | F13: 45267 | H13: 45273 | J13: 45267
B14: 9th Month | C14: December, 2023 | D14: January 5, 2024 (Japan: January 10, 2024) | F14: January 10, 2024 (Japan: January 12, 2024) | H14: January 16, 2024 (Japan: January 17, 2024) | J14: January 10, 2024 (Japan: January 11, 2024)
B15: 10th Month | C15: January, 2024 | D15: 45328 | F15: 45329 | H15: 45335 | J15: 45329
B16: 11th Month | C16: February, 2024 | D16: 45357 | F16: 45358 | H16: 45364 | J16: 45358
B17: 12th Month | C17: March, 2024 | D17: 45386 | F17: 45391 | H17: 45397 | J17: TBD
B20: [BBR Only]
C21: Reporting Period | D21: Due date of Unit Report | F21: Due date of BT-Package | J21: Due date of Stravis-Link
B22: 1st Month | C22: Apr, 2023 | D22: 45047 | F22: 45047 | J22: 45047
B23: 2nd Month | C23: May, 2023 | D23: 45078 | F23: 45078 | J23: 45078
B24: 3rd Month | C24: Jun, 2023 | D24: 45110 | F24: 45110 | J24: 45110
B25: 4th Month | C25: Jul, 2023 | D25: 45139 | F25: 45139 | J25: 45139
B26: 5th Month | C26: Aug, 2023 | D26: 45170 | F26: 45170 | J26: 45170
B27: 6th Month | C27: Sep, 2023 | D27: 45201 | F27: 45201 | J27: 45201
B28: 7th Month | C28: Oct, 2023 | D28: 45231 | F28: 45231 | J28: 45231
B29: 8th Month | C29: Nov, 2023 | D29: 45261 | F29: 45261 | J29: 45261
B30: 9th Month | C30: Dec, 2023 | D30: 45294 | F30: 45294 | J30: 45294
B31: 10th Month | C31: Jan, 2024 | D31: 45323 | F31: 45323 | J31: 45323
B32: 11th Month | C32: Feb, 2024 | D32: 45352 | F32: 45352 | J32: 45352
B33: 12th Month | C33: Mar, 2024 | D33: 45383 | F33: 45383 | J33: TBD

Sheet PL
AN1: 'OP'! | AQ1: 'Previous'! | AV1: =AN1 -> 'OP'! | AY1: =AQ1 -> 'Previous'! | BD1: =AN1 -> 'OP'! | BG1: =AQ1 -> 'Previous'!
AM2: =VLOOKUP($AM$7,Work1!$F$6:$I$17,2,0) -> S | AN2: =VLOOKUP($AM$7,Work1!$F$6:$I$17,3,0) -> X | AQ2: =VLOOKUP($AM$7,Work1!$F$6:$I$17,4,0) -> R | AU2: =VLOOKUP($AM$7,Work1!$K$6:$Q$17,2,0) -> S | AV2: =VLOOKUP($AM$7,Work1!$K$6:$Q$17,3,0) -> X | AY2: =VLOOKUP($AM$7,Work1!$K$6:$Q$17,4,0) -> R | BC2: =VLOOKUP($AM$7,Work1!$K$6:$Q$17,5,0) -> S | BD2: =VLOOKUP($AM$7,Work1!$K$6:$Q$17,6,0) -> X | BG2: =VLOOKUP($AM$7,Work1!$K$6:$Q$17,7,0) -> R
AM3: =AM2 -> S | AN3: =AN2 -> X | AQ3: =AQ2 -> R | AU3: =VLOOKUP($AM$7,Work1!$K$22:$Q$33,2,0) -> S | AV3: =VLOOKUP($AM$7,Work1!$K$22:$Q$33,3,0) -> X | AY3: =VLOOKUP($AM$7,Work1!$K$22:$Q$33,4,0) -> R | BC3: =VLOOKUP($AM$7,Work1!$K$22:$Q$33,5,0) -> S | BD3: =VLOOKUP($AM$7,Work1!$K$22:$Q$33,6,0) -> X | BG3: =VLOOKUP($AM$7,Work1!$K$22:$Q$33,7,0) -> R
A4: FY22 | C4: FY23 OP | F4: FY2023 Actual ver1.0 | Q4: BIN | R4: Last Refresh: 2023/04/10 13:51:13 | S4: (Unit:1000LC) | AM4: vs OP / vs FY22 | AQ4: Please copy&paste "OP" sheet and "Previous" sheet as they are
R5: BT Global Management
E6: RF | J6: =VLOOKUP(Q4,Work1!C6:D32,2,0) -> K_INR | M6: (Unit:1000LC) | Q6: Input fields | R6: data - Plan & Actual Pkg : Monthly | S6: =R4 -> Last Refresh: 2023/04/10 13:51:13 | AM6: Select period (1-12)
Q7: Input fields, but not affect PL | R7: for FY23 PL Actual Excel Input | S7: =IF(S12="","","Last Send and Refresh:"&TEXT(S12," YYYY/MM/DD HH:MM:SS")) -> Last Send and Refresh: 2023/04/10 13:50:31 | AM7: 1 | AN7: ex. Apr ->1, Feb ->2 ,,,Mar ->12 *BBR: Jan ->1, Feb ->2 ,,,Dec ->12
H8: 1. P/L (1) - Overview | R8: Sales Company - BUS
I9: 1-1. P/L Statement | R9: Scenario : 01-2 - Actual | AM9: single month | AU9: Quarter (QTD) | BC9: Annual Year (YTD)
S10: =CHOOSE(2, "5450160030", "Apr 23") -> Apr 23 | T10: =CHOOSE(2, "5450460031", "May 23") -> May 23 | U10: =CHOOSE(2, "5450770030", "Jun 23") -> Jun 23 | V10: =CHOOSE(2, "5451070031", "Jul 23") -> Jul 23 | W10: =CHOOSE(2, "5451380031", "Aug 23") -> Aug 23 | X10: =CHOOSE(2, "5451690030", "Sep 23") -> Sep 23 | Y10: =CHOOSE(2, "5451990031", "Oct 23") -> Oct 23 | Z10: =CHOOSE(2, "5452300030", "Nov 23") -> Nov 23 | AA10: =CHOOSE(2, "5452600031", "Dec 23") -> Dec 23 | AB10: =CHOOSE(2, "5452910031", "Jan 24") -> Jan 24 | AC10: =CHOOSE(2, "5453220029", "Feb 24") -> Feb 24 | AD10: =CHOOSE(2, "5453510031", "Mar 24") -> Mar 24
E11: RF | F11: RF | R11: =CHOOSE(2, "6722000002631", "1. P/L (1) - Overview") -> 1. P/L (1) - Overview | S11: =NOW() -> 45391.855
E12: RF | F12: RF | R12: =CHOOSE(2, "6722000002630", "1-1. P/L Statement") -> 1-1. P/L Statement | S12: 2023/04/10 13:50:31
E13: RF | R13: =CHOOSE(2, "6722000002629", "▷ Blank 0") -> ▷ Blank 0 | S13: =IF($Q$4="BBR",Work1!D2, Work1!D3) -> 45017 | T13: =DATE(YEAR(S13),MONTH(S13)+1,DAY(S13)) -> 45047 | U13: =DATE(YEAR(T13),MONTH(T13)+1,DAY(T13)) -> 45078 | V13: =DATE(YEAR(U13),MONTH(U13)+1,DAY(U13)) -> 45108 | W13: =DATE(YEAR(V13),MONTH(V13)+1,DAY(V13)) -> 45139 | X13: =DATE(YEAR(W13),MONTH(W13)+1,DAY(W13)) -> 45170 | Y13: =DATE(YEAR(X13),MONTH(X13)+1,DAY(X13)) -> 45200 | Z13: =DATE(YEAR(Y13),MONTH(Y13)+1,DAY(Y13)) -> 45231 | AA13: =DATE(YEAR(Z13),MONTH(Z13)+1,DAY(Z13)) -> 45261 | ... AD13: =DATE(YEAR(AC13),MONTH(AC13)+1,DAY(AC13)) -> 45352 | AE13: Q1 | AF13: Q2 | AG13: Q3 | AH13: Q4 | AI13: 1st H | AJ13: 2nd H | AK13: FY23 | AM13: Result | AN13: OP | AO13: vs OP | AP13: % | AQ13: FY22 | AR13: vs FY22 | AS13: % | AU13: Result | AV13: OP | AW13: vs OP | AX13: % | AY13: FY22 | AZ13: vs FY22 | BA13: % | BC13: Result | BD13: OP | BE13: vs OP | BF13: % | BG13: FY22 | BH13: vs FY22 | BI13: %
A14: 14 | B14: 1 | C14: 14 | D14: 1 | E14: RF | J14: Net Sales | R14: =CHOOSE(2, "6722000002628", "PL Statement Net Sales") -> PL Statement Net Sales | S14: =S79+S353+S154+S208+S290 -> 1110462 | T14: =T79+T353+T154+T208+T290 -> 995339.46 | U14: =U79+U353+U154+U208+U290 -> 906113.29 | V14: =V79+V353+V154+V208+V290 -> 844507.3 | W14: =W79+W353+W154+W208+W290 -> 986309.26 | X14: =X79+X353+X154+X208+X290 -> 1071798.6 | Y14: =Y79+Y353+Y154+Y208+Y290 -> 907524.4 | Z14: =Z79+Z353+Z154+Z208+Z290 -> 899943.86 | ... AD14: =AD79+AD353+AD154+AD208+AD290 -> 1004203.1 | AE14: =SUM(S14,T14,U14) -> 3011914.8 | AF14: =SUM(V14,W14,X14) -> 2902615.2 | AG14: =SUM(Y14,Z14,AA14) -> 2764458.9 | AH14: =SUM(AB14,AC14,AD14) -> 3013872.3 | AI14: =AE14+AF14 -> 5914529.9 | AJ14: =AH14+AG14 -> 5778331.2 | AK14: =AI14+AJ14 -> 11692861 | AM14: =SUM((INDIRECT(AM$2&(ROW())):INDIRECT(AM$3&(ROW())))) -> 1110462 | AN14: =SUM(INDIRECT(AN$1&AN$2&$C14):INDIRECT(AN$1&AN$3&$C14)) -> 941049.21 | AO14: =AM14-AN14 -> 169412.79 | AP14: =IFERROR(AM14/AN14,0) -> 1.1800254 | AQ14: =SUM(INDIRECT(AQ$1&AQ$2&$A14):INDIRECT(AQ$1&AQ$3&$A14))+SUM(INDIRECT(AQ$1&AQ$2&$B14):INDIRECT(AQ$1&AQ$3&$B14)) -> 649255 | AR14: =AM14-AQ14 -> 461207 | AS14: =IFERROR(AM14/AQ14,0) -> 1.7103634 | AU14: =SUM((INDIRECT(AU$2&(ROW())):INDIRECT(AU$3&(ROW())))) -> 1110462 | AV14: =SUM(INDIRECT(AV$1&AV$2&$C14):INDIRECT(AV$1&AV$3&$C14)) -> 941049.21 | AW14: =AU14-AV14 -> 169412.79 | AX14: =IFERROR(AU14/AV14,0) -> 1.1800254 | AY14: =SUM(INDIRECT(AY$1&AY$2&$A14):INDIRECT(AY$1&AY$3&$A14))+SUM(INDIRECT(AY$1&AY$2&$B14):INDIRECT(AY$1&AY$3&$B14)) -> 649255 | AZ14: =AU14-AY14 -> 461207 | BA14: =IFERROR(AU14/AY14,0) -> 1.7103634 | BC14: =SUM((INDIRECT(BC$2&(ROW())):INDIRECT(BC$3&(ROW())))) -> 1110462 | BD14: =SUM(INDIRECT(BD$1&BD$2&$C14):INDIRECT(BD$1&BD$3&$C14)) -> 941049.21 | BE14: =BC14-BD14 -> 169412.79 | BF14: =IFERROR(BC14/BD14,0) -> 1.1800254 | BG14: =SUM(INDIRECT(BG$1&BG$2&$A14):INDIRECT(BG$1&BG$3&$A14))+SUM(INDIRECT(BG$1&BG$2&$B14):INDIRECT(BG$1&BG$3&$B14)) -> 649255 | BH14: =BC14-BG14 -> 461207 | BI14: =IFERROR(BC14/BG14,0) -> 1.7103634
A15: =A14+1 -> 15 | B15: 1 | C15: =C14+1 -> 15 | D15: 1 | E15: RF | J15: BT Consolidated Sales | R15: =CHOOSE(2, "6722000002627", "PL Statement BT Cons. Sales") -> PL Statement BT Cons. Sales | S15: =S80+S363+S159+S223+S300 -> 1110462 | T15: =T80+T363+T159+T223+T300 -> 995340.14 | U15: =U80+U363+U159+U223+U300 -> 906113.29 | V15: =V80+V363+V159+V223+V300 -> 844507.71 | W15: =W80+W363+W159+W223+W300 -> 986308.97 | X15: =X80+X363+X159+X223+X300 -> 1071798.8 | Y15: =Y80+Y363+Y159+Y223+Y300 -> 907524.14 | Z15: =Z80+Z363+Z159+Z223+Z300 -> 899943.86 | ... AD15: =AD80+AD363+AD159+AD223+AD300 -> 1004203.1 | AE15: =SUM(S15,T15,U15) -> 3011915.4 | AF15: =SUM(V15,W15,X15) -> 2902615.4 | AG15: =SUM(Y15,Z15,AA15) -> 2764458.6 | AH15: =SUM(AB15,AC15,AD15) -> 3013872.3 | AI15: =AE15+AF15 -> 5914530.9 | AJ15: =AH15+AG15 -> 5778330.9 | AK15: =AI15+AJ15 -> 11692862 | AM15: =SUM((INDIRECT(AM$2&(ROW())):INDIRECT(AM$3&(ROW())))) -> 1110462 | AN15: =SUM(INDIRECT(AN$1&AN$2&$C15):INDIRECT(AN$1&AN$3&$C15)) -> 941049.21 | AO15: =AM15-AN15 -> 169412.79 | AP15: =IFERROR(AM15/AN15,0) -> 1.1800254 | AQ15: =SUM(INDIRECT(AQ$1&AQ$2&$A15):INDIRECT(AQ$1&AQ$3&$A15))+SUM(INDIRECT(AQ$1&AQ$2&$B15):INDIRECT(AQ$1&AQ$3&$B15)) -> 648073 | AR15: =AM15-AQ15 -> 462389 | AS15: =IFERROR(AM15/AQ15,0) -> 1.7134829 | AU15: =SUM((INDIRECT(AU$2&(ROW())):INDIRECT(AU$3&(ROW())))) -> 1110462 | AV15: =SUM(INDIRECT(AV$1&AV$2&$C15):INDIRECT(AV$1&AV$3&$C15)) -> 941049.21 | AW15: =AU15-AV15 -> 169412.79 | AX15: =IFERROR(AU15/AV15,0) -> 1.1800254 | AY15: =SUM(INDIRECT(AY$1&AY$2&$A15):INDIRECT(AY$1&AY$3&$A15))+SUM(INDIRECT(AY$1&AY$2&$B15):INDIRECT(AY$1&AY$3&$B15)) -> 648073 | AZ15: =AU15-AY15 -> 462389 | BA15: =IFERROR(AU15/AY15,0) -> 1.7134829 | BC15: =SUM((INDIRECT(BC$2&(ROW())):INDIRECT(BC$3&(ROW())))) -> 1110462 | BD15: =SUM(INDIRECT(BD$1&BD$2&$C15):INDIRECT(BD$1&BD$3&$C15)) -> 941049.21 | BE15: =BC15-BD15 -> 169412.79 | BF15: =IFERROR(BC15/BD15,0) -> 1.1800254 | BG15: =SUM(INDIRECT(BG$1&BG$2&$A15):INDIRECT(BG$1&BG$3&$A15))+SUM(INDIRECT(BG$1&BG$2&$B15):INDIRECT(BG$1&BG$3&$B15)) -> 648073 | BH15: =BC15-BG15 -> 462389 | BI15: =IFERROR(BC15/BG15,0) -> 1.7134829
A16: =A15+1 -> 16 | B16: 1 | C16: =C15+1 -> 16 | D16: 1 | E16: RF | J16: Cost of Sales | R16: =CHOOSE(2, "6722000002626", "PL Statement Cost of Sales") -> PL Statement Cost of Sales | S16: =S14-S17 -> 705289 | T16: =T14-T17 -> 684483.68 | U16: =U14-U17 -> 622030.69 | V16: =V14-V17 -> 582012.76 | W16: =W14-W17 -> 696271.07 | X16: =X14-X17 -> 733242.62 | Y16: =Y14-Y17 -> 634209.72 | Z16: =Z14-Z17 -> 580906.96 | ... AD16: =AD14-AD17 -> 724852.6 | AE16: =SUM(S16,T16,U16) -> 2011803.4 | AF16: =SUM(V16,W16,X16) -> 2011526.5 | AG16: =SUM(Y16,Z16,AA16) -> 1859414.1 | AH16: =SUM(AB16,AC16,AD16) -> 2030943.2 | AI16: =AE16+AF16 -> 4023329.8 | AJ16: =AH16+AG16 -> 3890357.4 | AK16: =AI16+AJ16 -> 7913687.2 | AM16: =SUM((INDIRECT(AM$2&(ROW())):INDIRECT(AM$3&(ROW())))) -> 705289 | AN16: =SUM(INDIRECT(AN$1&AN$2&$C16):INDIRECT(AN$1&AN$3&$C16)) -> 602625.68 | AO16: =AM16-AN16 -> 102663.32 | AP16: =IFERROR(AM16/AN16,0) -> 1.17036 | AQ16: =SUM(INDIRECT(AQ$1&AQ$2&$A16):INDIRECT(AQ$1&AQ$3&$A16))+SUM(INDIRECT(AQ$1&AQ$2&$B16):INDIRECT(AQ$1&AQ$3&$B16)) -> 442381 | AR16: =AM16-AQ16 -> 262908 | AS16: =IFERROR(AM16/AQ16,0) -> 1.5943022 | AU16: =SUM((INDIRECT(AU$2&(ROW())):INDIRECT(AU$3&(ROW())))) -> 705289 | AV16: =SUM(INDIRECT(AV$1&AV$2&$C16):INDIRECT(AV$1&AV$3&$C16)) -> 602625.68 | AW16: =AU16-AV16 -> 102663.32 | AX16: =IFERROR(AU16/AV16,0) -> 1.17036 | AY16: =SUM(INDIRECT(AY$1&AY$2&$A16):INDIRECT(AY$1&AY$3&$A16))+SUM(INDIRECT(AY$1&AY$2&$B16):INDIRECT(AY$1&AY$3&$B16)) -> 442381 | AZ16: =AU16-AY16 -> 262908 | BA16: =IFERROR(AU16/AY16,0) -> 1.5943022 | BC16: =SUM((INDIRECT(BC$2&(ROW())):INDIRECT(BC$3&(ROW())))) -> 705289 | BD16: =SUM(INDIRECT(BD$1&BD$2&$C16):INDIRECT(BD$1&BD$3&$C16)) -> 602625.68 | BE16: =BC16-BD16 -> 102663.32 | BF16: =IFERROR(BC16/BD16,0) -> 1.17036 | BG16: =SUM(INDIRECT(BG$1&BG$2&$A16):INDIRECT(BG$1&BG$3&$A16))+SUM(INDIRECT(BG$1&BG$2&$B16):INDIRECT(BG$1&BG$3&$B16)) -> 442381 | BH16: =BC16-BG16 -> 262908 | BI16: =IFERROR(BC16/BG16,0) -> 1.5943022
A17: =A16+1 -> 17 | B17: 1 | C17: =C16+1 -> 17 | D17: 1 | E17: RF | J17: Gross Profit | R17: =CHOOSE(2, "6722000002625", "PL Statement Gross Profit") -> PL Statement Gross Profit | S17: =S81+S373+S176+S238+S310 -> 405173 | T17: =T81+T373+T176+T238+T310 -> 310855.78 | U17: =U81+U373+U176+U238+U310 -> 284082.61 | V17: =V81+V373+V176+V238+V310 -> 262494.54 | W17: =W81+W373+W176+W238+W310 -> 290038.19 | X17: =X81+X373+X176+X238+X310 -> 338555.99 | Y17: =Y81+Y373+Y176+Y238+Y310 -> 273314.68 | Z17: =Z81+Z373+Z176+Z238+Z310 -> 319036.9 | ... AD17: =AD81+AD373+AD176+AD238+AD310 -> 279350.53 | AE17: =SUM(S17,T17,U17) -> 1000111.4 | AF17: =SUM(V17,W17,X17) -> 891088.71 | AG17: =SUM(Y17,Z17,AA17) -> 905044.76 | AH17: =SUM(AB17,AC17,AD17) -> 982929.09 | AI17: =AE17+AF17 -> 1891200.1 | AJ17: =AH17+AG17 -> 1887973.9 | AK17: =AI17+AJ17 -> 3779174 | AM17: =SUM((INDIRECT(AM$2&(ROW())):INDIRECT(AM$3&(ROW())))) -> 405173 | AN17: =SUM(INDIRECT(AN$1&AN$2&$C17):INDIRECT(AN$1&AN$3&$C17)) -> 338423.53 | AO17: =AM17-AN17 -> 66749.474 | AP17: =IFERROR(AM17/AN17,0) -> 1.1972365 | AQ17: =SUM(INDIRECT(AQ$1&AQ$2&$A17):INDIRECT(AQ$1&AQ$3&$A17))+SUM(INDIRECT(AQ$1&AQ$2&$B17):INDIRECT(AQ$1&AQ$3&$B17)) -> 206874 | AR17: =AM17-AQ17 -> 198299 | AS17: =IFERROR(AM17/AQ17,0) -> 1.9585496 | AU17: =SUM((INDIRECT(AU$2&(ROW())):INDIRECT(AU$3&(ROW())))) -> 405173 | AV17: =SUM(INDIRECT(AV$1&AV$2&$C17):INDIRECT(AV$1&AV$3&$C17)) -> 338423.53 | AW17: =AU17-AV17 -> 66749.474 | AX17: =IFERROR(AU17/AV17,0) -> 1.1972365 | AY17: =SUM(INDIRECT(AY$1&AY$2&$A17):INDIRECT(AY$1&AY$3&$A17))+SUM(INDIRECT(AY$1&AY$2&$B17):INDIRECT(AY$1&AY$3&$B17)) -> 206874 | AZ17: =AU17-AY17 -> 198299 | BA17: =IFERROR(AU17/AY17,0) -> 1.9585496 | BC17: =SUM((INDIRECT(BC$2&(ROW())):INDIRECT(BC$3&(ROW())))) -> 405173 | BD17: =SUM(INDIRECT(BD$1&BD$2&$C17):INDIRECT(BD$1&BD$3&$C17)) -> 338423.53 | BE17: =BC17-BD17 -> 66749.474 | BF17: =IFERROR(BC17/BD17,0) -> 1.1972365 | BG17: =SUM(INDIRECT(BG$1&BG$2&$A17):INDIRECT(BG$1&BG$3&$A17))+SUM(INDIRECT(BG$1&BG$2&$B17):INDIRECT(BG$1&BG$3&$B17)) -> 206874 | BH17: =BC17-BG17 -> 198299 | BI17: =IFERROR(BC17/BG17,0) -> 1.9585496
A18: =A17+1 -> 18 | B18: 1 | C18: =C17+1 -> 18 | D18: 1 | E18: RF | Q18: (%) | R18: =CHOOSE(2, "6722000002624", "PL Statement Gross Profit (%)") -> PL Statement Gross Profit (%) | S18: =IFERROR(S17/S14,0) -> 0.36486886 | T18: =IFERROR(T17/T14,0) -> 0.31231132 | U18: =IFERROR(U17/U14,0) -> 0.31351776 | V18: =IFERROR(V17/V14,0) -> 0.31082566 | W18: =IFERROR(W17/W14,0) -> 0.29406414 | X18: =IFERROR(X17/X14,0) -> 0.3158765 | Y18: =IFERROR(Y17/Y14,0) -> 0.3011651 | Z18: =IFERROR(Z17/Z14,0) -> 0.35450756 | ... AK18: =IFERROR(AK17/AK14,0) -> 0.32320353 | AM18: =IFERROR(AM17/AM14,0) -> 0.36486886 | AN18: =IFERROR(AN17/AN14,0) -> 0.35962362 | AO18: =AM18-AN18 -> 0.0052452336 | AQ18: =IFERROR(AQ17/AQ14,0) -> 0.31863289 | AR18: =AM18-AQ18 -> 0.046235962 | AU18: =IFERROR(AU17/AU14,0) -> 0.36486886 | AV18: =IFERROR(AV17/AV14,0) -> 0.35962362 | AW18: =AU18-AV18 -> 0.0052452336 | AY18: =IFERROR(AY17/AY14,0) -> 0.31863289 | AZ18: =AU18-AY18 -> 0.046235962 | BC18: =IFERROR(BC17/BC14,0) -> 0.36486886 | BD18: =IFERROR(BD17/BD14,0) -> 0.35962362 | BE18: =BC18-BD18 -> 0.0052452336 | BG18: =IFERROR(BG17/BG14,0) -> 0.31863289 | BH18: =BC18-BG18 -> 0.046235962
A19: =A18+1 -> 19 | B19: 1 | C19: =C18+1 -> 19 | D19: 1 | E19: RF | J19: SGA Expenses | R19: =CHOOSE(2, "6722000002623", "PL Statement SGA") -> PL Statement SGA | S19: =S21+S22+S23 -> 260707.81 | T19: =T21+T22+T23 -> 226573.2 | U19: =U21+U22+U23 -> 197639.74 | V19: =V21+V22+V23 -> 188320.64 | W19: =W21+W22+W23 -> 207707.18 | X19: =X21+X22+X23 -> 226229.85 | Y19: =Y21+Y22+Y23 -> 183224.49 | Z19: =Z21+Z22+Z23 -> 240369.14 | ... AD19: =AD21+AD22+AD23 -> 185329.46 | AE19: =SUM(S19,T19,U19) -> 684920.75 | AF19: =SUM(V19,W19,X19) -> 622257.67 | AG19: =SUM(Y19,Z19,AA19) -> 659122.67 | AH19: =SUM(AB19,AC19,AD19) -> 704426.66 | AI19: =AE19+AF19 -> 1307178.4 | AJ19: =AH19+AG19 -> 1363549.3 | AK19: =AI19+AJ19 -> 2670727.7 | AM19: =SUM((INDIRECT(AM$2&(ROW())):INDIRECT(AM$3&(ROW())))) -> 260707.81 | AN19: =SUM(INDIRECT(AN$1&AN$2&$C19):INDIRECT(AN$1&AN$3&$C19)) -> 195944.54 | AO19: =AM19-AN19 -> 64763.274 | AP19: =IFERROR(AM19/AN19,0) -> 1.3305184 | AQ19: =SUM(INDIRECT(AQ$1&AQ$2&$A19):INDIRECT(AQ$1&AQ$3&$A19))+SUM(INDIRECT(AQ$1&AQ$2&$B19):INDIRECT(AQ$1&AQ$3&$B19)) -> 162497 | AR19: =AM19-AQ19 -> 98210.809 | AS19: =IFERROR(AM19/AQ19,0) -> 1.6043854 | AU19: =SUM((INDIRECT(AU$2&(ROW())):INDIRECT(AU$3&(ROW())))) -> 260707.81 | AV19: =SUM(INDIRECT(AV$1&AV$2&$C19):INDIRECT(AV$1&AV$3&$C19)) -> 195944.54 | AW19: =AU19-AV19 -> 64763.274 | AX19: =IFERROR(AU19/AV19,0) -> 1.3305184 | AY19: =SUM(INDIRECT(AY$1&AY$2&$A19):INDIRECT(AY$1&AY$3&$A19))+SUM(INDIRECT(AY$1&AY$2&$B19):INDIRECT(AY$1&AY$3&$B19)) -> 162497 | AZ19: =AU19-AY19 -> 98210.809 | BA19: =IFERROR(AU19/AY19,0) -> 1.6043854 | BC19: =SUM((INDIRECT(BC$2&(ROW())):INDIRECT(BC$3&(ROW())))) -> 260707.81 | BD19: =SUM(INDIRECT(BD$1&BD$2&$C19):INDIRECT(BD$1&BD$3&$C19)) -> 195944.54 | BE19: =BC19-BD19 -> 64763.274 | BF19: =IFERROR(BC19/BD19,0) -> 1.3305184 | BG19: =SUM(INDIRECT(BG$1&BG$2&$A19):INDIRECT(BG$1&BG$3&$A19))+SUM(INDIRECT(BG$1&BG$2&$B19):INDIRECT(BG$1&BG$3&$B19)) -> 162497 | BH19: =BC19-BG19 -> 98210.809 | BI19: =IFERROR(BC19/BG19,0) -> 1.6043854
A20: =A19+1 -> 20 | B20: 1 | C20: =C19+1 -> 20 | D20: 1 | E20: RF | Q20: (%) | R20: =CHOOSE(2, "6722000002622", "PL Statement SGA (%)") -> PL Statement SGA (%) | S20: =IFERROR(S19/S14,0) -> 0.23477418 | T20: =IFERROR(T19/T14,0) -> 0.2276341 | U20: =IFERROR(U19/U14,0) -> 0.21811813 | V20: =IFERROR(V19/V14,0) -> 0.22299469 | W20: =IFERROR(W19/W14,0) -> 0.21059032 | X20: =IFERROR(X19/X14,0) -> 0.21107496 | Y20: =IFERROR(Y19/Y14,0) -> 0.20189483 | Z20: =IFERROR(Z19/Z14,0) -> 0.26709348 | ... AK20: =IFERROR(AK19/AK14,0) -> 0.22840669 | AM20: =INDIRECT(AM$2&ROW()) -> 0.23477418 | AN20: =IFERROR(AN19/AN14,0) -> 0.20821922 | AO20: =AM20-AN20 -> 0.02655496 | AQ20: =IFERROR(AQ19/AQ14,0) -> 0.25028225 | AR20: =AM20-AQ20 -> -0.015508063 | AU20: =INDIRECT(AU$2&ROW()) -> 0.23477418 | AV20: =IFERROR(AV19/AV14,0) -> 0.20821922 | AW20: =AU20-AV20 -> 0.02655496 | AY20: =IFERROR(AY19/AY14,0) -> 0.25028225 | AZ20: =AU20-AY20 -> -0.015508063 | BC20: =IFERROR(BC19/BC14,0) -> 0.23477418 | BD20: =IFERROR(BD19/BD14,0) -> 0.20821922 | BE20: =BC20-BD20 -> 0.02655496 | BG20: =IFERROR(BG19/BG14,0) -> 0.25028225 | BH20: =BC20-BG20 -> -0.015508063
A21: =A20+1 -> 21 | B21: 1 | C21: =C20+1 -> 21 | D21: 1 | E21: RF | K21: Variable Expenses | R21: =CHOOSE(2, "6722000002621", "PL Statement SGA Variable Expenses") -> PL Statement SGA Variable Expenses | S21: =S83+S187+S269+S332+S394 -> 86966.52 | T21: =T83+T187+T269+T332+T394 -> 58635.766 | U21: =U83+U187+U269+U332+U394 -> 111747.63 | V21: =V83+V187+V269+V332+V394 -> 67890.918 | W21: =W83+W187+W269+W332+W394 -> 86236.984 | X21: =X83+X187+X269+X332+X394 -> 103191.27 | Y21: =Y83+Y187+Y269+Y332+Y394 -> 65990.168 | Z21: =Z83+Z187+Z269+Z332+Z394 -> 85327.275 | ... AD21: =AD83+AD187+AD269+AD332+AD394 -> 98908.033 | AE21: =SUM(S21,T21,U21) -> 257349.91 | AF21: =SUM(V21,W21,X21) -> 257319.17 | AG21: =SUM(Y21,Z21,AA21) -> 200724.89 | AH21: =SUM(AB21,AC21,AD21) -> 282773.99 | AI21: =AE21+AF21 -> 514669.08 | AJ21: =AH21+AG21 -> 483498.87 | AK21: =AI21+AJ21 -> 998167.96 | AM21: =SUM((INDIRECT(AM$2&(ROW())):INDIRECT(AM$3&(ROW())))) -> 86966.52 | AN21: =SUM(INDIRECT(AN$1&AN$2&$C21):INDIRECT(AN$1&AN$3&$C21)) -> 78754.736 | AO21: =AM21-AN21 -> 8211.7837 | AP21: =IFERROR(AM21/AN21,0) -> 1.1042703 | AQ21: =SUM(INDIRECT(AQ$1&AQ$2&$A21):INDIRECT(AQ$1&AQ$3&$A21))+SUM(INDIRECT(AQ$1&AQ$2&$B21):INDIRECT(AQ$1&AQ$3&$B21)) -> 61663 | AR21: =AM21-AQ21 -> 25303.52 | AS21: =IFERROR(AM21/AQ21,0) -> 1.4103518 | AU21: =SUM((INDIRECT(AU$2&(ROW())):INDIRECT(AU$3&(ROW())))) -> 86966.52 | AV21: =SUM(INDIRECT(AV$1&AV$2&$C21):INDIRECT(AV$1&AV$3&$C21)) -> 78754.736 | AW21: =AU21-AV21 -> 8211.7837 | AX21: =IFERROR(AU21/AV21,0) -> 1.1042703 | AY21: =SUM(INDIRECT(AY$1&AY$2&$A21):INDIRECT(AY$1&AY$3&$A21))+SUM(INDIRECT(AY$1&AY$2&$B21):INDIRECT(AY$1&AY$3&$B21)) -> 61663 | AZ21: =AU21-AY21 -> 25303.52 | BA21: =IFERROR(AU21/AY21,0) -> 1.4103518 | BC21: =SUM((INDIRECT(BC$2&(ROW())):INDIRECT(BC$3&(ROW())))) -> 86966.52 | BD21: =SUM(INDIRECT(BD$1&BD$2&$C21):INDIRECT(BD$1&BD$3&$C21)) -> 78754.736 | BE21: =BC21-BD21 -> 8211.7837 | BF21: =IFERROR(BC21/BD21,0) -> 1.1042703 | BG21: =SUM(INDIRECT(BG$1&BG$2&$A21):INDIRECT(BG$1&BG$3&$A21))+SUM(INDIRECT(BG$1&BG$2&$B21):INDIRECT(BG$1&BG$3&$B21)) -> 61663 | BH21: =BC21-BG21 -> 25303.52 | BI21: =IFERROR(BC21/BG21,0) -> 1.4103518
A22: =A21+1 -> 22 | B22: 1 | C22: =C21+1 -> 22 | D22: 1 | E22: RF | K22: Wages & Salaries | R22: =CHOOSE(2, "6722000002620", "PL Statement SGA Wages & Salaries") -> PL Statement SGA Wages & Salaries | S22: =S84+S188+S270+S333+S395 -> 63320.325 | T22: =T84+T188+T270+T333+T395 -> 70379 | U22: =U84+U188+U270+U333+U395 -> 70105.612 | V22: =V84+V188+V270+V333+V395 -> 65530.81 | W22: =W84+W188+W270+W333+W395 -> 65235.103 | X22: =X84+X188+X270+X333+X395 -> 61425.208 | Y22: =Y84+Y188+Y270+Y333+Y395 -> 63301.379 | Z22: =Z84+Z188+Z270+Z333+Z395 -> 71595.816 | ... AD22: =AD84+AD188+AD270+AD333+AD395 -> 72003.691 | AE22: =SUM(S22,T22,U22) -> 203804.94 | AF22: =SUM(V22,W22,X22) -> 192191.12 | AG22: =SUM(Y22,Z22,AA22) -> 212871.3 | AH22: =SUM(AB22,AC22,AD22) -> 235659.65 | AI22: =AE22+AF22 -> 395996.06 | AJ22: =AH22+AG22 -> 448530.96 | AK22: =AI22+AJ22 -> 844527.02 | AM22: =SUM((INDIRECT(AM$2&(ROW())):INDIRECT(AM$3&(ROW())))) -> 63320.325 | AN22: =SUM(INDIRECT(AN$1&AN$2&$C22):INDIRECT(AN$1&AN$3&$C22)) -> 65931.967 | AO22: =AM22-AN22 -> -2611.6424 | AP22: =IFERROR(AM22/AN22,0) -> 0.96038883 | AQ22: =SUM(INDIRECT(AQ$1&AQ$2&$A22):INDIRECT(AQ$1&AQ$3&$A22))+SUM(INDIRECT(AQ$1&AQ$2&$B22):INDIRECT(AQ$1&AQ$3&$B22)) -> 57082 | AR22: =AM22-AQ22 -> 6238.3246 | AS22: =IFERROR(AM22/AQ22,0) -> 1.1092871 | AU22: =SUM((INDIRECT(AU$2&(ROW())):INDIRECT(AU$3&(ROW())))) -> 63320.325 | AV22: =SUM(INDIRECT(AV$1&AV$2&$C22):INDIRECT(AV$1&AV$3&$C22)) -> 65931.967 | AW22: =AU22-AV22 -> -2611.6424 | AX22: =IFERROR(AU22/AV22,0) -> 0.96038883 | AY22: =SUM(INDIRECT(AY$1&AY$2&$A22):INDIRECT(AY$1&AY$3&$A22))+SUM(INDIRECT(AY$1&AY$2&$B22):INDIRECT(AY$1&AY$3&$B22)) -> 57082 | AZ22: =AU22-AY22 -> 6238.3246 | BA22: =IFERROR(AU22/AY22,0) -> 1.1092871 | BC22: =SUM((INDIRECT(BC$2&(ROW())):INDIRECT(BC$3&(ROW())))) -> 63320.325 | BD22: =SUM(INDIRECT(BD$1&BD$2&$C22):INDIRECT(BD$1&BD$3&$C22)) -> 65931.967 | BE22: =BC22-BD22 -> -2611.6424 | BF22: =IFERROR(BC22/BD22,0) -> 0.96038883 | BG22: =SUM(INDIRECT(BG$1&BG$2&$A22):INDIRECT(BG$1&BG$3&$A22))+SUM(INDIRECT(BG$1&BG$2&$B22):INDIRECT(BG$1&BG$3&$B22)) -> 57082 | BH22: =BC22-BG22 -> 6238.3246 | BI22: =IFERROR(BC22/BG22,0) -> 1.1092871
A23: =A22+1 -> 23 | B23: 1 | C23: =C22+1 -> 23 | D23: 1 | E23: RF | K23: Fixed Expenses | R23: =CHOOSE(2, "6722000002619", "PL Statement SGA Fixed Expenses") -> PL Statement SGA Fixed Expenses | S23: =S85+S189+S271+S334+S396 -> 110420.96 | T23: =T85+T189+T271+T334+T396 -> 97558.434 | U23: =U85+U189+U271+U334+U396 -> 15786.501 | V23: =V85+V189+V271+V334+V396 -> 54898.915 | W23: =W85+W189+W271+W334+W396 -> 56235.094 | X23: =X85+X189+X271+X334+X396 -> 61613.372 | Y23: =Y85+Y189+Y271+Y334+Y396 -> 53932.941 | Z23: =Z85+Z189+Z271+Z334+Z396 -> 83446.046 | ... AD23: =AD85+AD189+AD271+AD334+AD396 -> 14417.735 | AE23: =SUM(S23,T23,U23) -> 223765.9 | AF23: =SUM(V23,W23,X23) -> 172747.38 | AG23: =SUM(Y23,Z23,AA23) -> 245526.48 | AH23: =SUM(AB23,AC23,AD23) -> 185993.01 | AI23: =AE23+AF23 -> 396513.28 | AJ23: =AH23+AG23 -> 431519.5 | AK23: =AI23+AJ23 -> 828032.78 | AM23: =SUM((INDIRECT(AM$2&(ROW())):INDIRECT(AM$3&(ROW())))) -> 110420.96 | AN23: =SUM(INDIRECT(AN$1&AN$2&$C23):INDIRECT(AN$1&AN$3&$C23)) -> 51257.832 | AO23: =AM23-AN23 -> 59163.132 | AP23: =IFERROR(AM23/AN23,0) -> 2.1542262 | AQ23: =SUM(INDIRECT(AQ$1&AQ$2&$A23):INDIRECT(AQ$1&AQ$3&$A23))+SUM(INDIRECT(AQ$1&AQ$2&$B23):INDIRECT(AQ$1&AQ$3&$B23)) -> 43752 | AR23: =AM23-AQ23 -> 66668.964 | AS23: =IFERROR(AM23/AQ23,0) -> 2.5237924 | AU23: =SUM((INDIRECT(AU$2&(ROW())):INDIRECT(AU$3&(ROW())))) -> 110420.96 | AV23: =SUM(INDIRECT(AV$1&AV$2&$C23):INDIRECT(AV$1&AV$3&$C23)) -> 51257.832 | AW23: =AU23-AV23 -> 59163.132 | AX23: =IFERROR(AU23/AV23,0) -> 2.1542262 | AY23: =SUM(INDIRECT(AY$1&AY$2&$A23):INDIRECT(AY$1&AY$3&$A23))+SUM(INDIRECT(AY$1&AY$2&$B23):INDIRECT(AY$1&AY$3&$B23)) -> 43752 | AZ23: =AU23-AY23 -> 66668.964 | BA23: =IFERROR(AU23/AY23,0) -> 2.5237924 | BC23: =SUM((INDIRECT(BC$2&(ROW())):INDIRECT(BC$3&(ROW())))) -> 110420.96 | BD23: =SUM(INDIRECT(BD$1&BD$2&$C23):INDIRECT(BD$1&BD$3&$C23)) -> 51257.832 | BE23: =BC23-BD23 -> 59163.132 | BF23: =IFERROR(BC23/BD23,0) -> 2.1542262 | BG23: =SUM(INDIRECT(BG$1&BG$2&$A23):INDIRECT(BG$1&BG$3&$A23))+SUM(INDIRECT(BG$1&BG$2&$B23):INDIRECT(BG$1&BG$3&$B23)) -> 43752 | BH23: =BC23-BG23 -> 66668.964 | BI23: =IFERROR(BC23/BG23,0) -> 2.5237924
A24: =A23+1 -> 24 | B24: 1 | C24: =C23+1 -> 24 | D24: 1 | E24: RF | J24: Business Contribution Profit | R24: =CHOOSE(2, "6722000002618", "PL Statement BCP") -> PL Statement BCP | S24: =S17-S19 -> 144465.19 | T24: =T17-T19 -> 84282.583 | U24: =U17-U19 -> 86442.869 | V24: =V17-V19 -> 74173.893 | W24: =W17-W19 -> 82331.004 | X24: =X17-X19 -> 112326.14 | Y24: =Y17-Y19 -> 90090.193 | Z24: =Z17-Z19 -> 78667.763 | ... AD24: =AD17-AD19 -> 94021.07 | AE24: =SUM(S24,T24,U24) -> 315190.64 | AF24: =SUM(V24,W24,X24) -> 268831.04 | AG24: =SUM(Y24,Z24,AA24) -> 245922.09 | AH24: =SUM(AB24,AC24,AD24) -> 278502.43 | AI24: =AE24+AF24 -> 584021.68 | AJ24: =AH24+AG24 -> 524424.53 | AK24: =AI24+AJ24 -> 1108446.2 | AM24: =SUM((INDIRECT(AM$2&(ROW())):INDIRECT(AM$3&(ROW())))) -> 144465.19 | AN24: =SUM(INDIRECT(AN$1&AN$2&$C24):INDIRECT(AN$1&AN$3&$C24)) -> 142478.99 | AO24: =AM24-AN24 -> 1986.1999 | AP24: =IFERROR(AM24/AN24,0) -> 1.0139403 | AQ24: =SUM(INDIRECT(AQ$1&AQ$2&$A24):INDIRECT(AQ$1&AQ$3&$A24))+SUM(INDIRECT(AQ$1&AQ$2&$B24):INDIRECT(AQ$1&AQ$3&$B24)) -> 44377 | AR24: =AM24-AQ24 -> 100088.19 | AS24: =IFERROR(AM24/AQ24,0) -> 3.2554069 | AU24: =SUM((INDIRECT(AU$2&(ROW())):INDIRECT(AU$3&(ROW())))) -> 144465.19 | AV24: =SUM(INDIRECT(AV$1&AV$2&$C24):INDIRECT(AV$1&AV$3&$C24)) -> 142478.99 | AW24: =AU24-AV24 -> 1986.1999 | AX24: =IFERROR(AU24/AV24,0) -> 1.0139403 | AY24: =SUM(INDIRECT(AY$1&AY$2&$A24):INDIRECT(AY$1&AY$3&$A24))+SUM(INDIRECT(AY$1&AY$2&$B24):INDIRECT(AY$1&AY$3&$B24)) -> 44377 | AZ24: =AU24-AY24 -> 100088.19 | BA24: =IFERROR(AU24/AY24,0) -> 3.2554069 | BC24: =SUM((INDIRECT(BC$2&(ROW())):INDIRECT(BC$3&(ROW())))) -> 144465.19 | BD24: =SUM(INDIRECT(BD$1&BD$2&$C24):INDIRECT(BD$1&BD$3&$C24)) -> 142478.99 | BE24: =BC24-BD24 -> 1986.1999 | BF24: =IFERROR(BC24/BD24,0) -> 1.0139403 | BG24: =SUM(INDIRECT(BG$1&BG$2&$A24):INDIRECT(BG$1&BG$3&$A24))+SUM(INDIRECT(BG$1&BG$2&$B24):INDIRECT(BG$1&BG$3&$B24)) -> 44377 | BH24: =BC24-BG24 -> 100088.19 | BI24: =IFERROR(BC24/BG24,0) -> 3.2554069
A25: =A24+1 -> 25 | B25: 1 | C25: =C24+1 -> 25 | D25: 1 | E25: RF | Q25: (%) | R25: =CHOOSE(2, "6722000002617", "PL Statement BCP (%)") -> PL Statement BCP (%) | S25: =IFERROR(S24/S14,0) -> 0.13009467 | T25: =IFERROR(T24/T14,0) -> 0.084677224 | U25: =IFERROR(U24/U14,0) -> 0.095399625 | V25: =IFERROR(V24/V14,0) -> 0.087830967 | W25: =IFERROR(W24/W14,0) -> 0.083473823 | X25: =IFERROR(X24/X14,0) -> 0.10480154 | Y25: =IFERROR(Y24/Y14,0) -> 0.099270271 | Z25: =IFERROR(Z24/Z14,0) -> 0.087414078 | ... AK25: =IFERROR(AK24/AK14,0) -> 0.094796833 | AM25: =IFERROR(AM24/AM14,0) -> 0.13009467 | AN25: =IFERROR(AN24/AN14,0) -> 0.1514044 | AO25: =AM25-AN25 -> -0.021309727 | AQ25: =IFERROR(AQ24/AQ14,0) -> 0.068350648 | AR25: =AM25-AQ25 -> 0.061744025 | AU25: =IFERROR(AU24/AU14,0) -> 0.13009467 | AV25: =IFERROR(AV24/AV14,0) -> 0.1514044 | AW25: =AU25-AV25 -> -0.021309727 | AY25: =IFERROR(AY24/AY14,0) -> 0.068350648 | AZ25: =AU25-AY25 -> 0.061744025 | BC25: =IFERROR(BC24/BC14,0) -> 0.13009467 | BD25: =IFERROR(BD24/BD14,0) -> 0.1514044 | BE25: =BC25-BD25 -> -0.021309727 | BG25: =IFERROR(BG24/BG14,0) -> 0.068350648 | BH25: =BC25-BG25 -> 0.061744025
A26: =A25+1 -> 26 | B26: 1 | C26: =C25+1 -> 26 | D26: 1 | E26: RF | J26: Other Income | R26: =CHOOSE(2, "6722000002616", "PL Statement Other Income") -> PL Statement Other Income | S26: =S87+S417+S192+S274+S337 -> 1465 | T26: =T87+T417+T192+T274+T337 -> 3570 | U26: =U87+U417+U192+U274+U337 -> 1463 | V26: =V87+V417+V192+V274+V337 -> 2188 | W26: =W87+W417+W192+W274+W337 -> 1450 | X26: =X87+X417+X192+X274+X337 -> 1389 | Y26: =Y87+Y417+Y192+Y274+Y337 -> 2530.5748 | Z26: =Z87+Z417+Z192+Z274+Z337 -> 2736.2131 | ... AD26: =AD87+AD417+AD192+AD274+AD337 -> 6234.7176 | AE26: =SUM(S26,T26,U26) -> 6498 | AF26: =SUM(V26,W26,X26) -> 5027 | AG26: =SUM(Y26,Z26,AA26) -> 7450.3265 | AH26: =SUM(AB26,AC26,AD26) -> 10159.301 | AI26: =AE26+AF26 -> 11525 | AJ26: =AH26+AG26 -> 17609.627 | AK26: =AI26+AJ26 -> 29134.627 | AM26: =SUM((INDIRECT(AM$2&(ROW())):INDIRECT(AM$3&(ROW())))) -> 1465 | AN26: =SUM(INDIRECT(AN$1&AN$2&$C26):INDIRECT(AN$1&AN$3&$C26)) -> 0 | AO26: =AM26-AN26 -> 1465 | AP26: =IFERROR(AM26/AN26,0) -> 0 | AQ26: =SUM(INDIRECT(AQ$1&AQ$2&$A26):INDIRECT(AQ$1&AQ$3&$A26))+SUM(INDIRECT(AQ$1&AQ$2&$B26):INDIRECT(AQ$1&AQ$3&$B26)) -> 9951 | AR26: =AM26-AQ26 -> -8486 | AS26: =IFERROR(AM26/AQ26,0) -> 0.14722138 | AU26: =SUM((INDIRECT(AU$2&(ROW())):INDIRECT(AU$3&(ROW())))) -> 1465 | AV26: =SUM(INDIRECT(AV$1&AV$2&$C26):INDIRECT(AV$1&AV$3&$C26)) -> 0 | AW26: =AU26-AV26 -> 1465 | AX26: =IFERROR(AU26/AV26,0) -> 0 | AY26: =SUM(INDIRECT(AY$1&AY$2&$A26):INDIRECT(AY$1&AY$3&$A26))+SUM(INDIRECT(AY$1&AY$2&$B26):INDIRECT(AY$1&AY$3&$B26)) -> 9951 | AZ26: =AU26-AY26 -> -8486 | BA26: =IFERROR(AU26/AY26,0) -> 0.14722138 | BC26: =SUM((INDIRECT(BC$2&(ROW())):INDIRECT(BC$3&(ROW())))) -> 1465 | BD26: =SUM(INDIRECT(BD$1&BD$2&$C26):INDIRECT(BD$1&BD$3&$C26)) -> 0 | BE26: =BC26-BD26 -> 1465 | BF26: =IFERROR(BC26/BD26,0) -> 0 | BG26: =SUM(INDIRECT(BG$1&BG$2&$A26):INDIRECT(BG$1&BG$3&$A26))+SUM(INDIRECT(BG$1&BG$2&$B26):INDIRECT(BG$1&BG$3&$B26)) -> 9951 | BH26: =BC26-BG26 -> -8486 | BI26: =IFERROR(BC26/BG26,0) -> 0.14722138
A27: =A26+1 -> 27 | B27: 1 | C27: =C26+1 -> 27 | D27: 1 | E27: RF | J27: Other Expenses | R27: =CHOOSE(2, "6722000002615", "PL Statement Other Expenses") -> PL Statement Other Expenses | S27: =S88+S418+S193+S275+S338 -> 0 | T27: =T88+T418+T193+T275+T338 -> 0 | U27: =U88+U418+U193+U275+U338 -> 0 | V27: =V88+V418+V193+V275+V338 -> 0 | W27: =W88+W418+W193+W275+W338 -> 0 | X27: =X88+X418+X193+X275+X338 -> 0 | Y27: =Y88+Y418+Y193+Y275+Y338 -> 0 | Z27: =Z88+Z418+Z193+Z275+Z338 -> 0 | ... AD27: =AD88+AD418+AD193+AD275+AD338 -> 0 | AE27: =SUM(S27,T27,U27) -> 0 | AF27: =SUM(V27,W27,X27) -> 0 | AG27: =SUM(Y27,Z27,AA27) -> 0 | AH27: =SUM(AB27,AC27,AD27) -> 0 | AI27: =AE27+AF27 -> 0 | AJ27: =AH27+AG27 -> 0 | AK27: =AI27+AJ27 -> 0 | AM27: =SUM((INDIRECT(AM$2&(ROW())):INDIRECT(AM$3&(ROW())))) -> 0 | AN27: =SUM(INDIRECT(AN$1&AN$2&$C27):INDIRECT(AN$1&AN$3&$C27)) -> 0 | AO27: =AM27-AN27 -> 0 | AP27: =IFERROR(AM27/AN27,0) -> 0 | AQ27: =SUM(INDIRECT(AQ$1&AQ$2&$A27):INDIRECT(AQ$1&AQ$3&$A27))+SUM(INDIRECT(AQ$1&AQ$2&$B27):INDIRECT(AQ$1&AQ$3&$B27)) -> 0 | AR27: =AM27-AQ27 -> 0 | AS27: =IFERROR(AM27/AQ27,0) -> 0 | AU27: =SUM((INDIRECT(AU$2&(ROW())):INDIRECT(AU$3&(ROW())))) -> 0 | AV27: =SUM(INDIRECT(AV$1&AV$2&$C27):INDIRECT(AV$1&AV$3&$C27)) -> 0 | AW27: =AU27-AV27 -> 0 | AX27: =IFERROR(AU27/AV27,0) -> 0 | AY27: =SUM(INDIRECT(AY$1&AY$2&$A27):INDIRECT(AY$1&AY$3&$A27))+SUM(INDIRECT(AY$1&AY$2&$B27):INDIRECT(AY$1&AY$3&$B27)) -> 0 | AZ27: =AU27-AY27 -> 0 | BA27: =IFERROR(AU27/AY27,0) -> 0 | BC27: =SUM((INDIRECT(BC$2&(ROW())):INDIRECT(BC$3&(ROW())))) -> 0 | BD27: =SUM(INDIRECT(BD$1&BD$2&$C27):INDIRECT(BD$1&BD$3&$C27)) -> 0 | BE27: =BC27-BD27 -> 0 | BF27: =IFERROR(BC27/BD27,0) -> 0 | BG27: =SUM(INDIRECT(BG$1&BG$2&$A27):INDIRECT(BG$1&BG$3&$A27))+SUM(INDIRECT(BG$1&BG$2&$B27):INDIRECT(BG$1&BG$3&$B27)) -> 0 | BH27: =BC27-BG27 -> 0 | BI27: =IFERROR(BC27/BG27,0) -> 0
A28: =A27+1 -> 28 | B28: 1 | C28: =C27+1 -> 28 | D28: 1 | E28: RF | J28: Operating Profit | R28: =CHOOSE(2, "6722000002614", "PL Statement Operating Profit") -> PL Statement Operating Profit | S28: =S24+S26-S27 -> 145930.19 | T28: =T24+T26-T27 -> 87852.583 | U28: =U24+U26-U27 -> 87905.869 | V28: =V24+V26-V27 -> 76361.893 | W28: =W24+W26-W27 -> 83781.004 | X28: =X24+X26-X27 -> 113715.14 | Y28: =Y24+Y26-Y27 -> 92620.768 | Z28: =Z24+Z26-Z27 -> 81403.976 | ... AD28: =AD24+AD26-AD27 -> 100255.79 | AE28: =SUM(S28,T28,U28) -> 321688.64 | AF28: =SUM(V28,W28,X28) -> 273858.04 | AG28: =SUM(Y28,Z28,AA28) -> 253372.42 | AH28: =SUM(AB28,AC28,AD28) -> 288661.73 | AI28: =AE28+AF28 -> 595546.68 | AJ28: =AH28+AG28 -> 542034.15 | AK28: =AI28+AJ28 -> 1137580.8 | AM28: =SUM((INDIRECT(AM$2&(ROW())):INDIRECT(AM$3&(ROW())))) -> 145930.19 | AN28: =SUM(INDIRECT(AN$1&AN$2&$C28):INDIRECT(AN$1&AN$3&$C28)) -> 142478.99 | AO28: =AM28-AN28 -> 3451.1999 | AP28: =IFERROR(AM28/AN28,0) -> 1.0242225 | AQ28: =SUM(INDIRECT(AQ$1&AQ$2&$A28):INDIRECT(AQ$1&AQ$3&$A28))+SUM(INDIRECT(AQ$1&AQ$2&$B28):INDIRECT(AQ$1&AQ$3&$B28)) -> 54328 | AR28: =AM28-AQ28 -> 91602.191 | AS28: =IFERROR(AM28/AQ28,0) -> 2.6860954 | AU28: =SUM((INDIRECT(AU$2&(ROW())):INDIRECT(AU$3&(ROW())))) -> 145930.19 | AV28: =SUM(INDIRECT(AV$1&AV$2&$C28):INDIRECT(AV$1&AV$3&$C28)) -> 142478.99 | AW28: =AU28-AV28 -> 3451.1999 | AX28: =IFERROR(AU28/AV28,0) -> 1.0242225 | AY28: =SUM(INDIRECT(AY$1&AY$2&$A28):INDIRECT(AY$1&AY$3&$A28))+SUM(INDIRECT(AY$1&AY$2&$B28):INDIRECT(AY$1&AY$3&$B28)) -> 54328 | AZ28: =AU28-AY28 -> 91602.191 | BA28: =IFERROR(AU28/AY28,0) -> 2.6860954 | BC28: =SUM((INDIRECT(BC$2&(ROW())):INDIRECT(BC$3&(ROW())))) -> 145930.19 | BD28: =SUM(INDIRECT(BD$1&BD$2&$C28):INDIRECT(BD$1&BD$3&$C28)) -> 142478.99 | BE28: =BC28-BD28 -> 3451.1999 | BF28: =IFERROR(BC28/BD28,0) -> 1.0242225 | BG28: =SUM(INDIRECT(BG$1&BG$2&$A28):INDIRECT(BG$1&BG$3&$A28))+SUM(INDIRECT(BG$1&BG$2&$B28):INDIRECT(BG$1&BG$3&$B28)) -> 54328 | BH28: =BC28-BG28 -> 91602.191 | BI28: =IFERROR(BC28/BG28,0) -> 2.6860954
A29: =A28+1 -> 29 | B29: 1 | C29: =C28+1 -> 29 | D29: 1 | E29: RF | Q29: (%) | R29: =CHOOSE(2, "6722000002613", "PL Statement Operating Profit (%)") -> PL Statement Operating Profit (%) | S29: =IFERROR(S28/S14,0) -> 0.13141394 | T29: =IFERROR(T28/T14,0) -> 0.08826394 | U29: =IFERROR(U28/U14,0) -> 0.097014214 | V29: =IFERROR(V28/V14,0) -> 0.090421827 | W29: =IFERROR(W28/W14,0) -> 0.08494395 | X29: =IFERROR(X28/X14,0) -> 0.10609749 | Y29: =IFERROR(Y28/Y14,0) -> 0.10205871 | Z29: =IFERROR(Z28/Z14,0) -> 0.090454504 | ... AK29: =IFERROR(AK28/AK14,0) -> 0.097288493 | AM29: =IFERROR(AM28/AM14,0) -> 0.13141394 | AN29: =IFERROR(AN28/AN14,0) -> 0.1514044 | AO29: =AM29-AN29 -> -0.019990456 | AQ29: =IFERROR(AQ28/AQ14,0) -> 0.083677446 | AR29: =AM29-AQ29 -> 0.047736498 | AU29: =IFERROR(AU28/AU14,0) -> 0.13141394 | AV29: =IFERROR(AV28/AV14,0) -> 0.1514044 | AW29: =AU29-AV29 -> -0.019990456 | AY29: =IFERROR(AY28/AY14,0) -> 0.083677446 | AZ29: =AU29-AY29 -> 0.047736498 | BC29: =IFERROR(BC28/BC14,0) -> 0.13141394 | BD29: =IFERROR(BD28/BD14,0) -> 0.1514044 | BE29: =BC29-BD29 -> -0.019990456 | BG29: =IFERROR(BG28/BG14,0) -> 0.083677446 | BH29: =BC29-BG29 -> 0.047736498
A30: =A29+1 -> 30 | B30: 1 | C30: =C29+1 -> 30 | D30: 1 | E30: RF | J30: Financial Income (Expenses), net | R30: =CHOOSE(2, "6722000002612", "PL Statement Financial Income/Expenses") -> PL Statement Financial Income/Expenses | S30: =S31-S32 -> 17132 | T30: =T31-T32 -> 16223 | U30: =U31-U32 -> 17280 | V30: =V31-V32 -> 18309 | W30: =W31-W32 -> 14086 | X30: =X31-X32 -> 12995 | Y30: =Y31-Y32 -> 21648 | Z30: =Z31-Z32 -> 15369.527 | ... AD30: =AD31-AD32 -> 68779.576 | AE30: =SUM(S30,T30,U30) -> 50635 | AF30: =SUM(V30,W30,X30) -> 45390 | AG30: =SUM(Y30,Z30,AA30) -> 53871.527 | AH30: =SUM(AB30,AC30,AD30) -> 106767.21 | AI30: =AE30+AF30 -> 96025 | AJ30: =AH30+AG30 -> 160638.73 | AK30: =AI30+AJ30 -> 256663.73 | AM30: =SUM((INDIRECT(AM$2&(ROW())):INDIRECT(AM$3&(ROW())))) -> 17132 | AN30: =SUM(INDIRECT(AN$1&AN$2&$C30):INDIRECT(AN$1&AN$3&$C30)) -> 0 | AO30: =AM30-AN30 -> 17132 | AP30: =IFERROR(AM30/AN30,0) -> 0 | AQ30: =SUM(INDIRECT(AQ$1&AQ$2&$A30):INDIRECT(AQ$1&AQ$3&$A30))+SUM(INDIRECT(AQ$1&AQ$2&$B30):INDIRECT(AQ$1&AQ$3&$B30)) -> 13664 | AR30: =AM30-AQ30 -> 3468 | AS30: =IFERROR(AM30/AQ30,0) -> 1.2538056 | AU30: =SUM((INDIRECT(AU$2&(ROW())):INDIRECT(AU$3&(ROW())))) -> 17132 | AV30: =SUM(INDIRECT(AV$1&AV$2&$C30):INDIRECT(AV$1&AV$3&$C30)) -> 0 | AW30: =AU30-AV30 -> 17132 | AX30: =IFERROR(AU30/AV30,0) -> 0 | AY30: =SUM(INDIRECT(AY$1&AY$2&$A30):INDIRECT(AY$1&AY$3&$A30))+SUM(INDIRECT(AY$1&AY$2&$B30):INDIRECT(AY$1&AY$3&$B30)) -> 13664 | AZ30: =AU30-AY30 -> 3468 | BA30: =IFERROR(AU30/AY30,0) -> 1.2538056 | BC30: =SUM((INDIRECT(BC$2&(ROW())):INDIRECT(BC$3&(ROW())))) -> 17132 | BD30: =SUM(INDIRECT(BD$1&BD$2&$C30):INDIRECT(BD$1&BD$3&$C30)) -> 0 | BE30: =BC30-BD30 -> 17132 | BF30: =IFERROR(BC30/BD30,0) -> 0 | BG30: =SUM(INDIRECT(BG$1&BG$2&$A30):INDIRECT(BG$1&BG$3&$A30))+SUM(INDIRECT(BG$1&BG$2&$B30):INDIRECT(BG$1&BG$3&$B30)) -> 13664 | BH30: =BC30-BG30 -> 3468 | BI30: =IFERROR(BC30/BG30,0) -> 1.2538056
A31: =A30+1 -> 31 | B31: 1 | C31: =C30+1 -> 31 | D31: 1 | E31: RF | K31: Financial Income | R31: =CHOOSE(2, "6722000002611", "PL Statement Financial Income") -> PL Statement Financial Income | S31: 17428 | T31: 16612 | U31: 20268 | V31: 18309 | W31: 14086 | X31: =15948 -> 15948 | Y31: 21648 | Z31: 16659.667 | AA31: 19655 | AB31: 18868.413 | AC31: 19394.06 | AD31: 71654.878 | AE31: =SUM(S31,T31,U31) -> 54308 | AF31: =SUM(V31,W31,X31) -> 48343 | AG31: =SUM(Y31,Z31,AA31) -> 57962.667 | AH31: =SUM(AB31,AC31,AD31) -> 109917.35 | AI31: =AE31+AF31 -> 102651 | AJ31: =AH31+AG31 -> 167880.02 | AK31: =AI31+AJ31 -> 270531.02 | AM31: =SUM((INDIRECT(AM$2&(ROW())):INDIRECT(AM$3&(ROW())))) -> 17428 | AN31: =SUM(INDIRECT(AN$1&AN$2&$C31):INDIRECT(AN$1&AN$3&$C31)) -> 0 | AO31: =AM31-AN31 -> 17428 | AP31: =IFERROR(AM31/AN31,0) -> 0 | AQ31: =SUM(INDIRECT(AQ$1&AQ$2&$A31):INDIRECT(AQ$1&AQ$3&$A31))+SUM(INDIRECT(AQ$1&AQ$2&$B31):INDIRECT(AQ$1&AQ$3&$B31)) -> 13664 | AR31: =AM31-AQ31 -> 3764 | AS31: =IFERROR(AM31/AQ31,0) -> 1.2754684 | AU31: =SUM((INDIRECT(AU$2&(ROW())):INDIRECT(AU$3&(ROW())))) -> 17428 | AV31: =SUM(INDIRECT(AV$1&AV$2&$C31):INDIRECT(AV$1&AV$3&$C31)) -> 0 | AW31: =AU31-AV31 -> 17428 | AX31: =IFERROR(AU31/AV31,0) -> 0 | AY31: =SUM(INDIRECT(AY$1&AY$2&$A31):INDIRECT(AY$1&AY$3&$A31))+SUM(INDIRECT(AY$1&AY$2&$B31):INDIRECT(AY$1&AY$3&$B31)) -> 13664 | AZ31: =AU31-AY31 -> 3764 | BA31: =IFERROR(AU31/AY31,0) -> 1.2754684 | BC31: =SUM((INDIRECT(BC$2&(ROW())):INDIRECT(BC$3&(ROW())))) -> 17428 | BD31: =SUM(INDIRECT(BD$1&BD$2&$C31):INDIRECT(BD$1&BD$3&$C31)) -> 0 | BE31: =BC31-BD31 -> 17428 | BF31: =IFERROR(BC31/BD31,0) -> 0 | BG31: =SUM(INDIRECT(BG$1&BG$2&$A31):INDIRECT(BG$1&BG$3&$A31))+SUM(INDIRECT(BG$1&BG$2&$B31):INDIRECT(BG$1&BG$3&$B31)) -> 13664 | BH31: =BC31-BG31 -> 3764 | BI31: =IFERROR(BC31/BG31,0) -> 1.2754684
A32: =A31+1 -> 32 | B32: 1 | C32: =C31+1 -> 32 | D32: 1 | E32: RF | K32: Financial Expenses | R32: =CHOOSE(2, "6722000002610", "PL Statement Financial Expenses") -> PL Statement Financial Expenses | S32: 296 | T32: 389 | U32: 2988 | V32: 0 | X32: 2953 | Z32: 1290.14 | AA32: =2079+722 -> 2801 | AC32: 274.84339 | AD32: =74.30201+2801 -> 2875.302 | AE32: =SUM(S32,T32,U32) -> 3673 | AF32: =SUM(V32,W32,X32) -> 2953 | AG32: =SUM(Y32,Z32,AA32) -> 4091.14 | AH32: =SUM(AB32,AC32,AD32) -> 3150.1454 | AI32: =AE32+AF32 -> 6626 | AJ32: =AH32+AG32 -> 7241.2854 | AK32: =AI32+AJ32 -> 13867.285 | AM32: =SUM((INDIRECT(AM$2&(ROW())):INDIRECT(AM$3&(ROW())))) -> 296 | AN32: =SUM(INDIRECT(AN$1&AN$2&$C32):INDIRECT(AN$1&AN$3&$C32)) -> 0 | AO32: =AM32-AN32 -> 296 | AP32: =IFERROR(AM32/AN32,0) -> 0 | AQ32: =SUM(INDIRECT(AQ$1&AQ$2&$A32):INDIRECT(AQ$1&AQ$3&$A32))+SUM(INDIRECT(AQ$1&AQ$2&$B32):INDIRECT(AQ$1&AQ$3&$B32)) -> 0 | AR32: =AM32-AQ32 -> 296 | AS32: =IFERROR(AM32/AQ32,0) -> 0 | AU32: =SUM((INDIRECT(AU$2&(ROW())):INDIRECT(AU$3&(ROW())))) -> 296 | AV32: =SUM(INDIRECT(AV$1&AV$2&$C32):INDIRECT(AV$1&AV$3&$C32)) -> 0 | AW32: =AU32-AV32 -> 296 | AX32: =IFERROR(AU32/AV32,0) -> 0 | AY32: =SUM(INDIRECT(AY$1&AY$2&$A32):INDIRECT(AY$1&AY$3&$A32))+SUM(INDIRECT(AY$1&AY$2&$B32):INDIRECT(AY$1&AY$3&$B32)) -> 0 | AZ32: =AU32-AY32 -> 296 | BA32: =IFERROR(AU32/AY32,0) -> 0 | BC32: =SUM((INDIRECT(BC$2&(ROW())):INDIRECT(BC$3&(ROW())))) -> 296 | BD32: =SUM(INDIRECT(BD$1&BD$2&$C32):INDIRECT(BD$1&BD$3&$C32)) -> 0 | BE32: =BC32-BD32 -> 296 | BF32: =IFERROR(BC32/BD32,0) -> 0 | BG32: =SUM(INDIRECT(BG$1&BG$2&$A32):INDIRECT(BG$1&BG$3&$A32))+SUM(INDIRECT(BG$1&BG$2&$B32):INDIRECT(BG$1&BG$3&$B32)) -> 0 | BH32: =BC32-BG32 -> 296 | BI32: =IFERROR(BC32/BG32,0) -> 0
A33: =A32+1 -> 33 | B33: 1 | C33: =C32+1 -> 33 | D33: 1 | E33: RF | J33: Profit before Taxes | R33: =CHOOSE(2, "6722000002609", "PL Statement Profit before Taxes") -> PL Statement Profit before Taxes | S33: =S28+S30 -> 163062.19 | T33: =T28+T30 -> 104075.58 | U33: =U28+U30 -> 105185.87 | V33: =V28+V30 -> 94670.893 | W33: =W28+W30 -> 97867.004 | X33: =X28+X30 -> 126710.14 | Y33: =Y28+Y30 -> 114268.77 | Z33: =Z28+Z30 -> 96773.503 | ... AD33: =AD28+AD30 -> 169035.36 | AE33: =SUM(S33,T33,U33) -> 372323.64 | AF33: =SUM(V33,W33,X33) -> 319248.04 | AG33: =SUM(Y33,Z33,AA33) -> 307243.95 | AH33: =SUM(AB33,AC33,AD33) -> 395428.94 | AI33: =AE33+AF33 -> 691571.68 | AJ33: =AH33+AG33 -> 702672.89 | AK33: =AI33+AJ33 -> 1394244.6 | AM33: =SUM((INDIRECT(AM$2&(ROW())):INDIRECT(AM$3&(ROW())))) -> 163062.19 | AN33: =SUM(INDIRECT(AN$1&AN$2&$C33):INDIRECT(AN$1&AN$3&$C33)) -> 142478.99 | AO33: =AM33-AN33 -> 20583.2 | AP33: =IFERROR(AM33/AN33,0) -> 1.1444648 | AQ33: =SUM(INDIRECT(AQ$1&AQ$2&$A33):INDIRECT(AQ$1&AQ$3&$A33))+SUM(INDIRECT(AQ$1&AQ$2&$B33):INDIRECT(AQ$1&AQ$3&$B33)) -> 67992 | AR33: =AM33-AQ33 -> 95070.191 | AS33: =IFERROR(AM33/AQ33,0) -> 2.3982555 | AU33: =SUM((INDIRECT(AU$2&(ROW())):INDIRECT(AU$3&(ROW())))) -> 163062.19 | AV33: =SUM(INDIRECT(AV$1&AV$2&$C33):INDIRECT(AV$1&AV$3&$C33)) -> 142478.99 | AW33: =AU33-AV33 -> 20583.2 | AX33: =IFERROR(AU33/AV33,0) -> 1.1444648 | AY33: =SUM(INDIRECT(AY$1&AY$2&$A33):INDIRECT(AY$1&AY$3&$A33))+SUM(INDIRECT(AY$1&AY$2&$B33):INDIRECT(AY$1&AY$3&$B33)) -> 67992 | AZ33: =AU33-AY33 -> 95070.191 | BA33: =IFERROR(AU33/AY33,0) -> 2.3982555 | BC33: =SUM((INDIRECT(BC$2&(ROW())):INDIRECT(BC$3&(ROW())))) -> 163062.19 | BD33: =SUM(INDIRECT(BD$1&BD$2&$C33):INDIRECT(BD$1&BD$3&$C33)) -> 142478.99 | BE33: =BC33-BD33 -> 20583.2 | BF33: =IFERROR(BC33/BD33,0) -> 1.1444648 | BG33: =SUM(INDIRECT(BG$1&BG$2&$A33):INDIRECT(BG$1&BG$3&$A33))+SUM(INDIRECT(BG$1&BG$2&$B33):INDIRECT(BG$1&BG$3&$B33)) -> 67992 | BH33: =BC33-BG33 -> 95070.191 | BI33: =IFERROR(BC33/BG33,0) -> 2.3982555
A34: =A33+1 -> 34 | B34: 1 | C34: =C33+1 -> 34 | D34: 1 | E34: RF | J34: Tax Expenses & Others | R34: =CHOOSE(2, "6722000002608", "PL Statement Tax Expenses & Others") -> PL Statement Tax Expenses & Others | S34: 40897.978 | T34: 26041 | U34: =93266-S34-T34 -> 26327.022 | V34: 23722 | W34: 24896.83 | X34: 31910 | Y34: 28626.576 | Z34: 24151.662 | AA34: 24174 | AB34: 29403.33 | AC34: =AC33*25.17% -> 27490.867 | AD34: 43353 | AE34: =SUM(S34,T34,U34) -> 93266 | AF34: =SUM(V34,W34,X34) -> 80528.83 | AG34: =SUM(Y34,Z34,AA34) -> 76952.238 | AH34: =SUM(AB34,AC34,AD34) -> 100247.2 | AI34: =AE34+AF34 -> 173794.83 | AJ34: =AH34+AG34 -> 177199.43 | AK34: =AI34+AJ34 -> 350994.26 | AM34: =SUM((INDIRECT(AM$2&(ROW())):INDIRECT(AM$3&(ROW())))) -> 40897.978 | AN34: =SUM(INDIRECT(AN$1&AN$2&$C34):INDIRECT(AN$1&AN$3&$C34)) -> 35619.748 | AO34: =AM34-AN34 -> 5278.2301 | AP34: =IFERROR(AM34/AN34,0) -> 1.1481827 | AQ34: =SUM(INDIRECT(AQ$1&AQ$2&$A34):INDIRECT(AQ$1&AQ$3&$A34))+SUM(INDIRECT(AQ$1&AQ$2&$B34):INDIRECT(AQ$1&AQ$3&$B34)) -> 16943.2 | AR34: =AM34-AQ34 -> 23954.777 | AS34: =IFERROR(AM34/AQ34,0) -> 2.4138284 | AU34: =SUM((INDIRECT(AU$2&(ROW())):INDIRECT(AU$3&(ROW())))) -> 40897.978 | AV34: =SUM(INDIRECT(AV$1&AV$2&$C34):INDIRECT(AV$1&AV$3&$C34)) -> 35619.748 | AW34: =AU34-AV34 -> 5278.2301 | AX34: =IFERROR(AU34/AV34,0) -> 1.1481827 | AY34: =SUM(INDIRECT(AY$1&AY$2&$A34):INDIRECT(AY$1&AY$3&$A34))+SUM(INDIRECT(AY$1&AY$2&$B34):INDIRECT(AY$1&AY$3&$B34)) -> 16943.2 | AZ34: =AU34-AY34 -> 23954.777 | BA34: =IFERROR(AU34/AY34,0) -> 2.4138284 | BC34: =SUM((INDIRECT(BC$2&(ROW())):INDIRECT(BC$3&(ROW())))) -> 40897.978 | BD34: =SUM(INDIRECT(BD$1&BD$2&$C34):INDIRECT(BD$1&BD$3&$C34)) -> 35619.748 | BE34: =BC34-BD34 -> 5278.2301 | BF34: =IFERROR(BC34/BD34,0) -> 1.1481827 | BG34: =SUM(INDIRECT(BG$1&BG$2&$A34):INDIRECT(BG$1&BG$3&$A34))+SUM(INDIRECT(BG$1&BG$2&$B34):INDIRECT(BG$1&BG$3&$B34)) -> 16943.2 | BH34: =BC34-BG34 -> 23954.777 | BI34: =IFERROR(BC34/BG34,0) -> 2.4138284
A35: =A34+1 -> 35 | B35: 1 | C35: =C34+1 -> 35 | D35: 1 | E35: RF | J35: Net Profit | R35: =CHOOSE(2, "6722000002607", "PL Statement Net Profit") -> PL Statement Net Profit | S35: =S33-S34 -> 122164.21 | T35: =T33-T34 -> 78034.583 | U35: =U33-U34 -> 78858.847 | V35: =V33-V34 -> 70948.893 | W35: =W33-W34 -> 72970.174 | X35: =X33-X34 -> 94800.142 | Y35: =Y33-Y34 -> 85642.192 | Z35: =Z33-Z34 -> 72621.842 | ... AD35: =AD33-AD34 -> 125682.36 | AE35: =SUM(S35,T35,U35) -> 279057.64 | AF35: =SUM(V35,W35,X35) -> 238719.21 | AG35: =SUM(Y35,Z35,AA35) -> 230291.71 | AH35: =SUM(AB35,AC35,AD35) -> 295181.74 | AI35: =AE35+AF35 -> 517776.85 | AJ35: =AH35+AG35 -> 525473.45 | AK35: =AI35+AJ35 -> 1043250.3 | AM35: =SUM((INDIRECT(AM$2&(ROW())):INDIRECT(AM$3&(ROW())))) -> 122164.21 | AN35: =SUM(INDIRECT(AN$1&AN$2&$C35):INDIRECT(AN$1&AN$3&$C35)) -> 106859.24 | AO35: =AM35-AN35 -> 15304.97 | AP35: =IFERROR(AM35/AN35,0) -> 1.1432255 | AQ35: =SUM(INDIRECT(AQ$1&AQ$2&$A35):INDIRECT(AQ$1&AQ$3&$A35))+SUM(INDIRECT(AQ$1&AQ$2&$B35):INDIRECT(AQ$1&AQ$3&$B35)) -> 51048.8 | AR35: =AM35-AQ35 -> 71115.414 | AS35: =IFERROR(AM35/AQ35,0) -> 2.3930869 | AU35: =SUM((INDIRECT(AU$2&(ROW())):INDIRECT(AU$3&(ROW())))) -> 122164.21 | AV35: =SUM(INDIRECT(AV$1&AV$2&$C35):INDIRECT(AV$1&AV$3&$C35)) -> 106859.24 | AW35: =AU35-AV35 -> 15304.97 | AX35: =IFERROR(AU35/AV35,0) -> 1.1432255 | AY35: =SUM(INDIRECT(AY$1&AY$2&$A35):INDIRECT(AY$1&AY$3&$A35))+SUM(INDIRECT(AY$1&AY$2&$B35):INDIRECT(AY$1&AY$3&$B35)) -> 51048.8 | AZ35: =AU35-AY35 -> 71115.414 | BA35: =IFERROR(AU35/AY35,0) -> 2.3930869 | BC35: =SUM((INDIRECT(BC$2&(ROW())):INDIRECT(BC$3&(ROW())))) -> 122164.21 | BD35: =SUM(INDIRECT(BD$1&BD$2&$C35):INDIRECT(BD$1&BD$3&$C35)) -> 106859.24 | BE35: =BC35-BD35 -> 15304.97 | BF35: =IFERROR(BC35/BD35,0) -> 1.1432255 | BG35: =SUM(INDIRECT(BG$1&BG$2&$A35):INDIRECT(BG$1&BG$3&$A35))+SUM(INDIRECT(BG$1&BG$2&$B35):INDIRECT(BG$1&BG$3&$B35)) -> 51048.8 | BH35: =BC35-BG35 -> 71115.414 | BI35: =IFERROR(BC35/BG35,0) -> 2.3930869
A36: =A35+1 -> 36 | B36: 1 | C36: =C35+1 -> 36 | D36: 1 | E36: RF | Q36: (%) | R36: =CHOOSE(2, "6722000002606", "PL Statement Net Profit (%)") -> PL Statement Net Profit (%) | S36: =IFERROR(S35/S14,0) -> 0.11001206 | T36: =IFERROR(T35/T14,0) -> 0.078399969 | U36: =IFERROR(U35/U14,0) -> 0.087029787 | V36: =IFERROR(V35/V14,0) -> 0.084012172 | W36: =IFERROR(W35/W14,0) -> 0.073983057 | X36: =IFERROR(X35/X14,0) -> 0.088449585 | Y36: =IFERROR(Y35/Y14,0) -> 0.094369024 | Z36: =IFERROR(Z35/Z14,0) -> 0.080695969 | ... AK36: =IFERROR(AK35/AK14,0) -> 0.089221132 | AM36: =IFERROR(AM35/AM14,0) -> 0.11001206 | AN36: =IFERROR(AN35/AN14,0) -> 0.1135533 | AO36: =AM36-AN36 -> -0.0035412392 | AQ36: =IFERROR(AQ35/AQ14,0) -> 0.078626733 | AR36: =AM36-AQ36 -> 0.031385328 | AU36: =IFERROR(AU35/AU14,0) -> 0.11001206 | AV36: =IFERROR(AV35/AV14,0) -> 0.1135533 | AW36: =AU36-AV36 -> -0.0035412392 | AY36: =IFERROR(AY35/AY14,0) -> 0.078626733 | AZ36: =AU36-AY36 -> 0.031385328 | BC36: =IFERROR(BC35/BC14,0) -> 0.11001206 | BD36: =IFERROR(BD35/BD14,0) -> 0.1135533 | BE36: =BC36-BD36 -> -0.0035412392 | BG36: =IFERROR(BG35/BG14,0) -> 0.078626733 | BH36: =BC36-BG36 -> 0.031385328
A37: =A36+1 -> 37 | B37: 1 | C37: =C36+1 -> 37 | D37: 1 | E37: RF | R37: =CHOOSE(2, "6722000002956", "▷ Blank 1") -> ▷ Blank 1
A38: =A37+1 -> 38 | B38: 1 | C38: =C37+1 -> 38 | D38: 1 | R38: =CHOOSE(2, "6722000002957", "▷ Blank 2") -> ▷ Blank 2
A39: =A38+1 -> 39 | B39: 1 | C39: =C38+1 -> 39 | D39: 1 | H39: 1-2.SGA Expenses Details | R39: =CHOOSE(2, "6722000002958", "1-2.SGA Expenses Details") -> 1-2.SGA Expenses Details
A40: =A39+1 -> 40 | B40: 1 | C40: =C39+1 -> 40 | D40: 1 | J40: Variable Expenses | R40: =CHOOSE(2, "6722000002959", "SGA Variable Expenses") -> SGA Variable Expenses | S40: =SUM(S41:S43) -> 86967.195 | T40: =SUM(T41:T43) -> 58635.766 | U40: =SUM(U41:U43) -> 111747.63 | V40: =SUM(V41:V43) -> 67890.918 | W40: =SUM(W41:W43) -> 86237.109 | X40: =SUM(X41:X43) -> 103191.27 | Y40: =SUM(Y41:Y43) -> 65990.168 | Z40: =SUM(Z41:Z43) -> 85327.67 | ... AK40: =SUM(AK41:AK43) -> 997625.1 | AM40: =SUM((INDIRECT(AM$2&(ROW())):INDIRECT(AM$3&(ROW())))) -> 86967.195 | AN40: =SUM(INDIRECT(AN$1&AN$2&$C40):INDIRECT(AN$1&AN$3&$C40)) -> 78754.736 | AO40: =AM40-AN40 -> 8212.4583 | AP40: =IFERROR(AM40/AN40,0) -> 1.1042789 | AQ40: =SUM(INDIRECT(AQ$1&AQ$2&$A40):INDIRECT(AQ$1&AQ$3&$A40))+SUM(INDIRECT(AQ$1&AQ$2&$B40):INDIRECT(AQ$1&AQ$3&$B40)) -> 61662 | AR40: =AM40-AQ40 -> 25305.195 | AS40: =IFERROR(AM40/AQ40,0) -> 1.4103856 | AU40: =SUM((INDIRECT(AU$2&(ROW())):INDIRECT(AU$3&(ROW())))) -> 86967.195 | AV40: =SUM(INDIRECT(AV$1&AV$2&$C40):INDIRECT(AV$1&AV$3&$C40)) -> 78754.736 | AW40: =AU40-AV40 -> 8212.4583 | AX40: =IFERROR(AU40/AV40,0) -> 1.1042789 | AY40: =SUM(INDIRECT(AY$1&AY$2&$A40):INDIRECT(AY$1&AY$3&$A40))+SUM(INDIRECT(AY$1&AY$2&$B40):INDIRECT(AY$1&AY$3&$B40)) -> 61662 | AZ40: =AU40-AY40 -> 25305.195 | BA40: =IFERROR(AU40/AY40,0) -> 1.4103856 | BC40: =SUM((INDIRECT(BC$2&(ROW())):INDIRECT(BC$3&(ROW())))) -> 86967.195 | BD40: =SUM(INDIRECT(BD$1&BD$2&$C40):INDIRECT(BD$1&BD$3&$C40)) -> 78754.736 | BE40: =BC40-BD40 -> 8212.4583 | BF40: =IFERROR(BC40/BD40,0) -> 1.1042789 | BG40: =SUM(INDIRECT(BG$1&BG$2&$A40):INDIRECT(BG$1&BG$3&$A40))+SUM(INDIRECT(BG$1&BG$2&$B40):INDIRECT(BG$1&BG$3&$B40)) -> 61662 | BH40: =BC40-BG40 -> 25305.195 | BI40: =IFERROR(BC40/BG40,0) -> 1.4103856
A41: =A40+1 -> 41 | B41: 1 | C41: =C40+1 -> 41 | D41: 1 | K41: Selling Expenses | R41: =CHOOSE(2, "6722000002960", "SGA Variable Expenses Selling Expenses") -> SGA Variable Expenses Selling Expenses | S41: 48671.337 | T41: 19830.667 | U41: 64127.338 | V41: 22253.062 | W41: 30917.381 | X41: 51037.175 | Y41: 18156.55 | Z41: 34304.222 | AA41: 13217.927 | AB41: 47196.754 | AC41: 92023.792 | AD41: 27776.73 | AE41: =SUM(S41,T41,U41) -> 132629.34 | AF41: =SUM(V41,W41,X41) -> 104207.62 | AG41: =SUM(Y41,Z41,AA41) -> 65678.699 | AH41: =SUM(AB41,AC41,AD41) -> 166997.28 | AI41: =AE41+AF41 -> 236836.96 | AJ41: =AH41+AG41 -> 232675.98 | AK41: =AI41+AJ41 -> 469512.94 | AM41: =SUM((INDIRECT(AM$2&(ROW())):INDIRECT(AM$3&(ROW())))) -> 48671.337 | AN41: =SUM(INDIRECT(AN$1&AN$2&$C41):INDIRECT(AN$1&AN$3&$C41)) -> 30564.92 | AO41: =AM41-AN41 -> 18106.417 | AP41: =IFERROR(AM41/AN41,0) -> 1.5923921 | AQ41: =SUM(INDIRECT(AQ$1&AQ$2&$A41):INDIRECT(AQ$1&AQ$3&$A41))+SUM(INDIRECT(AQ$1&AQ$2&$B41):INDIRECT(AQ$1&AQ$3&$B41)) -> 29184 | AR41: =AM41-AQ41 -> 19487.337 | AS41: =IFERROR(AM41/AQ41,0) -> 1.6677405 | AU41: =SUM((INDIRECT(AU$2&(ROW())):INDIRECT(AU$3&(ROW())))) -> 48671.337 | AV41: =SUM(INDIRECT(AV$1&AV$2&$C41):INDIRECT(AV$1&AV$3&$C41)) -> 30564.92 | AW41: =AU41-AV41 -> 18106.417 | AX41: =IFERROR(AU41/AV41,0) -> 1.5923921 | AY41: =SUM(INDIRECT(AY$1&AY$2&$A41):INDIRECT(AY$1&AY$3&$A41))+SUM(INDIRECT(AY$1&AY$2&$B41):INDIRECT(AY$1&AY$3&$B41)) -> 29184 | AZ41: =AU41-AY41 -> 19487.337 | BA41: =IFERROR(AU41/AY41,0) -> 1.6677405 | BC41: =SUM((INDIRECT(BC$2&(ROW())):INDIRECT(BC$3&(ROW())))) -> 48671.337 | BD41: =SUM(INDIRECT(BD$1&BD$2&$C41):INDIRECT(BD$1&BD$3&$C41)) -> 30564.92 | BE41: =BC41-BD41 -> 18106.417 | BF41: =IFERROR(BC41/BD41,0) -> 1.5923921 | BG41: =SUM(INDIRECT(BG$1&BG$2&$A41):INDIRECT(BG$1&BG$3&$A41))+SUM(INDIRECT(BG$1&BG$2&$B41):INDIRECT(BG$1&BG$3&$B41)) -> 29184 | BH41: =BC41-BG41 -> 19487.337 | BI41: =IFERROR(BC41/BG41,0) -> 1.6677405
A42: =A41+1 -> 42 | B42: 1 | C42: =C41+1 -> 42 | D42: 1 | K42: Adverting Expenses | R42: =CHOOSE(2, "6722000002961", "SGA Variable Expenses Adverting Expenses") -> SGA Variable Expenses Adverting Expenses | S42: 599.69019 | T42: 2185.9424 | U42: 2596.7902 | V42: 322.19818 | W42: 10033 | X42: 4855.0329 | Y42: 13057.109 | Z42: 10944.53 | AA42: 19600.806 | AB42: 1076.645 | AC42: -5342.832 | AD42: 25925.646 | AE42: =SUM(S42,T42,U42) -> 5382.4228 | AF42: =SUM(V42,W42,X42) -> 15210.231 | AG42: =SUM(Y42,Z42,AA42) -> 43602.445 | AH42: =SUM(AB42,AC42,AD42) -> 21659.459 | AI42: =AE42+AF42 -> 20592.654 | AJ42: =AH42+AG42 -> 65261.904 | AK42: =AI42+AJ42 -> 85854.558 | AM42: =SUM((INDIRECT(AM$2&(ROW())):INDIRECT(AM$3&(ROW())))) -> 599.69019 | AN42: =SUM(INDIRECT(AN$1&AN$2&$C42):INDIRECT(AN$1&AN$3&$C42)) -> 6798.2979 | AO42: =AM42-AN42 -> -6198.6077 | AP42: =IFERROR(AM42/AN42,0) -> 0.088211814 | AQ42: =SUM(INDIRECT(AQ$1&AQ$2&$A42):INDIRECT(AQ$1&AQ$3&$A42))+SUM(INDIRECT(AQ$1&AQ$2&$B42):INDIRECT(AQ$1&AQ$3&$B42)) -> 3470 | AR42: =AM42-AQ42 -> -2870.3098 | AS42: =IFERROR(AM42/AQ42,0) -> 0.17282138 | AU42: =SUM((INDIRECT(AU$2&(ROW())):INDIRECT(AU$3&(ROW())))) -> 599.69019 | AV42: =SUM(INDIRECT(AV$1&AV$2&$C42):INDIRECT(AV$1&AV$3&$C42)) -> 6798.2979 | AW42: =AU42-AV42 -> -6198.6077 | AX42: =IFERROR(AU42/AV42,0) -> 0.088211814 | AY42: =SUM(INDIRECT(AY$1&AY$2&$A42):INDIRECT(AY$1&AY$3&$A42))+SUM(INDIRECT(AY$1&AY$2&$B42):INDIRECT(AY$1&AY$3&$B42)) -> 3470 | AZ42: =AU42-AY42 -> -2870.3098 | BA42: =IFERROR(AU42/AY42,0) -> 0.17282138 | BC42: =SUM((INDIRECT(BC$2&(ROW())):INDIRECT(BC$3&(ROW())))) -> 599.69019 | BD42: =SUM(INDIRECT(BD$1&BD$2&$C42):INDIRECT(BD$1&BD$3&$C42)) -> 6798.2979 | BE42: =BC42-BD42 -> -6198.6077 | BF42: =IFERROR(BC42/BD42,0) -> 0.088211814 | BG42: =SUM(INDIRECT(BG$1&BG$2&$A42):INDIRECT(BG$1&BG$3&$A42))+SUM(INDIRECT(BG$1&BG$2&$B42):INDIRECT(BG$1&BG$3&$B42)) -> 3470 | BH42: =BC42-BG42 -> -2870.3098 | BI42: =IFERROR(BC42/BG42,0) -> 0.17282138
A43: =A42+1 -> 43 | B43: 1 | C43: =C42+1 -> 43 | D43: 1 | K43: Logistics Expense | R43: =CHOOSE(2, "6722000002962", "SGA Variable Expenses Logistics Expense") -> SGA Variable Expenses Logistics Expense | S43: 37696.167 | T43: 36619.156 | U43: 45023.499 | V43: 45315.658 | W43: 45286.728 | X43: 47299.059 | Y43: 34776.509 | Z43: 40078.918 | AA43: 16044.66 | AB43: 14553.8 | AC43: 34357.796 | AD43: 45205.656 | AE43: =SUM(S43,T43,U43) -> 119338.82 | AF43: =SUM(V43,W43,X43) -> 137901.45 | AG43: =SUM(Y43,Z43,AA43) -> 90900.087 | AH43: =SUM(AB43,AC43,AD43) -> 94117.253 | AI43: =AE43+AF43 -> 257240.27 | AJ43: =AH43+AG43 -> 185017.34 | AK43: =AI43+AJ43 -> 442257.61 | AM43: =SUM((INDIRECT(AM$2&(ROW())):INDIRECT(AM$3&(ROW())))) -> 37696.167 | AN43: =SUM(INDIRECT(AN$1&AN$2&$C43):INDIRECT(AN$1&AN$3&$C43)) -> 41391.518 | AO43: =AM43-AN43 -> -3695.3511 | AP43: =IFERROR(AM43/AN43,0) -> 0.91072202 | AQ43: =SUM(INDIRECT(AQ$1&AQ$2&$A43):INDIRECT(AQ$1&AQ$3&$A43))+SUM(INDIRECT(AQ$1&AQ$2&$B43):INDIRECT(AQ$1&AQ$3&$B43)) -> 29008 | AR43: =AM43-AQ43 -> 8688.1669 | AS43: =IFERROR(AM43/AQ43,0) -> 1.2995093 | AU43: =SUM((INDIRECT(AU$2&(ROW())):INDIRECT(AU$3&(ROW())))) -> 37696.167 | AV43: =SUM(INDIRECT(AV$1&AV$2&$C43):INDIRECT(AV$1&AV$3&$C43)) -> 41391.518 | AW43: =AU43-AV43 -> -3695.3511 | AX43: =IFERROR(AU43/AV43,0) -> 0.91072202 | AY43: =SUM(INDIRECT(AY$1&AY$2&$A43):INDIRECT(AY$1&AY$3&$A43))+SUM(INDIRECT(AY$1&AY$2&$B43):INDIRECT(AY$1&AY$3&$B43)) -> 29008 | AZ43: =AU43-AY43 -> 8688.1669 | BA43: =IFERROR(AU43/AY43,0) -> 1.2995093 | BC43: =SUM((INDIRECT(BC$2&(ROW())):INDIRECT(BC$3&(ROW())))) -> 37696.167 | BD43: =SUM(INDIRECT(BD$1&BD$2&$C43):INDIRECT(BD$1&BD$3&$C43)) -> 41391.518 | BE43: =BC43-BD43 -> -3695.3511 | BF43: =IFERROR(BC43/BD43,0) -> 0.91072202 | BG43: =SUM(INDIRECT(BG$1&BG$2&$A43):INDIRECT(BG$1&BG$3&$A43))+SUM(INDIRECT(BG$1&BG$2&$B43):INDIRECT(BG$1&BG$3&$B43)) -> 29008 | BH43: =BC43-BG43 -> 8688.1669 | BI43: =IFERROR(BC43/BG43,0) -> 1.2995093
A44: =A43+1 -> 44 | B44: 1 | C44: =C43+1 -> 44 | D44: 1 | J44: Wages & Salaries | R44: =CHOOSE(2, "6722000002963", "SGA Wages & Salaries") -> SGA Wages & Salaries | S44: =SUM(S45:S47) -> 63642.7 | T44: =SUM(T45:T47) -> 70744.86 | U44: =SUM(U45:U47) -> 70437.97 | V44: =SUM(V45:V47) -> 65883.562 | W44: =SUM(W45:W47) -> 65617.898 | X44: =SUM(X45:X47) -> 61721.108 | Y44: =SUM(Y45:Y47) -> 63628.304 | Z44: =SUM(Z45:Z47) -> 72153.909 | ... AK44: =SUM(AK45:AK47) -> 849367.84 | AM44: =SUM((INDIRECT(AM$2&(ROW())):INDIRECT(AM$3&(ROW())))) -> 63642.7 | AN44: =SUM(INDIRECT(AN$1&AN$2&$C44):INDIRECT(AN$1&AN$3&$C44)) -> 67552.121 | AO44: =AM44-AN44 -> -3909.4205 | AP44: =IFERROR(AM44/AN44,0) -> 0.94212735 | AQ44: =SUM(INDIRECT(AQ$1&AQ$2&$A44):INDIRECT(AQ$1&AQ$3&$A44))+SUM(INDIRECT(AQ$1&AQ$2&$B44):INDIRECT(AQ$1&AQ$3&$B44)) -> 57774 | AR44: =AM44-AQ44 -> 5868.7004 | AS44: =IFERROR(AM44/AQ44,0) -> 1.1015803 | AU44: =SUM((INDIRECT(AU$2&(ROW())):INDIRECT(AU$3&(ROW())))) -> 63642.7 | AV44: =SUM(INDIRECT(AV$1&AV$2&$C44):INDIRECT(AV$1&AV$3&$C44)) -> 67552.121 | AW44: =AU44-AV44 -> -3909.4205 | AX44: =IFERROR(AU44/AV44,0) -> 0.94212735 | AY44: =SUM(INDIRECT(AY$1&AY$2&$A44):INDIRECT(AY$1&AY$3&$A44))+SUM(INDIRECT(AY$1&AY$2&$B44):INDIRECT(AY$1&AY$3&$B44)) -> 57774 | AZ44: =AU44-AY44 -> 5868.7004 | BA44: =IFERROR(AU44/AY44,0) -> 1.1015803 | BC44: =SUM((INDIRECT(BC$2&(ROW())):INDIRECT(BC$3&(ROW())))) -> 63642.7 | BD44: =SUM(INDIRECT(BD$1&BD$2&$C44):INDIRECT(BD$1&BD$3&$C44)) -> 67552.121 | BE44: =BC44-BD44 -> -3909.4205 | BF44: =IFERROR(BC44/BD44,0) -> 0.94212735 | BG44: =SUM(INDIRECT(BG$1&BG$2&$A44):INDIRECT(BG$1&BG$3&$A44))+SUM(INDIRECT(BG$1&BG$2&$B44):INDIRECT(BG$1&BG$3&$B44)) -> 57774 | BH44: =BC44-BG44 -> 5868.7004 | BI44: =IFERROR(BC44/BG44,0) -> 1.1015803
A45: =A44+1 -> 45 | B45: 1 | C45: =C44+1 -> 45 | D45: 1 | K45: Variable Wages & Salaries | R45: =CHOOSE(2, "6722000002964", "SGA Wages & Salaries Variable Wages & Salaries") -> SGA Wages & Salaries Variable Wages & Salaries | S45: 10136.798 | T45: 10096.798 | U45: 10987.566 | V45: 7412.635 | W45: 3944 | X45: 7513.3568 | Y45: 5116.731 | Z45: 13133.393 | AA45: 8266.2171 | AB45: 8383.646 | AC45: 8383.646 | AD45: 8581.6549 | AE45: =SUM(S45,T45,U45) -> 31221.162 | AF45: =SUM(V45,W45,X45) -> 18869.992 | AG45: =SUM(Y45,Z45,AA45) -> 26516.341 | AH45: =SUM(AB45,AC45,AD45) -> 25348.947 | AI45: =AE45+AF45 -> 50091.154 | AJ45: =AH45+AG45 -> 51865.288 | AK45: =AI45+AJ45 -> 101956.44 | AM45: =SUM((INDIRECT(AM$2&(ROW())):INDIRECT(AM$3&(ROW())))) -> 10136.798 | AN45: =SUM(INDIRECT(AN$1&AN$2&$C45):INDIRECT(AN$1&AN$3&$C45)) -> 10768.917 | AO45: =AM45-AN45 -> -632.11867 | AP45: =IFERROR(AM45/AN45,0) -> 0.94130155 | AQ45: =SUM(INDIRECT(AQ$1&AQ$2&$A45):INDIRECT(AQ$1&AQ$3&$A45))+SUM(INDIRECT(AQ$1&AQ$2&$B45):INDIRECT(AQ$1&AQ$3&$B45)) -> 8793 | AR45: =AM45-AQ45 -> 1343.798 | AS45: =IFERROR(AM45/AQ45,0) -> 1.1528259 | AU45: =SUM((INDIRECT(AU$2&(ROW())):INDIRECT(AU$3&(ROW())))) -> 10136.798 | AV45: =SUM(INDIRECT(AV$1&AV$2&$C45):INDIRECT(AV$1&AV$3&$C45)) -> 10768.917 | AW45: =AU45-AV45 -> -632.11867 | AX45: =IFERROR(AU45/AV45,0) -> 0.94130155 | AY45: =SUM(INDIRECT(AY$1&AY$2&$A45):INDIRECT(AY$1&AY$3&$A45))+SUM(INDIRECT(AY$1&AY$2&$B45):INDIRECT(AY$1&AY$3&$B45)) -> 8793 | AZ45: =AU45-AY45 -> 1343.798 | BA45: =IFERROR(AU45/AY45,0) -> 1.1528259 | BC45: =SUM((INDIRECT(BC$2&(ROW())):INDIRECT(BC$3&(ROW())))) -> 10136.798 | BD45: =SUM(INDIRECT(BD$1&BD$2&$C45):INDIRECT(BD$1&BD$3&$C45)) -> 10768.917 | BE45: =BC45-BD45 -> -632.11867 | BF45: =IFERROR(BC45/BD45,0) -> 0.94130155 | BG45: =SUM(INDIRECT(BG$1&BG$2&$A45):INDIRECT(BG$1&BG$3&$A45))+SUM(INDIRECT(BG$1&BG$2&$B45):INDIRECT(BG$1&BG$3&$B45)) -> 8793 | BH45: =BC45-BG45 -> 1343.798 | BI45: =IFERROR(BC45/BG45,0) -> 1.1528259
A46: =A45+1 -> 46 | B46: 1 | C46: =C45+1 -> 46 | D46: 1 | K46: Fixed Wages & Salaries | R46: =CHOOSE(2, "6722000002965", "SGA Wages & Salaries Fixed Wages & Salaries") -> SGA Wages & Salaries Fixed Wages & Salaries | S46: 50112.415 | T46: 57276.798 | U46: 56181.913 | V46: 54977.384 | W46: 58257.882 | X46: 52785.33 | Y46: 55103.305 | Z46: 55615.256 | AA46: 66896.813 | AB46: 65261.535 | AC46: 59807.909 | AD46: 55901.298 | AE46: =SUM(S46,T46,U46) -> 163571.13 | AF46: =SUM(V46,W46,X46) -> 166020.6 | AG46: =SUM(Y46,Z46,AA46) -> 177615.37 | AH46: =SUM(AB46,AC46,AD46) -> 180970.74 | AI46: =AE46+AF46 -> 329591.72 | AJ46: =AH46+AG46 -> 358586.12 | AK46: =AI46+AJ46 -> 688177.84 | AM46: =SUM((INDIRECT(AM$2&(ROW())):INDIRECT(AM$3&(ROW())))) -> 50112.415 | AN46: =SUM(INDIRECT(AN$1&AN$2&$C46):INDIRECT(AN$1&AN$3&$C46)) -> 53502.392 | AO46: =AM46-AN46 -> -3389.9763 | AP46: =IFERROR(AM46/AN46,0) -> 0.93663879 | AQ46: =SUM(INDIRECT(AQ$1&AQ$2&$A46):INDIRECT(AQ$1&AQ$3&$A46))+SUM(INDIRECT(AQ$1&AQ$2&$B46):INDIRECT(AQ$1&AQ$3&$B46)) -> 45396 | AR46: =AM46-AQ46 -> 4716.4154 | AS46: =IFERROR(AM46/AQ46,0) -> 1.103895 | AU46: =SUM((INDIRECT(AU$2&(ROW())):INDIRECT(AU$3&(ROW())))) -> 50112.415 | AV46: =SUM(INDIRECT(AV$1&AV$2&$C46):INDIRECT(AV$1&AV$3&$C46)) -> 53502.392 | AW46: =AU46-AV46 -> -3389.9763 | AX46: =IFERROR(AU46/AV46,0) -> 0.93663879 | AY46: =SUM(INDIRECT(AY$1&AY$2&$A46):INDIRECT(AY$1&AY$3&$A46))+SUM(INDIRECT(AY$1&AY$2&$B46):INDIRECT(AY$1&AY$3&$B46)) -> 45396 | AZ46: =AU46-AY46 -> 4716.4154 | BA46: =IFERROR(AU46/AY46,0) -> 1.103895 | BC46: =SUM((INDIRECT(BC$2&(ROW())):INDIRECT(BC$3&(ROW())))) -> 50112.415 | BD46: =SUM(INDIRECT(BD$1&BD$2&$C46):INDIRECT(BD$1&BD$3&$C46)) -> 53502.392 | BE46: =BC46-BD46 -> -3389.9763 | BF46: =IFERROR(BC46/BD46,0) -> 0.93663879 | BG46: =SUM(INDIRECT(BG$1&BG$2&$A46):INDIRECT(BG$1&BG$3&$A46))+SUM(INDIRECT(BG$1&BG$2&$B46):INDIRECT(BG$1&BG$3&$B46)) -> 45396 | BH46: =BC46-BG46 -> 4716.4154 | BI46: =IFERROR(BC46/BG46,0) -> 1.103895
A47: =A46+1 -> 47 | B47: 1 | C47: =C46+1 -> 47 | D47: 1 | K47: Retirement Benefit Cost | R47: =CHOOSE(2, "6722000002966", "SGA Wages & Salaries Retirement Benefit Cost") -> SGA Wages & Salaries Retirement Benefit Cost | S47: 3393.487 | T47: 3371.264 | U47: 3268.491 | V47: 3493.543 | W47: 3416.016 | X47: 1422.421 | Y47: 3408.268 | Z47: 3405.26 | AA47: 3414.444 | AB47: 3411.248 | AC47: 19340.986 | AD47: 7888.131 | AE47: =SUM(S47,T47,U47) -> 10033.242 | AF47: =SUM(V47,W47,X47) -> 8331.98 | AG47: =SUM(Y47,Z47,AA47) -> 10227.972 | AH47: =SUM(AB47,AC47,AD47) -> 30640.365 | AI47: =AE47+AF47 -> 18365.222 | AJ47: =AH47+AG47 -> 40868.337 | AK47: =AI47+AJ47 -> 59233.559 | AM47: =SUM((INDIRECT(AM$2&(ROW())):INDIRECT(AM$3&(ROW())))) -> 3393.487 | AN47: =SUM(INDIRECT(AN$1&AN$2&$C47):INDIRECT(AN$1&AN$3&$C47)) -> 3280.8125 | AO47: =AM47-AN47 -> 112.6745 | AP47: =IFERROR(AM47/AN47,0) -> 1.0343435 | AQ47: =SUM(INDIRECT(AQ$1&AQ$2&$A47):INDIRECT(AQ$1&AQ$3&$A47))+SUM(INDIRECT(AQ$1&AQ$2&$B47):INDIRECT(AQ$1&AQ$3&$B47)) -> 3585 | AR47: =AM47-AQ47 -> -191.513 | AS47: =IFERROR(AM47/AQ47,0) -> 0.94657936 | AU47: =SUM((INDIRECT(AU$2&(ROW())):INDIRECT(AU$3&(ROW())))) -> 3393.487 | AV47: =SUM(INDIRECT(AV$1&AV$2&$C47):INDIRECT(AV$1&AV$3&$C47)) -> 3280.8125 | AW47: =AU47-AV47 -> 112.6745 | AX47: =IFERROR(AU47/AV47,0) -> 1.0343435 | AY47: =SUM(INDIRECT(AY$1&AY$2&$A47):INDIRECT(AY$1&AY$3&$A47))+SUM(INDIRECT(AY$1&AY$2&$B47):INDIRECT(AY$1&AY$3&$B47)) -> 3585 | AZ47: =AU47-AY47 -> -191.513 | BA47: =IFERROR(AU47/AY47,0) -> 0.94657936 | BC47: =SUM((INDIRECT(BC$2&(ROW())):INDIRECT(BC$3&(ROW())))) -> 3393.487 | BD47: =SUM(INDIRECT(BD$1&BD$2&$C47):INDIRECT(BD$1&BD$3&$C47)) -> 3280.8125 | BE47: =BC47-BD47 -> 112.6745 | BF47: =IFERROR(BC47/BD47,0) -> 1.0343435 | BG47: =SUM(INDIRECT(BG$1&BG$2&$A47):INDIRECT(BG$1&BG$3&$A47))+SUM(INDIRECT(BG$1&BG$2&$B47):INDIRECT(BG$1&BG$3&$B47)) -> 3585 | BH47: =BC47-BG47 -> -191.513 | BI47: =IFERROR(BC47/BG47,0) -> 0.94657936
A48: =A47+1 -> 48 | B48: 1 | C48: =C47+1 -> 48 | D48: 1 | J48: Fixed Expenses | R48: =CHOOSE(2, "6722000002967", "SGA Fixed Expenses") -> SGA Fixed Expenses | S48: =SUM(S49:S54) -> 110445.47 | T48: =SUM(T49:T54) -> 97587.15 | U48: =SUM(U49:U54) -> 15802.466 | V48: =SUM(V49:V54) -> 54914.88 | W48: =SUM(W49:W54) -> 56267.094 | X48: =SUM(X49:X54) -> 61644.143 | Y48: =SUM(Y49:Y54) -> 53960.418 | Z48: =SUM(Z49:Z54) -> 83470.118 | ... AK48: =SUM(AK49:AK54) -> 828935.92 | AM48: =SUM((INDIRECT(AM$2&(ROW())):INDIRECT(AM$3&(ROW())))) -> 110445.47 | AN48: =SUM(INDIRECT(AN$1&AN$2&$C48):INDIRECT(AN$1&AN$3&$C48)) -> 51257.836 | AO48: =AM48-AN48 -> 59187.636 | AP48: =IFERROR(AM48/AN48,0) -> 2.1547042 | AQ48: =SUM(INDIRECT(AQ$1&AQ$2&$A48):INDIRECT(AQ$1&AQ$3&$A48))+SUM(INDIRECT(AQ$1&AQ$2&$B48):INDIRECT(AQ$1&AQ$3&$B48)) -> 43777 | AR48: =AM48-AQ48 -> 66668.472 | AS48: =IFERROR(AM48/AQ48,0) -> 2.5229109 | AU48: =SUM((INDIRECT(AU$2&(ROW())):INDIRECT(AU$3&(ROW())))) -> 110445.47 | AV48: =SUM(INDIRECT(AV$1&AV$2&$C48):INDIRECT(AV$1&AV$3&$C48)) -> 51257.836 | AW48: =AU48-AV48 -> 59187.636 | AX48: =IFERROR(AU48/AV48,0) -> 2.1547042 | AY48: =SUM(INDIRECT(AY$1&AY$2&$A48):INDIRECT(AY$1&AY$3&$A48))+SUM(INDIRECT(AY$1&AY$2&$B48):INDIRECT(AY$1&AY$3&$B48)) -> 43777 | AZ48: =AU48-AY48 -> 66668.472 | BA48: =IFERROR(AU48/AY48,0) -> 2.5229109 | BC48: =SUM((INDIRECT(BC$2&(ROW())):INDIRECT(BC$3&(ROW())))) -> 110445.47 | BD48: =SUM(INDIRECT(BD$1&BD$2&$C48):INDIRECT(BD$1&BD$3&$C48)) -> 51257.836 | BE48: =BC48-BD48 -> 59187.636 | BF48: =IFERROR(BC48/BD48,0) -> 2.1547042 | BG48: =SUM(INDIRECT(BG$1&BG$2&$A48):INDIRECT(BG$1&BG$3&$A48))+SUM(INDIRECT(BG$1&BG$2&$B48):INDIRECT(BG$1&BG$3&$B48)) -> 43777 | BH48: =BC48-BG48 -> 66668.472 | BI48: =IFERROR(BC48/BG48,0) -> 2.5229109
A49: =A48+1 -> 49 | B49: 1 | C49: =C48+1 -> 49 | D49: 1 | K49: Traveling Expenses | R49: =CHOOSE(2, "6722000002968", "SGA Fixed Expenses Traveling Expenses") -> SGA Fixed Expenses Traveling Expenses | S49: 4187.8198 | T49: 4549.705 | U49: 4540.5491 | V49: 4906.0616 | W49: 4662.1691 | X49: 5150.4333 | Y49: 5916.5905 | Z49: 7209.7361 | AA49: 8417.2323 | AB49: 6881.6941 | AC49: 11919.367 | AD49: 1508.3017 | AE49: =SUM(S49,T49,U49) -> 13278.074 | AF49: =SUM(V49,W49,X49) -> 14718.664 | AG49: =SUM(Y49,Z49,AA49) -> 21543.559 | AH49: =SUM(AB49,AC49,AD49) -> 20309.363 | AI49: =AE49+AF49 -> 27996.738 | AJ49: =AH49+AG49 -> 41852.922 | AK49: =AI49+AJ49 -> 69849.66 | AM49: =SUM((INDIRECT(AM$2&(ROW())):INDIRECT(AM$3&(ROW())))) -> 4187.8198 | AN49: =SUM(INDIRECT(AN$1&AN$2&$C49):INDIRECT(AN$1&AN$3&$C49)) -> 6264.4816 | AO49: =AM49-AN49 -> -2076.6617 | AP49: =IFERROR(AM49/AN49,0) -> 0.66850222 | AQ49: =SUM(INDIRECT(AQ$1&AQ$2&$A49):INDIRECT(AQ$1&AQ$3&$A49))+SUM(INDIRECT(AQ$1&AQ$2&$B49):INDIRECT(AQ$1&AQ$3&$B49)) -> 1570 | AR49: =AM49-AQ49 -> 2617.8198 | AS49: =IFERROR(AM49/AQ49,0) -> 2.6674012 | AU49: =SUM((INDIRECT(AU$2&(ROW())):INDIRECT(AU$3&(ROW())))) -> 4187.8198 | AV49: =SUM(INDIRECT(AV$1&AV$2&$C49):INDIRECT(AV$1&AV$3&$C49)) -> 6264.4816 | AW49: =AU49-AV49 -> -2076.6617 | AX49: =IFERROR(AU49/AV49,0) -> 0.66850222 | AY49: =SUM(INDIRECT(AY$1&AY$2&$A49):INDIRECT(AY$1&AY$3&$A49))+SUM(INDIRECT(AY$1&AY$2&$B49):INDIRECT(AY$1&AY$3&$B49)) -> 1570 | AZ49: =AU49-AY49 -> 2617.8198 | BA49: =IFERROR(AU49/AY49,0) -> 2.6674012 | BC49: =SUM((INDIRECT(BC$2&(ROW())):INDIRECT(BC$3&(ROW())))) -> 4187.8198 | BD49: =SUM(INDIRECT(BD$1&BD$2&$C49):INDIRECT(BD$1&BD$3&$C49)) -> 6264.4816 | BE49: =BC49-BD49 -> -2076.6617 | BF49: =IFERROR(BC49/BD49,0) -> 0.66850222 | BG49: =SUM(INDIRECT(BG$1&BG$2&$A49):INDIRECT(BG$1&BG$3&$A49))+SUM(INDIRECT(BG$1&BG$2&$B49):INDIRECT(BG$1&BG$3&$B49)) -> 1570 | BH49: =BC49-BG49 -> 2617.8198 | BI49: =IFERROR(BC49/BG49,0) -> 2.6674012
A50: =A49+1 -> 50 | B50: 1 | C50: =C49+1 -> 50 | D50: 1 | K50: Depreciation & Amortization | R50: =CHOOSE(2, "6722000002969", "SGA Fixed Expenses Depreciation & Amortization") -> SGA Fixed Expenses Depreciation & Amortization | S50: 1343.9645 | T50: 1422.6003 | U50: =1347.68409+19792 -> 21139.684 | V50: 1871.3865 | W50: 1747.5705 | X50: 20896.098 | Y50: 1730.5104 | Z50: 3019.264 | AA50: 28034.162 | AB50: 2218.894 | AC50: 2203.3595 | AD50: 27977.267 | AE50: =SUM(S50,T50,U50) -> 23906.249 | AF50: =SUM(V50,W50,X50) -> 24515.055 | AG50: =SUM(Y50,Z50,AA50) -> 32783.936 | AH50: =SUM(AB50,AC50,AD50) -> 32399.521 | AI50: =AE50+AF50 -> 48421.304 | AJ50: =AH50+AG50 -> 65183.457 | AK50: =AI50+AJ50 -> 113604.76 | AM50: =SUM((INDIRECT(AM$2&(ROW())):INDIRECT(AM$3&(ROW())))) -> 1343.9645 | AN50: =SUM(INDIRECT(AN$1&AN$2&$C50):INDIRECT(AN$1&AN$3&$C50)) -> 6666.4583 | AO50: =AM50-AN50 -> -5322.4939 | AP50: =IFERROR(AM50/AN50,0) -> 0.20160097 | AQ50: =SUM(INDIRECT(AQ$1&AQ$2&$A50):INDIRECT(AQ$1&AQ$3&$A50))+SUM(INDIRECT(AQ$1&AQ$2&$B50):INDIRECT(AQ$1&AQ$3&$B50)) -> 1822 | AR50: =AM50-AQ50 -> -478.03554 | AS50: =IFERROR(AM50/AQ50,0) -> 0.73763143 | AU50: =SUM((INDIRECT(AU$2&(ROW())):INDIRECT(AU$3&(ROW())))) -> 1343.9645 | AV50: =SUM(INDIRECT(AV$1&AV$2&$C50):INDIRECT(AV$1&AV$3&$C50)) -> 6666.4583 | AW50: =AU50-AV50 -> -5322.4939 | AX50: =IFERROR(AU50/AV50,0) -> 0.20160097 | AY50: =SUM(INDIRECT(AY$1&AY$2&$A50):INDIRECT(AY$1&AY$3&$A50))+SUM(INDIRECT(AY$1&AY$2&$B50):INDIRECT(AY$1&AY$3&$B50)) -> 1822 | AZ50: =AU50-AY50 -> -478.03554 | BA50: =IFERROR(AU50/AY50,0) -> 0.73763143 | BC50: =SUM((INDIRECT(BC$2&(ROW())):INDIRECT(BC$3&(ROW())))) -> 1343.9645 | BD50: =SUM(INDIRECT(BD$1&BD$2&$C50):INDIRECT(BD$1&BD$3&$C50)) -> 6666.4583 | BE50: =BC50-BD50 -> -5322.4939 | BF50: =IFERROR(BC50/BD50,0) -> 0.20160097 | BG50: =SUM(INDIRECT(BG$1&BG$2&$A50):INDIRECT(BG$1&BG$3&$A50))+SUM(INDIRECT(BG$1&BG$2&$B50):INDIRECT(BG$1&BG$3&$B50)) -> 1822 | BH50: =BC50-BG50 -> -478.03554 | BI50: =IFERROR(BC50/BG50,0) -> 0.73763143
A51: =A50+1 -> 51 | B51: 1 | C51: =C50+1 -> 51 | D51: 1 | K51: Repair and Maintenance | R51: =CHOOSE(2, "6722000002970", "SGA Fixed Expenses Repair and Maintenance") -> SGA Fixed Expenses Repair and Maintenance | S51: 1028.6054 | T51: 1485.2167 | U51: 1065.9191 | V51: 1155.8408 | W51: 1097 | X51: 2523.5839 | Y51: 1004.1061 | Z51: 1555.8722 | AA51: 1509.0179 | AB51: 789.80236 | AC51: 99.6955 | AD51: 2895.8077 | AE51: =SUM(S51,T51,U51) -> 3579.7413 | AF51: =SUM(V51,W51,X51) -> 4776.4247 | AG51: =SUM(Y51,Z51,AA51) -> 4068.9962 | AH51: =SUM(AB51,AC51,AD51) -> 3785.3055 | AI51: =AE51+AF51 -> 8356.166 | AJ51: =AH51+AG51 -> 7854.3017 | AK51: =AI51+AJ51 -> 16210.468 | AM51: =SUM((INDIRECT(AM$2&(ROW())):INDIRECT(AM$3&(ROW())))) -> 1028.6054 | AN51: =SUM(INDIRECT(AN$1&AN$2&$C51):INDIRECT(AN$1&AN$3&$C51)) -> 1089.2 | AO51: =AM51-AN51 -> -60.59458 | AP51: =IFERROR(AM51/AN51,0) -> 0.94436781 | AQ51: =SUM(INDIRECT(AQ$1&AQ$2&$A51):INDIRECT(AQ$1&AQ$3&$A51))+SUM(INDIRECT(AQ$1&AQ$2&$B51):INDIRECT(AQ$1&AQ$3&$B51)) -> 952 | AR51: =AM51-AQ51 -> 76.60542 | AS51: =IFERROR(AM51/AQ51,0) -> 1.0804679 | AU51: =SUM((INDIRECT(AU$2&(ROW())):INDIRECT(AU$3&(ROW())))) -> 1028.6054 | AV51: =SUM(INDIRECT(AV$1&AV$2&$C51):INDIRECT(AV$1&AV$3&$C51)) -> 1089.2 | AW51: =AU51-AV51 -> -60.59458 | AX51: =IFERROR(AU51/AV51,0) -> 0.94436781 | AY51: =SUM(INDIRECT(AY$1&AY$2&$A51):INDIRECT(AY$1&AY$3&$A51))+SUM(INDIRECT(AY$1&AY$2&$B51):INDIRECT(AY$1&AY$3&$B51)) -> 952 | AZ51: =AU51-AY51 -> 76.60542 | BA51: =IFERROR(AU51/AY51,0) -> 1.0804679 | BC51: =SUM((INDIRECT(BC$2&(ROW())):INDIRECT(BC$3&(ROW())))) -> 1028.6054 | BD51: =SUM(INDIRECT(BD$1&BD$2&$C51):INDIRECT(BD$1&BD$3&$C51)) -> 1089.2 | BE51: =BC51-BD51 -> -60.59458 | BF51: =IFERROR(BC51/BD51,0) -> 0.94436781 | BG51: =SUM(INDIRECT(BG$1&BG$2&$A51):INDIRECT(BG$1&BG$3&$A51))+SUM(INDIRECT(BG$1&BG$2&$B51):INDIRECT(BG$1&BG$3&$B51)) -> 952 | BH51: =BC51-BG51 -> 76.60542 | BI51: =IFERROR(BC51/BG51,0) -> 1.0804679
A52: =A51+1 -> 52 | B52: 1 | C52: =C51+1 -> 52 | D52: 1 | K52: Rent Expenses | R52: =CHOOSE(2, "6722000002971", "SGA Fixed Expenses Rent Expenses") -> SGA Fixed Expenses Rent Expenses | S52: 13434.968 | T52: 14936.355 | U52: =14343.28131-16503 -> -2159.7187 | V52: 14173.031 | W52: 13962.813 | X52: 917.87613 | Y52: 14388.928 | Z52: 14044.221 | AA52: -10089.748 | AB52: 10585.617 | AC52: 9569.2519 | AD52: -30608.351 | AE52: =SUM(S52,T52,U52) -> 26211.604 | AF52: =SUM(V52,W52,X52) -> 29053.721 | AG52: =SUM(Y52,Z52,AA52) -> 18343.401 | AH52: =SUM(AB52,AC52,AD52) -> -10453.483 | AI52: =AE52+AF52 -> 55265.325 | AJ52: =AH52+AG52 -> 7889.9184 | AK52: =AI52+AJ52 -> 63155.243 | AM52: =SUM((INDIRECT(AM$2&(ROW())):INDIRECT(AM$3&(ROW())))) -> 13434.968 | AN52: =SUM(INDIRECT(AN$1&AN$2&$C52):INDIRECT(AN$1&AN$3&$C52)) -> 6830.4167 | AO52: =AM52-AN52 -> 6604.5509 | AP52: =IFERROR(AM52/AN52,0) -> 1.9669324 | AQ52: =SUM(INDIRECT(AQ$1&AQ$2&$A52):INDIRECT(AQ$1&AQ$3&$A52))+SUM(INDIRECT(AQ$1&AQ$2&$B52):INDIRECT(AQ$1&AQ$3&$B52)) -> 9666 | AR52: =AM52-AQ52 -> 3768.9676 | AS52: =IFERROR(AM52/AQ52,0) -> 1.3899201 | AU52: =SUM((INDIRECT(AU$2&(ROW())):INDIRECT(AU$3&(ROW())))) -> 13434.968 | AV52: =SUM(INDIRECT(AV$1&AV$2&$C52):INDIRECT(AV$1&AV$3&$C52)) -> 6830.4167 | AW52: =AU52-AV52 -> 6604.5509 | AX52: =IFERROR(AU52/AV52,0) -> 1.9669324 | AY52: =SUM(INDIRECT(AY$1&AY$2&$A52):INDIRECT(AY$1&AY$3&$A52))+SUM(INDIRECT(AY$1&AY$2&$B52):INDIRECT(AY$1&AY$3&$B52)) -> 9666 | AZ52: =AU52-AY52 -> 3768.9676 | BA52: =IFERROR(AU52/AY52,0) -> 1.3899201 | BC52: =SUM((INDIRECT(BC$2&(ROW())):INDIRECT(BC$3&(ROW())))) -> 13434.968 | BD52: =SUM(INDIRECT(BD$1&BD$2&$C52):INDIRECT(BD$1&BD$3&$C52)) -> 6830.4167 | BE52: =BC52-BD52 -> 6604.5509 | BF52: =IFERROR(BC52/BD52,0) -> 1.9669324 | BG52: =SUM(INDIRECT(BG$1&BG$2&$A52):INDIRECT(BG$1&BG$3&$A52))+SUM(INDIRECT(BG$1&BG$2&$B52):INDIRECT(BG$1&BG$3&$B52)) -> 9666 | BH52: =BC52-BG52 -> 3768.9676 | BI52: =IFERROR(BC52/BG52,0) -> 1.3899201
A53: =A52+1 -> 53 | B53: 1 | C53: =C52+1 -> 53 | D53: 1 | K53: Service Charges and Fees | R53: =CHOOSE(2, "6722000002972", "SGA Fixed Expenses Service Charges and Fees") -> SGA Fixed Expenses Service Charges and Fees | T53: 0 | U53: 0 | V53: 364 | W53: 92.4918 | X53: 95.9282 | Y53: 154.58 | Z53: 19.80263 | AA53: 248.91755 | AB53: 92.79605 | AC53: 86.809 | AD53: 129.70805 | AE53: =SUM(S53,T53,U53) -> 0 | AF53: =SUM(V53,W53,X53) -> 552.42 | AG53: =SUM(Y53,Z53,AA53) -> 423.30018 | AH53: =SUM(AB53,AC53,AD53) -> 309.3131 | AI53: =AE53+AF53 -> 552.42 | AJ53: =AH53+AG53 -> 732.61328 | AK53: =AI53+AJ53 -> 1285.0333 | AM53: =SUM((INDIRECT(AM$2&(ROW())):INDIRECT(AM$3&(ROW())))) -> 0 | AN53: =SUM(INDIRECT(AN$1&AN$2&$C53):INDIRECT(AN$1&AN$3&$C53)) -> 83.333333 | AO53: =AM53-AN53 -> -83.333333 | AP53: =IFERROR(AM53/AN53,0) -> 0 | AQ53: =SUM(INDIRECT(AQ$1&AQ$2&$A53):INDIRECT(AQ$1&AQ$3&$A53))+SUM(INDIRECT(AQ$1&AQ$2&$B53):INDIRECT(AQ$1&AQ$3&$B53)) -> 132 | AR53: =AM53-AQ53 -> -132 | AS53: =IFERROR(AM53/AQ53,0) -> 0 | AU53: =SUM((INDIRECT(AU$2&(ROW())):INDIRECT(AU$3&(ROW())))) -> 0 | AV53: =SUM(INDIRECT(AV$1&AV$2&$C53):INDIRECT(AV$1&AV$3&$C53)) -> 83.333333 | AW53: =AU53-AV53 -> -83.333333 | AX53: =IFERROR(AU53/AV53,0) -> 0 | AY53: =SUM(INDIRECT(AY$1&AY$2&$A53):INDIRECT(AY$1&AY$3&$A53))+SUM(INDIRECT(AY$1&AY$2&$B53):INDIRECT(AY$1&AY$3&$B53)) -> 132 | AZ53: =AU53-AY53 -> -132 | BA53: =IFERROR(AU53/AY53,0) -> 0 | BC53: =SUM((INDIRECT(BC$2&(ROW())):INDIRECT(BC$3&(ROW())))) -> 0 | BD53: =SUM(INDIRECT(BD$1&BD$2&$C53):INDIRECT(BD$1&BD$3&$C53)) -> 83.333333 | BE53: =BC53-BD53 -> -83.333333 | BF53: =IFERROR(BC53/BD53,0) -> 0 | BG53: =SUM(INDIRECT(BG$1&BG$2&$A53):INDIRECT(BG$1&BG$3&$A53))+SUM(INDIRECT(BG$1&BG$2&$B53):INDIRECT(BG$1&BG$3&$B53)) -> 132 | BH53: =BC53-BG53 -> -132 | BI53: =IFERROR(BC53/BG53,0) -> 0
A54: =A53+1 -> 54 | B54: 1 | C54: =C53+1 -> 54 | D54: 1 | K54: Other Expenses | R54: =CHOOSE(2, "6722000002973", "SGA Fixed Expenses Other Expenses") -> SGA Fixed Expenses Other Expenses | S54: 90450.115 | T54: 75193.272 | U54: -8783.9674 | V54: 32444.56 | W54: 34705.05 | X54: 32060.224 | Y54: 30765.703 | Z54: 57621.223 | AA54: 80601.906 | AB54: 66720.791 | AC54: 60465.435 | AD54: 12586.447 | AE54: =SUM(S54,T54,U54) -> 156859.42 | AF54: =SUM(V54,W54,X54) -> 99209.833 | AG54: =SUM(Y54,Z54,AA54) -> 168988.83 | AH54: =SUM(AB54,AC54,AD54) -> 139772.67 | AI54: =AE54+AF54 -> 256069.25 | AJ54: =AH54+AG54 -> 308761.5 | AK54: =AI54+AJ54 -> 564830.76 | AM54: =SUM((INDIRECT(AM$2&(ROW())):INDIRECT(AM$3&(ROW())))) -> 90450.115 | AN54: =SUM(INDIRECT(AN$1&AN$2&$C54):INDIRECT(AN$1&AN$3&$C54)) -> 30323.946 | AO54: =AM54-AN54 -> 60126.169 | AP54: =IFERROR(AM54/AN54,0) -> 2.982795 | AQ54: =SUM(INDIRECT(AQ$1&AQ$2&$A54):INDIRECT(AQ$1&AQ$3&$A54))+SUM(INDIRECT(AQ$1&AQ$2&$B54):INDIRECT(AQ$1&AQ$3&$B54)) -> 29635 | AR54: =AM54-AQ54 -> 60815.115 | AS54: =IFERROR(AM54/AQ54,0) -> 3.0521382 | AU54: =SUM((INDIRECT(AU$2&(ROW())):INDIRECT(AU$3&(ROW())))) -> 90450.115 | AV54: =SUM(INDIRECT(AV$1&AV$2&$C54):INDIRECT(AV$1&AV$3&$C54)) -> 30323.946 | AW54: =AU54-AV54 -> 60126.169 | AX54: =IFERROR(AU54/AV54,0) -> 2.982795 | AY54: =SUM(INDIRECT(AY$1&AY$2&$A54):INDIRECT(AY$1&AY$3&$A54))+SUM(INDIRECT(AY$1&AY$2&$B54):INDIRECT(AY$1&AY$3&$B54)) -> 29635 | AZ54: =AU54-AY54 -> 60815.115 | BA54: =IFERROR(AU54/AY54,0) -> 3.0521382 | BC54: =SUM((INDIRECT(BC$2&(ROW())):INDIRECT(BC$3&(ROW())))) -> 90450.115 | BD54: =SUM(INDIRECT(BD$1&BD$2&$C54):INDIRECT(BD$1&BD$3&$C54)) -> 30323.946 | BE54: =BC54-BD54 -> 60126.169 | BF54: =IFERROR(BC54/BD54,0) -> 2.982795 | BG54: =SUM(INDIRECT(BG$1&BG$2&$A54):INDIRECT(BG$1&BG$3&$A54))+SUM(INDIRECT(BG$1&BG$2&$B54):INDIRECT(BG$1&BG$3&$B54)) -> 29635 | BH54: =BC54-BG54 -> 60815.115 | BI54: =IFERROR(BC54/BG54,0) -> 3.0521382
A55: =A54+1 -> 55 | B55: 1 | C55: =C54+1 -> 55 | D55: 1 | R55: =CHOOSE(2, "6722000002974", "▷ Blank 3") -> ▷ Blank 3
A56: =A55+1 -> 56 | B56: 1 | C56: =C55+1 -> 56 | D56: 1 | E56: RF | H56: 1-3.Total Personnel Costs | R56: =CHOOSE(2, "6722000002975", "1-3.Total Personnel Costs") -> 1-3.Total Personnel Costs
A57: =A56+1 -> 57 | B57: 1 | C57: =C56+1 -> 57 | D57: 1 | E57: RF | J57: Personnel Costs Total | R57: =CHOOSE(2, "6722000002976", "Total PC Personnel Costs Total") -> Total PC Personnel Costs Total | S57: =SUM(S58:S59) -> 82425.7 | T57: =SUM(T58:T59) -> 89882.81 | U57: =SUM(U58:U59) -> 89026.933 | V57: =SUM(V58:V59) -> 86637.59 | W57: =SUM(W58:W59) -> 87964.713 | X57: =SUM(X58:X59) -> 81835.201 | Y57: =SUM(Y58:Y59) -> 84003.407 | Z57: =SUM(Z58:Z59) -> 96486.575 | ... AD57: =SUM(AD58:AD59) -> 97371.935 | AE57: =SUM(S57,T57,U57) -> 261335.44 | AF57: =SUM(V57,W57,X57) -> 256437.5 | AG57: =SUM(Y57,Z57,AA57) -> 283806.5 | AH57: =SUM(AB57,AC57,AD57) -> 314213.82 | AI57: =AE57+AF57 -> 517772.95 | AJ57: =AH57+AG57 -> 598020.32 | AK57: =AI57+AJ57 -> 1115793.3 | AM57: =SUM((INDIRECT(AM$2&(ROW())):INDIRECT(AM$3&(ROW())))) -> 82425.7 | AN57: =SUM(INDIRECT(AN$1&AN$2&$C57):INDIRECT(AN$1&AN$3&$C57)) -> 86570.587 | AO57: =AM57-AN57 -> -4144.8871 | AP57: =IFERROR(AM57/AN57,0) -> 0.9521213 | AQ57: =SUM(INDIRECT(AQ$1&AQ$2&$A57):INDIRECT(AQ$1&AQ$3&$A57))+SUM(INDIRECT(AQ$1&AQ$2&$B57):INDIRECT(AQ$1&AQ$3&$B57)) -> 74516 | AR57: =AM57-AQ57 -> 7909.7004 | AS57: =IFERROR(AM57/AQ57,0) -> 1.1061477 | AU57: =SUM((INDIRECT(AU$2&(ROW())):INDIRECT(AU$3&(ROW())))) -> 82425.7 | AV57: =SUM(INDIRECT(AV$1&AV$2&$C57):INDIRECT(AV$1&AV$3&$C57)) -> 86570.587 | AW57: =AU57-AV57 -> -4144.8871 | AX57: =IFERROR(AU57/AV57,0) -> 0.9521213 | AY57: =SUM(INDIRECT(AY$1&AY$2&$A57):INDIRECT(AY$1&AY$3&$A57))+SUM(INDIRECT(AY$1&AY$2&$B57):INDIRECT(AY$1&AY$3&$B57)) -> 74516 | AZ57: =AU57-AY57 -> 7909.7004 | BA57: =IFERROR(AU57/AY57,0) -> 1.1061477 | BC57: =SUM((INDIRECT(BC$2&(ROW())):INDIRECT(BC$3&(ROW())))) -> 82425.7 | BD57: =SUM(INDIRECT(BD$1&BD$2&$C57):INDIRECT(BD$1&BD$3&$C57)) -> 86570.587 | BE57: =BC57-BD57 -> -4144.8871 | BF57: =IFERROR(BC57/BD57,0) -> 0.9521213 | BG57: =SUM(INDIRECT(BG$1&BG$2&$A57):INDIRECT(BG$1&BG$3&$A57))+SUM(INDIRECT(BG$1&BG$2&$B57):INDIRECT(BG$1&BG$3&$B57)) -> 74516 | BH57: =BC57-BG57 -> 7909.7004 | BI57: =IFERROR(BC57/BG57,0) -> 1.1061477
A58: =A57+1 -> 58 | B58: 1 | C58: =C57+1 -> 58 | D58: 1 | E58: RF | K58: Included in COGS （Field Service cost /Service Desk Cost） | R58: =CHOOSE(2, "6722000002977", "Total PC Personnel Costs Total Included in COGS") -> Total PC Personnel Costs Total Included in COGS | S58: =S843 -> 18783 | T58: =T843 -> 19137.95 | U58: =U843 -> 18588.963 | V58: =V843 -> 20754.028 | W58: =W843 -> 22346.815 | X58: =X843 -> 20114.093 | Y58: =Y843 -> 20375.103 | Z58: =Z843 -> 24332.666 | ... AD58: =AD843 -> 25000.851 | AE58: =SUM(S58,T58,U58) -> 56509.913 | AF58: =SUM(V58,W58,X58) -> 63214.936 | AG58: =SUM(Y58,Z58,AA58) -> 69446.817 | AH58: =SUM(AB58,AC58,AD58) -> 77253.762 | AI58: =AE58+AF58 -> 119724.85 | AJ58: =AH58+AG58 -> 146700.58 | AK58: =AI58+AJ58 -> 266425.43 | AM58: =SUM((INDIRECT(AM$2&(ROW())):INDIRECT(AM$3&(ROW())))) -> 18783 | AN58: =SUM(INDIRECT(AN$1&AN$2&$C58):INDIRECT(AN$1&AN$3&$C58)) -> 19018.467 | AO58: =AM58-AN58 -> -235.46667 | AP58: =IFERROR(AM58/AN58,0) -> 0.98761905 | AQ58: =SUM(INDIRECT(AQ$1&AQ$2&$A58):INDIRECT(AQ$1&AQ$3&$A58))+SUM(INDIRECT(AQ$1&AQ$2&$B58):INDIRECT(AQ$1&AQ$3&$B58)) -> 16742 | AR58: =AM58-AQ58 -> 2041 | AS58: =IFERROR(AM58/AQ58,0) -> 1.121909 | AU58: =SUM((INDIRECT(AU$2&(ROW())):INDIRECT(AU$3&(ROW())))) -> 18783 | AV58: =SUM(INDIRECT(AV$1&AV$2&$C58):INDIRECT(AV$1&AV$3&$C58)) -> 19018.467 | AW58: =AU58-AV58 -> -235.46667 | AX58: =IFERROR(AU58/AV58,0) -> 0.98761905 | AY58: =SUM(INDIRECT(AY$1&AY$2&$A58):INDIRECT(AY$1&AY$3&$A58))+SUM(INDIRECT(AY$1&AY$2&$B58):INDIRECT(AY$1&AY$3&$B58)) -> 16742 | AZ58: =AU58-AY58 -> 2041 | BA58: =IFERROR(AU58/AY58,0) -> 1.121909 | BC58: =SUM((INDIRECT(BC$2&(ROW())):INDIRECT(BC$3&(ROW())))) -> 18783 | BD58: =SUM(INDIRECT(BD$1&BD$2&$C58):INDIRECT(BD$1&BD$3&$C58)) -> 19018.467 | BE58: =BC58-BD58 -> -235.46667 | BF58: =IFERROR(BC58/BD58,0) -> 0.98761905 | BG58: =SUM(INDIRECT(BG$1&BG$2&$A58):INDIRECT(BG$1&BG$3&$A58))+SUM(INDIRECT(BG$1&BG$2&$B58):INDIRECT(BG$1&BG$3&$B58)) -> 16742 | BH58: =BC58-BG58 -> 2041 | BI58: =IFERROR(BC58/BG58,0) -> 1.121909
A59: =A58+1 -> 59 | B59: 1 | C59: =C58+1 -> 59 | D59: 1 | E59: RF | K59: Included in SG&A (Wages & Salaries） | R59: =CHOOSE(2, "6722000002978", "Total PC Personnel Costs Total Included in SG&A") -> Total PC Personnel Costs Total Included in SG&A | S59: =S44 -> 63642.7 | T59: =T44 -> 70744.86 | U59: =U44 -> 70437.97 | V59: =V44 -> 65883.562 | W59: =W44 -> 65617.898 | X59: =X44 -> 61721.108 | Y59: =Y44 -> 63628.304 | Z59: =Z44 -> 72153.909 | ... AD59: =AD44 -> 72371.084 | AE59: =SUM(S59,T59,U59) -> 204825.53 | AF59: =SUM(V59,W59,X59) -> 193222.57 | AG59: =SUM(Y59,Z59,AA59) -> 214359.69 | AH59: =SUM(AB59,AC59,AD59) -> 236960.05 | AI59: =AE59+AF59 -> 398048.1 | AJ59: =AH59+AG59 -> 451319.74 | AK59: =AI59+AJ59 -> 849367.84 | AM59: =SUM((INDIRECT(AM$2&(ROW())):INDIRECT(AM$3&(ROW())))) -> 63642.7 | AN59: =SUM(INDIRECT(AN$1&AN$2&$C59):INDIRECT(AN$1&AN$3&$C59)) -> 67552.121 | AO59: =AM59-AN59 -> -3909.4205 | AP59: =IFERROR(AM59/AN59,0) -> 0.94212735 | AQ59: =SUM(INDIRECT(AQ$1&AQ$2&$A59):INDIRECT(AQ$1&AQ$3&$A59))+SUM(INDIRECT(AQ$1&AQ$2&$B59):INDIRECT(AQ$1&AQ$3&$B59)) -> 57774 | AR59: =AM59-AQ59 -> 5868.7004 | AS59: =IFERROR(AM59/AQ59,0) -> 1.1015803 | AU59: =SUM((INDIRECT(AU$2&(ROW())):INDIRECT(AU$3&(ROW())))) -> 63642.7 | AV59: =SUM(INDIRECT(AV$1&AV$2&$C59):INDIRECT(AV$1&AV$3&$C59)) -> 67552.121 | AW59: =AU59-AV59 -> -3909.4205 | AX59: =IFERROR(AU59/AV59,0) -> 0.94212735 | AY59: =SUM(INDIRECT(AY$1&AY$2&$A59):INDIRECT(AY$1&AY$3&$A59))+SUM(INDIRECT(AY$1&AY$2&$B59):INDIRECT(AY$1&AY$3&$B59)) -> 57774 | AZ59: =AU59-AY59 -> 5868.7004 | BA59: =IFERROR(AU59/AY59,0) -> 1.1015803 | BC59: =SUM((INDIRECT(BC$2&(ROW())):INDIRECT(BC$3&(ROW())))) -> 63642.7 | BD59: =SUM(INDIRECT(BD$1&BD$2&$C59):INDIRECT(BD$1&BD$3&$C59)) -> 67552.121 | BE59: =BC59-BD59 -> -3909.4205 | BF59: =IFERROR(BC59/BD59,0) -> 0.94212735 | BG59: =SUM(INDIRECT(BG$1&BG$2&$A59):INDIRECT(BG$1&BG$3&$A59))+SUM(INDIRECT(BG$1&BG$2&$B59):INDIRECT(BG$1&BG$3&$B59)) -> 57774 | BH59: =BC59-BG59 -> 5868.7004 | BI59: =IFERROR(BC59/BG59,0) -> 1.1015803
A60: =A59+1 -> 60 | B60: 1 | C60: =C59+1 -> 60 | D60: 1 | E60: RF | R60: =CHOOSE(2, "6722000002979", "▷ Blank 4") -> ▷ Blank 4
A61: =A60+1 -> 61 | B61: 1 | C61: =C60+1 -> 61 | D61: 1 | E61: RF | H61: 1-4.Break-down of Other Income, Other Expense | R61: =CHOOSE(2, "6722000002980", "1-4.Break-down of Other Income, Other Expense") -> 1-4.Break-down of Other Income, Other Expense
A62: =A61+1 -> 62 | B62: 1 | C62: =C61+1 -> 62 | D62: 1 | E62: RF | J62: Other income | R62: =CHOOSE(2, "6722000002981", "BO,OE Other income") -> BO,OE Other income | S62: =S26 -> 1465 | T62: =T26 -> 3570 | U62: =U26 -> 1463 | V62: =V26 -> 2188 | W62: =W26 -> 1450 | X62: =X26 -> 1389 | Y62: =Y26 -> 2530.5748 | Z62: =Z26 -> 2736.2131 | ... AK62: =AK26 -> 29134.627 | AM62: =SUM((INDIRECT(AM$2&(ROW())):INDIRECT(AM$3&(ROW())))) -> 1465 | AN62: =SUM(INDIRECT(AN$1&AN$2&$C62):INDIRECT(AN$1&AN$3&$C62)) -> 0 | AO62: =AM62-AN62 -> 1465 | AP62: =IFERROR(AM62/AN62,0) -> 0 | AQ62: =SUM(INDIRECT(AQ$1&AQ$2&$A62):INDIRECT(AQ$1&AQ$3&$A62))+SUM(INDIRECT(AQ$1&AQ$2&$B62):INDIRECT(AQ$1&AQ$3&$B62)) -> 9951 | AR62: =AM62-AQ62 -> -8486 | AS62: =IFERROR(AM62/AQ62,0) -> 0.14722138 | AU62: =SUM((INDIRECT(AU$2&(ROW())):INDIRECT(AU$3&(ROW())))) -> 1465 | AV62: =SUM(INDIRECT(AV$1&AV$2&$C62):INDIRECT(AV$1&AV$3&$C62)) -> 0 | AW62: =AU62-AV62 -> 1465 | AX62: =IFERROR(AU62/AV62,0) -> 0 | AY62: =SUM(INDIRECT(AY$1&AY$2&$A62):INDIRECT(AY$1&AY$3&$A62))+SUM(INDIRECT(AY$1&AY$2&$B62):INDIRECT(AY$1&AY$3&$B62)) -> 9951 | AZ62: =AU62-AY62 -> -8486 | BA62: =IFERROR(AU62/AY62,0) -> 0.14722138 | BC62: =SUM((INDIRECT(BC$2&(ROW())):INDIRECT(BC$3&(ROW())))) -> 1465 | BD62: =SUM(INDIRECT(BD$1&BD$2&$C62):INDIRECT(BD$1&BD$3&$C62)) -> 0 | BE62: =BC62-BD62 -> 1465 | BF62: =IFERROR(BC62/BD62,0) -> 0 | BG62: =SUM(INDIRECT(BG$1&BG$2&$A62):INDIRECT(BG$1&BG$3&$A62))+SUM(INDIRECT(BG$1&BG$2&$B62):INDIRECT(BG$1&BG$3&$B62)) -> 9951 | BH62: =BC62-BG62 -> -8486 | BI62: =IFERROR(BC62/BG62,0) -> 0.14722138
A63: =A62+1 -> 63 | B63: 1 | C63: =C62+1 -> 63 | D63: 1 | E63: RF | K63: Rent income from Property, Plant and Equipment | R63: =CHOOSE(2, "6722000002982", "BO,OE Other income RP,PE") -> BO,OE Other income RP,PE | AE63: =SUM(S63,T63,U63) -> 0 | AF63: =SUM(V63,W63,X63) -> 0 | AG63: =SUM(Y63,Z63,AA63) -> 0 | AH63: =SUM(AB63,AC63,AD63) -> 0 | AI63: =AE63+AF63 -> 0 | AJ63: =AH63+AG63 -> 0 | AK63: =AI63+AJ63 -> 0 | AM63: =SUM((INDIRECT(AM$2&(ROW())):INDIRECT(AM$3&(ROW())))) -> 0 | AN63: =SUM(INDIRECT(AN$1&AN$2&$C63):INDIRECT(AN$1&AN$3&$C63)) -> 0 | AO63: =AM63-AN63 -> 0 | AP63: =IFERROR(AM63/AN63,0) -> 0 | AQ63: =SUM(INDIRECT(AQ$1&AQ$2&$A63):INDIRECT(AQ$1&AQ$3&$A63))+SUM(INDIRECT(AQ$1&AQ$2&$B63):INDIRECT(AQ$1&AQ$3&$B63)) -> 0 | AR63: =AM63-AQ63 -> 0 | AS63: =IFERROR(AM63/AQ63,0) -> 0 | AU63: =SUM((INDIRECT(AU$2&(ROW())):INDIRECT(AU$3&(ROW())))) -> 0 | AV63: =SUM(INDIRECT(AV$1&AV$2&$C63):INDIRECT(AV$1&AV$3&$C63)) -> 0 | AW63: =AU63-AV63 -> 0 | AX63: =IFERROR(AU63/AV63,0) -> 0 | AY63: =SUM(INDIRECT(AY$1&AY$2&$A63):INDIRECT(AY$1&AY$3&$A63))+SUM(INDIRECT(AY$1&AY$2&$B63):INDIRECT(AY$1&AY$3&$B63)) -> 0 | AZ63: =AU63-AY63 -> 0 | BA63: =IFERROR(AU63/AY63,0) -> 0 | BC63: =SUM((INDIRECT(BC$2&(ROW())):INDIRECT(BC$3&(ROW())))) -> 0 | BD63: =SUM(INDIRECT(BD$1&BD$2&$C63):INDIRECT(BD$1&BD$3&$C63)) -> 0 | BE63: =BC63-BD63 -> 0 | BF63: =IFERROR(BC63/BD63,0) -> 0 | BG63: =SUM(INDIRECT(BG$1&BG$2&$A63):INDIRECT(BG$1&BG$3&$A63))+SUM(INDIRECT(BG$1&BG$2&$B63):INDIRECT(BG$1&BG$3&$B63)) -> 0 | BH63: =BC63-BG63 -> 0 | BI63: =IFERROR(BC63/BG63,0) -> 0
A64: =A63+1 -> 64 | B64: 1 | C64: =C63+1 -> 64 | D64: 1 | E64: RF | K64: Commissions and Fees Income | R64: =CHOOSE(2, "6722000002983", "BO,OE Other income Commissions and Fees Income") -> BO,OE Other income Commissions and Fees Income | AE64: =SUM(S64,T64,U64) -> 0 | AF64: =SUM(V64,W64,X64) -> 0 | AG64: =SUM(Y64,Z64,AA64) -> 0 | AH64: =SUM(AB64,AC64,AD64) -> 0 | AI64: =AE64+AF64 -> 0 | AJ64: =AH64+AG64 -> 0 | AK64: =AI64+AJ64 -> 0 | AM64: =SUM((INDIRECT(AM$2&(ROW())):INDIRECT(AM$3&(ROW())))) -> 0 | AN64: =SUM(INDIRECT(AN$1&AN$2&$C64):INDIRECT(AN$1&AN$3&$C64)) -> 0 | AO64: =AM64-AN64 -> 0 | AP64: =IFERROR(AM64/AN64,0) -> 0 | AQ64: =SUM(INDIRECT(AQ$1&AQ$2&$A64):INDIRECT(AQ$1&AQ$3&$A64))+SUM(INDIRECT(AQ$1&AQ$2&$B64):INDIRECT(AQ$1&AQ$3&$B64)) -> 0 | AR64: =AM64-AQ64 -> 0 | AS64: =IFERROR(AM64/AQ64,0) -> 0 | AU64: =SUM((INDIRECT(AU$2&(ROW())):INDIRECT(AU$3&(ROW())))) -> 0 | AV64: =SUM(INDIRECT(AV$1&AV$2&$C64):INDIRECT(AV$1&AV$3&$C64)) -> 0 | AW64: =AU64-AV64 -> 0 | AX64: =IFERROR(AU64/AV64,0) -> 0 | AY64: =SUM(INDIRECT(AY$1&AY$2&$A64):INDIRECT(AY$1&AY$3&$A64))+SUM(INDIRECT(AY$1&AY$2&$B64):INDIRECT(AY$1&AY$3&$B64)) -> 0 | AZ64: =AU64-AY64 -> 0 | BA64: =IFERROR(AU64/AY64,0) -> 0 | BC64: =SUM((INDIRECT(BC$2&(ROW())):INDIRECT(BC$3&(ROW())))) -> 0 | BD64: =SUM(INDIRECT(BD$1&BD$2&$C64):INDIRECT(BD$1&BD$3&$C64)) -> 0 | BE64: =BC64-BD64 -> 0 | BF64: =IFERROR(BC64/BD64,0) -> 0 | BG64: =SUM(INDIRECT(BG$1&BG$2&$A64):INDIRECT(BG$1&BG$3&$A64))+SUM(INDIRECT(BG$1&BG$2&$B64):INDIRECT(BG$1&BG$3&$B64)) -> 0 | BH64: =BC64-BG64 -> 0 | BI64: =IFERROR(BC64/BG64,0) -> 0
A65: =A64+1 -> 65 | B65: 1 | C65: =C64+1 -> 65 | D65: 1 | E65: RF | K65: Gains on Sales of Asset | R65: =CHOOSE(2, "6722000002984", "BO,OE Other income Gains on Sales of Asset") -> BO,OE Other income Gains on Sales of Asset | AE65: =SUM(S65,T65,U65) -> 0 | AF65: =SUM(V65,W65,X65) -> 0 | AG65: =SUM(Y65,Z65,AA65) -> 0 | AH65: =SUM(AB65,AC65,AD65) -> 0 | AI65: =AE65+AF65 -> 0 | AJ65: =AH65+AG65 -> 0 | AK65: =AI65+AJ65 -> 0 | AM65: =SUM((INDIRECT(AM$2&(ROW())):INDIRECT(AM$3&(ROW())))) -> 0 | AN65: =SUM(INDIRECT(AN$1&AN$2&$C65):INDIRECT(AN$1&AN$3&$C65)) -> 0 | AO65: =AM65-AN65 -> 0 | AP65: =IFERROR(AM65/AN65,0) -> 0 | AQ65: =SUM(INDIRECT(AQ$1&AQ$2&$A65):INDIRECT(AQ$1&AQ$3&$A65))+SUM(INDIRECT(AQ$1&AQ$2&$B65):INDIRECT(AQ$1&AQ$3&$B65)) -> 0 | AR65: =AM65-AQ65 -> 0 | AS65: =IFERROR(AM65/AQ65,0) -> 0 | AU65: =SUM((INDIRECT(AU$2&(ROW())):INDIRECT(AU$3&(ROW())))) -> 0 | AV65: =SUM(INDIRECT(AV$1&AV$2&$C65):INDIRECT(AV$1&AV$3&$C65)) -> 0 | AW65: =AU65-AV65 -> 0 | AX65: =IFERROR(AU65/AV65,0) -> 0 | AY65: =SUM(INDIRECT(AY$1&AY$2&$A65):INDIRECT(AY$1&AY$3&$A65))+SUM(INDIRECT(AY$1&AY$2&$B65):INDIRECT(AY$1&AY$3&$B65)) -> 0 | AZ65: =AU65-AY65 -> 0 | BA65: =IFERROR(AU65/AY65,0) -> 0 | BC65: =SUM((INDIRECT(BC$2&(ROW())):INDIRECT(BC$3&(ROW())))) -> 0 | BD65: =SUM(INDIRECT(BD$1&BD$2&$C65):INDIRECT(BD$1&BD$3&$C65)) -> 0 | BE65: =BC65-BD65 -> 0 | BF65: =IFERROR(BC65/BD65,0) -> 0 | BG65: =SUM(INDIRECT(BG$1&BG$2&$A65):INDIRECT(BG$1&BG$3&$A65))+SUM(INDIRECT(BG$1&BG$2&$B65):INDIRECT(BG$1&BG$3&$B65)) -> 0 | BH65: =BC65-BG65 -> 0 | BI65: =IFERROR(BC65/BG65,0) -> 0
A66: =A65+1 -> 66 | B66: 1 | C66: =C65+1 -> 66 | D66: 1 | E66: RF | K66: Government support | R66: =CHOOSE(2, "6722000002985", "BO,OE Other income Government support") -> BO,OE Other income Government support | AE66: =SUM(S66,T66,U66) -> 0 | AF66: =SUM(V66,W66,X66) -> 0 | AG66: =SUM(Y66,Z66,AA66) -> 0 | AH66: =SUM(AB66,AC66,AD66) -> 0 | AI66: =AE66+AF66 -> 0 | AJ66: =AH66+AG66 -> 0 | AK66: =AI66+AJ66 -> 0 | AM66: =SUM((INDIRECT(AM$2&(ROW())):INDIRECT(AM$3&(ROW())))) -> 0 | AN66: =SUM(INDIRECT(AN$1&AN$2&$C66):INDIRECT(AN$1&AN$3&$C66)) -> 0 | AO66: =AM66-AN66 -> 0 | AP66: =IFERROR(AM66/AN66,0) -> 0 | AQ66: =SUM(INDIRECT(AQ$1&AQ$2&$A66):INDIRECT(AQ$1&AQ$3&$A66))+SUM(INDIRECT(AQ$1&AQ$2&$B66):INDIRECT(AQ$1&AQ$3&$B66)) -> 0 | AR66: =AM66-AQ66 -> 0 | AS66: =IFERROR(AM66/AQ66,0) -> 0 | AU66: =SUM((INDIRECT(AU$2&(ROW())):INDIRECT(AU$3&(ROW())))) -> 0 | AV66: =SUM(INDIRECT(AV$1&AV$2&$C66):INDIRECT(AV$1&AV$3&$C66)) -> 0 | AW66: =AU66-AV66 -> 0 | AX66: =IFERROR(AU66/AV66,0) -> 0 | AY66: =SUM(INDIRECT(AY$1&AY$2&$A66):INDIRECT(AY$1&AY$3&$A66))+SUM(INDIRECT(AY$1&AY$2&$B66):INDIRECT(AY$1&AY$3&$B66)) -> 0 | AZ66: =AU66-AY66 -> 0 | BA66: =IFERROR(AU66/AY66,0) -> 0 | BC66: =SUM((INDIRECT(BC$2&(ROW())):INDIRECT(BC$3&(ROW())))) -> 0 | BD66: =SUM(INDIRECT(BD$1&BD$2&$C66):INDIRECT(BD$1&BD$3&$C66)) -> 0 | BE66: =BC66-BD66 -> 0 | BF66: =IFERROR(BC66/BD66,0) -> 0 | BG66: =SUM(INDIRECT(BG$1&BG$2&$A66):INDIRECT(BG$1&BG$3&$A66))+SUM(INDIRECT(BG$1&BG$2&$B66):INDIRECT(BG$1&BG$3&$B66)) -> 0 | BH66: =BC66-BG66 -> 0 | BI66: =IFERROR(BC66/BG66,0) -> 0
A67: =A66+1 -> 67 | B67: 1 | C67: =C66+1 -> 67 | D67: 1 | E67: RF | K67: Other income | R67: =CHOOSE(2, "6722000002986", "BO,OE Other income Other income") -> BO,OE Other income Other income | S67: =S62-SUM(S63:S66) -> 1465 | T67: =T62-SUM(T63:T66) -> 3570 | U67: =U62-SUM(U63:U66) -> 1463 | V67: =V62-SUM(V63:V66) -> 2188 | W67: =W62-SUM(W63:W66) -> 1450 | X67: =X62-SUM(X63:X66) -> 1389 | Y67: =Y62-SUM(Y63:Y66) -> 2530.5748 | Z67: =Z62-SUM(Z63:Z66) -> 2736.2131 | ... AK67: =AK62-SUM(AK63:AK66) -> 29134.627 | AM67: =SUM((INDIRECT(AM$2&(ROW())):INDIRECT(AM$3&(ROW())))) -> 1465 | AN67: =SUM(INDIRECT(AN$1&AN$2&$C67):INDIRECT(AN$1&AN$3&$C67)) -> 0 | AO67: =AM67-AN67 -> 1465 | AP67: =IFERROR(AM67/AN67,0) -> 0 | AQ67: =SUM(INDIRECT(AQ$1&AQ$2&$A67):INDIRECT(AQ$1&AQ$3&$A67))+SUM(INDIRECT(AQ$1&AQ$2&$B67):INDIRECT(AQ$1&AQ$3&$B67)) -> 9951 | AR67: =AM67-AQ67 -> -8486 | AS67: =IFERROR(AM67/AQ67,0) -> 0.14722138 | AU67: =SUM((INDIRECT(AU$2&(ROW())):INDIRECT(AU$3&(ROW())))) -> 1465 | AV67: =SUM(INDIRECT(AV$1&AV$2&$C67):INDIRECT(AV$1&AV$3&$C67)) -> 0 | AW67: =AU67-AV67 -> 1465 | AX67: =IFERROR(AU67/AV67,0) -> 0 | AY67: =SUM(INDIRECT(AY$1&AY$2&$A67):INDIRECT(AY$1&AY$3&$A67))+SUM(INDIRECT(AY$1&AY$2&$B67):INDIRECT(AY$1&AY$3&$B67)) -> 9951 | AZ67: =AU67-AY67 -> -8486 | BA67: =IFERROR(AU67/AY67,0) -> 0.14722138 | BC67: =SUM((INDIRECT(BC$2&(ROW())):INDIRECT(BC$3&(ROW())))) -> 1465 | BD67: =SUM(INDIRECT(BD$1&BD$2&$C67):INDIRECT(BD$1&BD$3&$C67)) -> 0 | BE67: =BC67-BD67 -> 1465 | BF67: =IFERROR(BC67/BD67,0) -> 0 | BG67: =SUM(INDIRECT(BG$1&BG$2&$A67):INDIRECT(BG$1&BG$3&$A67))+SUM(INDIRECT(BG$1&BG$2&$B67):INDIRECT(BG$1&BG$3&$B67)) -> 9951 | BH67: =BC67-BG67 -> -8486 | BI67: =IFERROR(BC67/BG67,0) -> 0.14722138
A68: =A67+1 -> 68 | B68: 1 | C68: =C67+1 -> 68 | D68: 1 | E68: RF | J68: Other Expense | R68: =CHOOSE(2, "6722000002987", "BO,OE Other Expense") -> BO,OE Other Expense | S68: =S27 -> 0 | T68: =T27 -> 0 | U68: =U27 -> 0 | V68: =V27 -> 0 | W68: =W27 -> 0 | X68: =X27 -> 0 | Y68: =Y27 -> 0 | Z68: =Z27 -> 0 | ... AK68: =AK27 -> 0 | AM68: =SUM((INDIRECT(AM$2&(ROW())):INDIRECT(AM$3&(ROW())))) -> 0 | AN68: =SUM(INDIRECT(AN$1&AN$2&$C68):INDIRECT(AN$1&AN$3&$C68)) -> 0 | AO68: =AM68-AN68 -> 0 | AP68: =IFERROR(AM68/AN68,0) -> 0 | AQ68: =SUM(INDIRECT(AQ$1&AQ$2&$A68):INDIRECT(AQ$1&AQ$3&$A68))+SUM(INDIRECT(AQ$1&AQ$2&$B68):INDIRECT(AQ$1&AQ$3&$B68)) -> 0 | AR68: =AM68-AQ68 -> 0 | AS68: =IFERROR(AM68/AQ68,0) -> 0 | AU68: =SUM((INDIRECT(AU$2&(ROW())):INDIRECT(AU$3&(ROW())))) -> 0 | AV68: =SUM(INDIRECT(AV$1&AV$2&$C68):INDIRECT(AV$1&AV$3&$C68)) -> 0 | AW68: =AU68-AV68 -> 0 | AX68: =IFERROR(AU68/AV68,0) -> 0 | AY68: =SUM(INDIRECT(AY$1&AY$2&$A68):INDIRECT(AY$1&AY$3&$A68))+SUM(INDIRECT(AY$1&AY$2&$B68):INDIRECT(AY$1&AY$3&$B68)) -> 0 | AZ68: =AU68-AY68 -> 0 | BA68: =IFERROR(AU68/AY68,0) -> 0 | BC68: =SUM((INDIRECT(BC$2&(ROW())):INDIRECT(BC$3&(ROW())))) -> 0 | BD68: =SUM(INDIRECT(BD$1&BD$2&$C68):INDIRECT(BD$1&BD$3&$C68)) -> 0 | BE68: =BC68-BD68 -> 0 | BF68: =IFERROR(BC68/BD68,0) -> 0 | BG68: =SUM(INDIRECT(BG$1&BG$2&$A68):INDIRECT(BG$1&BG$3&$A68))+SUM(INDIRECT(BG$1&BG$2&$B68):INDIRECT(BG$1&BG$3&$B68)) -> 0 | BH68: =BC68-BG68 -> 0 | BI68: =IFERROR(BC68/BG68,0) -> 0
A69: =A68+1 -> 69 | B69: 1 | C69: =C68+1 -> 69 | D69: 1 | E69: RF | K69: Losses on Sales of Asset, Disposal of Asset | R69: =CHOOSE(2, "6722000002988", "BO,OE Other Expense LSA, DA") -> BO,OE Other Expense LSA, DA | AE69: =SUM(S69,T69,U69) -> 0 | AF69: =SUM(V69,W69,X69) -> 0 | AG69: =SUM(Y69,Z69,AA69) -> 0 | AH69: =SUM(AB69,AC69,AD69) -> 0 | AI69: =AE69+AF69 -> 0 | AJ69: =AH69+AG69 -> 0 | AK69: =AI69+AJ69 -> 0 | AM69: =SUM((INDIRECT(AM$2&(ROW())):INDIRECT(AM$3&(ROW())))) -> 0 | AN69: =SUM(INDIRECT(AN$1&AN$2&$C69):INDIRECT(AN$1&AN$3&$C69)) -> 0 | AO69: =AM69-AN69 -> 0 | AP69: =IFERROR(AM69/AN69,0) -> 0 | AQ69: =SUM(INDIRECT(AQ$1&AQ$2&$A69):INDIRECT(AQ$1&AQ$3&$A69))+SUM(INDIRECT(AQ$1&AQ$2&$B69):INDIRECT(AQ$1&AQ$3&$B69)) -> 0 | AR69: =AM69-AQ69 -> 0 | AS69: =IFERROR(AM69/AQ69,0) -> 0 | AU69: =SUM((INDIRECT(AU$2&(ROW())):INDIRECT(AU$3&(ROW())))) -> 0 | AV69: =SUM(INDIRECT(AV$1&AV$2&$C69):INDIRECT(AV$1&AV$3&$C69)) -> 0 | AW69: =AU69-AV69 -> 0 | AX69: =IFERROR(AU69/AV69,0) -> 0 | AY69: =SUM(INDIRECT(AY$1&AY$2&$A69):INDIRECT(AY$1&AY$3&$A69))+SUM(INDIRECT(AY$1&AY$2&$B69):INDIRECT(AY$1&AY$3&$B69)) -> 0 | AZ69: =AU69-AY69 -> 0 | BA69: =IFERROR(AU69/AY69,0) -> 0 | BC69: =SUM((INDIRECT(BC$2&(ROW())):INDIRECT(BC$3&(ROW())))) -> 0 | BD69: =SUM(INDIRECT(BD$1&BD$2&$C69):INDIRECT(BD$1&BD$3&$C69)) -> 0 | BE69: =BC69-BD69 -> 0 | BF69: =IFERROR(BC69/BD69,0) -> 0 | BG69: =SUM(INDIRECT(BG$1&BG$2&$A69):INDIRECT(BG$1&BG$3&$A69))+SUM(INDIRECT(BG$1&BG$2&$B69):INDIRECT(BG$1&BG$3&$B69)) -> 0 | BH69: =BC69-BG69 -> 0 | BI69: =IFERROR(BC69/BG69,0) -> 0
A70: =A69+1 -> 70 | B70: 1 | C70: =C69+1 -> 70 | D70: 1 | E70: RF | K70: Impairment Loss | R70: =CHOOSE(2, "6722000002989", "BO,OE Other Expense Impairment Loss") -> BO,OE Other Expense Impairment Loss | AE70: =SUM(S70,T70,U70) -> 0 | AF70: =SUM(V70,W70,X70) -> 0 | AG70: =SUM(Y70,Z70,AA70) -> 0 | AH70: =SUM(AB70,AC70,AD70) -> 0 | AI70: =AE70+AF70 -> 0 | AJ70: =AH70+AG70 -> 0 | AK70: =AI70+AJ70 -> 0 | AM70: =SUM((INDIRECT(AM$2&(ROW())):INDIRECT(AM$3&(ROW())))) -> 0 | AN70: =SUM(INDIRECT(AN$1&AN$2&$C70):INDIRECT(AN$1&AN$3&$C70)) -> 0 | AO70: =AM70-AN70 -> 0 | AP70: =IFERROR(AM70/AN70,0) -> 0 | AQ70: =SUM(INDIRECT(AQ$1&AQ$2&$A70):INDIRECT(AQ$1&AQ$3&$A70))+SUM(INDIRECT(AQ$1&AQ$2&$B70):INDIRECT(AQ$1&AQ$3&$B70)) -> 0 | AR70: =AM70-AQ70 -> 0 | AS70: =IFERROR(AM70/AQ70,0) -> 0 | AU70: =SUM((INDIRECT(AU$2&(ROW())):INDIRECT(AU$3&(ROW())))) -> 0 | AV70: =SUM(INDIRECT(AV$1&AV$2&$C70):INDIRECT(AV$1&AV$3&$C70)) -> 0 | AW70: =AU70-AV70 -> 0 | AX70: =IFERROR(AU70/AV70,0) -> 0 | AY70: =SUM(INDIRECT(AY$1&AY$2&$A70):INDIRECT(AY$1&AY$3&$A70))+SUM(INDIRECT(AY$1&AY$2&$B70):INDIRECT(AY$1&AY$3&$B70)) -> 0 | AZ70: =AU70-AY70 -> 0 | BA70: =IFERROR(AU70/AY70,0) -> 0 | BC70: =SUM((INDIRECT(BC$2&(ROW())):INDIRECT(BC$3&(ROW())))) -> 0 | BD70: =SUM(INDIRECT(BD$1&BD$2&$C70):INDIRECT(BD$1&BD$3&$C70)) -> 0 | BE70: =BC70-BD70 -> 0 | BF70: =IFERROR(BC70/BD70,0) -> 0 | BG70: =SUM(INDIRECT(BG$1&BG$2&$A70):INDIRECT(BG$1&BG$3&$A70))+SUM(INDIRECT(BG$1&BG$2&$B70):INDIRECT(BG$1&BG$3&$B70)) -> 0 | BH70: =BC70-BG70 -> 0 | BI70: =IFERROR(BC70/BG70,0) -> 0
A71: =A70+1 -> 71 | B71: 1 | C71: =C70+1 -> 71 | D71: 1 | E71: RF | K71: Restructuring Expense | R71: =CHOOSE(2, "6722000002990", "BO,OE Other Expense Restructuring Expense") -> BO,OE Other Expense Restructuring Expense | AE71: =SUM(S71,T71,U71) -> 0 | AF71: =SUM(V71,W71,X71) -> 0 | AG71: =SUM(Y71,Z71,AA71) -> 0 | AH71: =SUM(AB71,AC71,AD71) -> 0 | AI71: =AE71+AF71 -> 0 | AJ71: =AH71+AG71 -> 0 | AK71: =AI71+AJ71 -> 0 | AM71: =SUM((INDIRECT(AM$2&(ROW())):INDIRECT(AM$3&(ROW())))) -> 0 | AN71: =SUM(INDIRECT(AN$1&AN$2&$C71):INDIRECT(AN$1&AN$3&$C71)) -> 0 | AO71: =AM71-AN71 -> 0 | AP71: =IFERROR(AM71/AN71,0) -> 0 | AQ71: =SUM(INDIRECT(AQ$1&AQ$2&$A71):INDIRECT(AQ$1&AQ$3&$A71))+SUM(INDIRECT(AQ$1&AQ$2&$B71):INDIRECT(AQ$1&AQ$3&$B71)) -> 0 | AR71: =AM71-AQ71 -> 0 | AS71: =IFERROR(AM71/AQ71,0) -> 0 | AU71: =SUM((INDIRECT(AU$2&(ROW())):INDIRECT(AU$3&(ROW())))) -> 0 | AV71: =SUM(INDIRECT(AV$1&AV$2&$C71):INDIRECT(AV$1&AV$3&$C71)) -> 0 | AW71: =AU71-AV71 -> 0 | AX71: =IFERROR(AU71/AV71,0) -> 0 | AY71: =SUM(INDIRECT(AY$1&AY$2&$A71):INDIRECT(AY$1&AY$3&$A71))+SUM(INDIRECT(AY$1&AY$2&$B71):INDIRECT(AY$1&AY$3&$B71)) -> 0 | AZ71: =AU71-AY71 -> 0 | BA71: =IFERROR(AU71/AY71,0) -> 0 | BC71: =SUM((INDIRECT(BC$2&(ROW())):INDIRECT(BC$3&(ROW())))) -> 0 | BD71: =SUM(INDIRECT(BD$1&BD$2&$C71):INDIRECT(BD$1&BD$3&$C71)) -> 0 | BE71: =BC71-BD71 -> 0 | BF71: =IFERROR(BC71/BD71,0) -> 0 | BG71: =SUM(INDIRECT(BG$1&BG$2&$A71):INDIRECT(BG$1&BG$3&$A71))+SUM(INDIRECT(BG$1&BG$2&$B71):INDIRECT(BG$1&BG$3&$B71)) -> 0 | BH71: =BC71-BG71 -> 0 | BI71: =IFERROR(BC71/BG71,0) -> 0
A72: =A71+1 -> 72 | B72: 1 | C72: =C71+1 -> 72 | D72: 1 | E72: RF | K72: Expense for layoff benefit | R72: =CHOOSE(2, "6722000002991", "BO,OE Other Expense Expense for layoff benefit") -> BO,OE Other Expense Expense for layoff benefit | AE72: =SUM(S72,T72,U72) -> 0 | AF72: =SUM(V72,W72,X72) -> 0 | AG72: =SUM(Y72,Z72,AA72) -> 0 | AH72: =SUM(AB72,AC72,AD72) -> 0 | AI72: =AE72+AF72 -> 0 | AJ72: =AH72+AG72 -> 0 | AK72: =AI72+AJ72 -> 0 | AM72: =SUM((INDIRECT(AM$2&(ROW())):INDIRECT(AM$3&(ROW())))) -> 0 | AN72: =SUM(INDIRECT(AN$1&AN$2&$C72):INDIRECT(AN$1&AN$3&$C72)) -> 0 | AO72: =AM72-AN72 -> 0 | AP72: =IFERROR(AM72/AN72,0) -> 0 | AQ72: =SUM(INDIRECT(AQ$1&AQ$2&$A72):INDIRECT(AQ$1&AQ$3&$A72))+SUM(INDIRECT(AQ$1&AQ$2&$B72):INDIRECT(AQ$1&AQ$3&$B72)) -> 0 | AR72: =AM72-AQ72 -> 0 | AS72: =IFERROR(AM72/AQ72,0) -> 0 | AU72: =SUM((INDIRECT(AU$2&(ROW())):INDIRECT(AU$3&(ROW())))) -> 0 | AV72: =SUM(INDIRECT(AV$1&AV$2&$C72):INDIRECT(AV$1&AV$3&$C72)) -> 0 | AW72: =AU72-AV72 -> 0 | AX72: =IFERROR(AU72/AV72,0) -> 0 | AY72: =SUM(INDIRECT(AY$1&AY$2&$A72):INDIRECT(AY$1&AY$3&$A72))+SUM(INDIRECT(AY$1&AY$2&$B72):INDIRECT(AY$1&AY$3&$B72)) -> 0 | AZ72: =AU72-AY72 -> 0 | BA72: =IFERROR(AU72/AY72,0) -> 0 | BC72: =SUM((INDIRECT(BC$2&(ROW())):INDIRECT(BC$3&(ROW())))) -> 0 | BD72: =SUM(INDIRECT(BD$1&BD$2&$C72):INDIRECT(BD$1&BD$3&$C72)) -> 0 | BE72: =BC72-BD72 -> 0 | BF72: =IFERROR(BC72/BD72,0) -> 0 | BG72: =SUM(INDIRECT(BG$1&BG$2&$A72):INDIRECT(BG$1&BG$3&$A72))+SUM(INDIRECT(BG$1&BG$2&$B72):INDIRECT(BG$1&BG$3&$B72)) -> 0 | BH72: =BC72-BG72 -> 0 | BI72: =IFERROR(BC72/BG72,0) -> 0
A73: =A72+1 -> 73 | B73: 1 | C73: =C72+1 -> 73 | D73: 1 | E73: RF | K73: Other Expense | R73: =CHOOSE(2, "6722000002992", "BO,OE Other Expense Other Expense") -> BO,OE Other Expense Other Expense | S73: =S68-SUM(S69:S72) -> 0 | T73: =T68-SUM(T69:T72) -> 0 | U73: =U68-SUM(U69:U72) -> 0 | V73: =V68-SUM(V69:V72) -> 0 | W73: =W68-SUM(W69:W72) -> 0 | X73: =X68-SUM(X69:X72) -> 0 | Y73: =Y68-SUM(Y69:Y72) -> 0 | Z73: =Z68-SUM(Z69:Z72) -> 0 | ... AK73: =AK68-SUM(AK69:AK72) -> 0 | AM73: =SUM((INDIRECT(AM$2&(ROW())):INDIRECT(AM$3&(ROW())))) -> 0 | AN73: =SUM(INDIRECT(AN$1&AN$2&$C73):INDIRECT(AN$1&AN$3&$C73)) -> 0 | AO73: =AM73-AN73 -> 0 | AP73: =IFERROR(AM73/AN73,0) -> 0 | AQ73: =SUM(INDIRECT(AQ$1&AQ$2&$A73):INDIRECT(AQ$1&AQ$3&$A73))+SUM(INDIRECT(AQ$1&AQ$2&$B73):INDIRECT(AQ$1&AQ$3&$B73)) -> 0 | AR73: =AM73-AQ73 -> 0 | AS73: =IFERROR(AM73/AQ73,0) -> 0 | AU73: =SUM((INDIRECT(AU$2&(ROW())):INDIRECT(AU$3&(ROW())))) -> 0 | AV73: =SUM(INDIRECT(AV$1&AV$2&$C73):INDIRECT(AV$1&AV$3&$C73)) -> 0 | AW73: =AU73-AV73 -> 0 | AX73: =IFERROR(AU73/AV73,0) -> 0 | AY73: =SUM(INDIRECT(AY$1&AY$2&$A73):INDIRECT(AY$1&AY$3&$A73))+SUM(INDIRECT(AY$1&AY$2&$B73):INDIRECT(AY$1&AY$3&$B73)) -> 0 | AZ73: =AU73-AY73 -> 0 | BA73: =IFERROR(AU73/AY73,0) -> 0 | BC73: =SUM((INDIRECT(BC$2&(ROW())):INDIRECT(BC$3&(ROW())))) -> 0 | BD73: =SUM(INDIRECT(BD$1&BD$2&$C73):INDIRECT(BD$1&BD$3&$C73)) -> 0 | BE73: =BC73-BD73 -> 0 | BF73: =IFERROR(BC73/BD73,0) -> 0 | BG73: =SUM(INDIRECT(BG$1&BG$2&$A73):INDIRECT(BG$1&BG$3&$A73))+SUM(INDIRECT(BG$1&BG$2&$B73):INDIRECT(BG$1&BG$3&$B73)) -> 0 | BH73: =BC73-BG73 -> 0 | BI73: =IFERROR(BC73/BG73,0) -> 0
A74: =A73+1 -> 74 | B74: 1 | C74: =C73+1 -> 74 | D74: 1 | E74: RF | R74: =CHOOSE(2, "6722000002993", "▷ Blank 5") -> ▷ Blank 5
A75: =A74+1 -> 75 | B75: 1 | C75: =C74+1 -> 75 | D75: 1 | E75: RF | G75: 2. P/L (2) - Overview by BU | R75: =CHOOSE(2, "6722000002994", "2. P/L (2) - Overview by BU") -> 2. P/L (2) - Overview by BU
A76: =A75+1 -> 76 | B76: 1 | C76: =C75+1 -> 76 | D76: 1 | E76: RF | H76: 2-1. P/L Statement by BU | R76: =CHOOSE(2, "6722000002995", "2-1. P/L Statement by BU") -> 2-1. P/L Statement by BU
A77: =A76+1 -> 77 | B77: 1 | C77: =C76+1 -> 77 | D77: 1 | E77: RF | I77: (1) Office | R77: =CHOOSE(2, "6722000002996", "PL (1) Office") -> PL (1) Office | AK77: =AK79-AK81 -> 2415904
A78: =A77+1 -> 78 | B78: 1 | C78: =C77+1 -> 78 | D78: 1 | E78: RF | R78: =CHOOSE(2, "6722000002997", "▷ Blank 6") -> ▷ Blank 6 | S78: =S13 -> 45017 | T78: =T13 -> 45047 | U78: =U13 -> 45078 | V78: =V13 -> 45108 | W78: =W13 -> 45139 | X78: =X13 -> 45170 | Y78: =Y13 -> 45200 | Z78: =Z13 -> 45231 | ... AD78: =AD13 -> 45352 | AE78: =AE$13 -> Q1 | AF78: =AF$13 -> Q2 | AG78: =AG$13 -> Q3 | AH78: =AH$13 -> Q4 | AI78: =AI$13 -> 1st H | AJ78: =AJ$13 -> 2nd H | AK78: =AK$13 -> FY23 | AM78: =AM$13 -> Result | AN78: =AN$13 -> OP | AO78: =AO$13 -> vs OP | AP78: =AP$13 -> % | AQ78: =AQ$13 -> FY22 | AR78: =AR$13 -> vs FY22 | AS78: =AS$13 -> % | AU78: =AU$13 -> Result | AV78: =AV$13 -> OP | AW78: =AW$13 -> vs OP | AX78: =AX$13 -> % | AY78: =AY$13 -> FY22 | AZ78: =AZ$13 -> vs FY22 | BA78: =BA$13 -> % | BC78: =BC$13 -> Result | BD78: =BD$13 -> OP | BE78: =BE$13 -> vs OP | BF78: =BF$13 -> % | BG78: =BG$13 -> FY22 | BH78: =BH$13 -> vs FY22 | BI78: =BI$13 -> %
A79: =A78+1 -> 79 | B79: 1 | C79: =C78+1 -> 79 | D79: 1 | E79: RF | J79: Net Sales | R79: =CHOOSE(2, "6722000002998", "PL Net Sales") -> PL Net Sales | S79: =S102+S143 -> 282234 | T79: =T102+T143 -> 305251.2 | U79: =U102+U143 -> 319681.62 | V79: =V102+V143 -> 269779.67 | W79: =W102+W143 -> 303956.91 | X79: =X102+X143 -> 340734.44 | Y79: =Y102+Y143 -> 251139.66 | Z79: =Z102+Z143 -> 282806.14 | ... AD79: =AD102+AD143 -> 331071.25 | AE79: =SUM(S79,T79,U79) -> 907166.83 | AF79: =SUM(V79,W79,X79) -> 914471.02 | AG79: =SUM(Y79,Z79,AA79) -> 856324.1 | AH79: =SUM(AB79,AC79,AD79) -> 941118.78 | AI79: =AE79+AF79 -> 1821637.8 | AJ79: =AH79+AG79 -> 1797442.9 | AK79: =AI79+AJ79 -> 3619080.7 | AM79: =AM102+AM143 -> 282234 | AN79: =AN102+AN143 -> 250909.46 | AO79: =AM79-AN79 -> 31324.542 | AP79: =IFERROR(AM79/AN79,0) -> 1.124844 | AQ79: =AQ102+AQ143 -> 164198 | AR79: =AM79-AQ79 -> 118036 | AS79: =IFERROR(AM79/AQ79,0) -> 1.7188638 | AU79: =AU102+AU143 -> 282234 | AV79: =AV102+AV143 -> 250909.46 | AW79: =AU79-AV79 -> 31324.542 | AX79: =IFERROR(AU79/AV79,0) -> 1.124844 | AY79: =AY102+AY143 -> 164198 | AZ79: =AU79-AY79 -> 118036 | BA79: =IFERROR(AU79/AY79,0) -> 1.7188638 | BC79: =BC102+BC143 -> 282234 | BD79: =BD102+BD143 -> 250909.46 | BE79: =BC79-BD79 -> 31324.542 | BF79: =IFERROR(BC79/BD79,0) -> 1.124844 | BG79: =BG102+BG143 -> 164198 | BH79: =BC79-BG79 -> 118036 | BI79: =IFERROR(BC79/BG79,0) -> 1.7188638
A80: =A79+1 -> 80 | B80: 1 | C80: =C79+1 -> 80 | D80: 1 | E80: RF | J80: BT Consolidated Sales | R80: =CHOOSE(2, "6722000002999", "PL BT Cons. Sales") -> PL BT Cons. Sales | S80: =S106+S144 -> 282234 | T80: =T106+T144 -> 305251.7 | U80: =U106+U144 -> 319681.62 | V80: =V106+V144 -> 269779.68 | W80: =W106+W144 -> 303956.62 | X80: =X106+X144 -> 340734.6 | Y80: =Y106+Y144 -> 251139.39 | Z80: =Z106+Z144 -> 282806.14 | ... AD80: =AD106+AD144 -> 331071.25 | AE80: =SUM(S80,T80,U80) -> 907167.32 | AF80: =SUM(V80,W80,X80) -> 914470.9 | AG80: =SUM(Y80,Z80,AA80) -> 856323.83 | AH80: =SUM(AB80,AC80,AD80) -> 941118.78 | AI80: =AE80+AF80 -> 1821638.2 | AJ80: =AH80+AG80 -> 1797442.6 | AK80: =AI80+AJ80 -> 3619080.8 | AM80: =AM106+AM144 -> 282234 | AN80: =AN106+AN144 -> 250909.46 | AO80: =AM80-AN80 -> 31324.542 | AP80: =IFERROR(AM80/AN80,0) -> 1.124844 | AQ80: =AQ106+AQ144 -> 164198 | AR80: =AM80-AQ80 -> 118036 | AS80: =IFERROR(AM80/AQ80,0) -> 1.7188638 | AU80: =AU106+AU144 -> 282234 | AV80: =AV106+AV144 -> 250909.46 | AW80: =AU80-AV80 -> 31324.542 | AX80: =IFERROR(AU80/AV80,0) -> 1.124844 | AY80: =AY106+AY144 -> 164198 | AZ80: =AU80-AY80 -> 118036 | BA80: =IFERROR(AU80/AY80,0) -> 1.7188638 | BC80: =BC106+BC144 -> 282234 | BD80: =BD106+BD144 -> 250909.46 | BE80: =BC80-BD80 -> 31324.542 | BF80: =IFERROR(BC80/BD80,0) -> 1.124844 | BG80: =BG106+BG144 -> 164198 | BH80: =BC80-BG80 -> 118036 | BI80: =IFERROR(BC80/BG80,0) -> 1.7188638
A81: =A80+1 -> 81 | B81: 1 | C81: =C80+1 -> 81 | D81: 1 | E81: RF | J81: Gross Profit | R81: =CHOOSE(2, "6722000003000", "PL Gross Profit") -> PL Gross Profit | S81: =S123+S145 -> 103028 | T81: =T123+T145 -> 86965.61 | U81: =U123+U145 -> 97777.982 | V81: =V123+V145 -> 87518.518 | W81: =W123+W145 -> 101538.63 | X81: =X123+X145 -> 112315.67 | Y81: =Y123+Y145 -> 94330.39 | Z81: =Z123+Z145 -> 102823.67 | ... AD81: =AD123+AD145 -> 95794.068 | AE81: =SUM(S81,T81,U81) -> 287771.59 | AF81: =SUM(V81,W81,X81) -> 301372.81 | AG81: =SUM(Y81,Z81,AA81) -> 310207.27 | AH81: =SUM(AB81,AC81,AD81) -> 303825.1 | AI81: =AE81+AF81 -> 589144.4 | AJ81: =AH81+AG81 -> 614032.37 | AK81: =AI81+AJ81 -> 1203176.8 | AM81: =AM123+AM145 -> 103028 | AN81: =AN123+AN145 -> 74637.498 | AO81: =AM81-AN81 -> 28390.502 | AP81: =IFERROR(AM81/AN81,0) -> 1.3803785 | AQ81: =AQ123+AQ145 -> 62999 | AR81: =AM81-AQ81 -> 40029 | AS81: =IFERROR(AM81/AQ81,0) -> 1.635391 | AU81: =AU123+AU145 -> 103028 | AV81: =AV123+AV145 -> 74637.498 | AW81: =AU81-AV81 -> 28390.502 | AX81: =IFERROR(AU81/AV81,0) -> 1.3803785 | AY81: =AY123+AY145 -> 62999 | AZ81: =AU81-AY81 -> 40029 | BA81: =IFERROR(AU81/AY81,0) -> 1.635391 | BC81: =BC123+BC145 -> 103028 | BD81: =BD123+BD145 -> 74637.498 | BE81: =BC81-BD81 -> 28390.502 | BF81: =IFERROR(BC81/BD81,0) -> 1.3803785 | BG81: =BG123+BG145 -> 62999 | BH81: =BC81-BG81 -> 40029 | BI81: =IFERROR(BC81/BG81,0) -> 1.635391
A82: =A81+1 -> 82 | B82: 1 | C82: =C81+1 -> 82 | D82: 1 | E82: RF | J82: SGA Expenses | R82: =CHOOSE(2, "6722000003001", "PL SGA Expenses") -> PL SGA Expenses | S82: =SUM(S83:S85) -> 93617.343 | T82: =SUM(T83:T85) -> 77087.697 | U82: =SUM(U83:U85) -> 71900.79 | V82: =SUM(V83:V85) -> 73860.774 | W82: =SUM(W83:W85) -> 81834.634 | X82: =SUM(X83:X85) -> 88790.464 | Y82: =SUM(Y83:Y85) -> 87332.197 | Z82: =SUM(Z83:Z85) -> 86054.766 | ... AK82: =SUM(AK83:AK85) -> 997790.14 | AM82: =SUM(AM83:AM85) -> 93617.343 | AN82: =SUM(AN83:AN85) -> 68189.964 | AO82: =AM82-AN82 -> 25427.379 | AP82: =IFERROR(AM82/AN82,0) -> 1.3728904 | AQ82: =SUM(AQ83:AQ85) -> 55371.655 | AR82: =AM82-AQ82 -> 38245.688 | AS82: =IFERROR(AM82/AQ82,0) -> 1.6907088 | AU82: =SUM(AU83:AU85) -> 93617.343 | AV82: =SUM(AV83:AV85) -> 68189.964 | AW82: =AU82-AV82 -> 25427.379 | AX82: =IFERROR(AU82/AV82,0) -> 1.3728904 | AY82: =SUM(AY83:AY85) -> 55371.655 | AZ82: =AU82-AY82 -> 38245.688 | BA82: =IFERROR(AU82/AY82,0) -> 1.6907088 | BC82: =SUM(BC83:BC85) -> 93617.343 | BD82: =SUM(BD83:BD85) -> 68189.964 | BE82: =BC82-BD82 -> 25427.379 | BF82: =IFERROR(BC82/BD82,0) -> 1.3728904 | BG82: =SUM(BG83:BG85) -> 55371.655 | BH82: =BC82-BG82 -> 38245.688 | BI82: =IFERROR(BC82/BG82,0) -> 1.6907088
A83: =A82+1 -> 83 | B83: 1 | C83: =C82+1 -> 83 | D83: 1 | E83: RF | K83: Variable Expenses | R83: =CHOOSE(2, "6722000003002", "PL SGA Expenses Variable Expenses") -> PL SGA Expenses Variable Expenses | S83: =S132+S147 -> 37793.664 | T83: =T132+T147 -> 13893.489 | U83: =U132+U147 -> 36525.783 | V83: =V132+V147 -> 25624.088 | W83: =W132+W147 -> 34186.873 | X83: =X132+X147 -> 43220.307 | Y83: =Y132+Y147 -> 42759.898 | Z83: =Z132+Z147 -> 23125.555 | ... AD83: =AD132+AD147 -> 45044.955 | AE83: =SUM(S83,T83,U83) -> 88212.935 | AF83: =SUM(V83,W83,X83) -> 103031.27 | AG83: =SUM(Y83,Z83,AA83) -> 106205.05 | AH83: =SUM(AB83,AC83,AD83) -> 87229.542 | AI83: =AE83+AF83 -> 191244.2 | AJ83: =AH83+AG83 -> 193434.59 | AK83: =AI83+AJ83 -> 384678.8 | AM83: =AM132+AM147 -> 37793.664 | AN83: =AN132+AN147 -> 25792.506 | AO83: =AM83-AN83 -> 12001.158 | AP83: =IFERROR(AM83/AN83,0) -> 1.4652963 | AQ83: =AQ132+AQ147 -> 18592.978 | AR83: =AM83-AQ83 -> 19200.685 | AS83: =IFERROR(AM83/AQ83,0) -> 2.0326848 | AU83: =AU132+AU147 -> 37793.664 | AV83: =AV132+AV147 -> 25792.506 | AW83: =AU83-AV83 -> 12001.158 | AX83: =IFERROR(AU83/AV83,0) -> 1.4652963 | AY83: =AY132+AY147 -> 18592.978 | AZ83: =AU83-AY83 -> 19200.685 | BA83: =IFERROR(AU83/AY83,0) -> 2.0326848 | BC83: =BC132+BC147 -> 37793.664 | BD83: =BD132+BD147 -> 25792.506 | BE83: =BC83-BD83 -> 12001.158 | BF83: =IFERROR(BC83/BD83,0) -> 1.4652963 | BG83: =BG132+BG147 -> 18592.978 | BH83: =BC83-BG83 -> 19200.685 | BI83: =IFERROR(BC83/BG83,0) -> 2.0326848
A84: =A83+1 -> 84 | B84: 1 | C84: =C83+1 -> 84 | D84: 1 | E84: RF | K84: Wages & Salaries | R84: =CHOOSE(2, "6722000003003", "PL SGA Expenses Wages & Salaries") -> PL SGA Expenses Wages & Salaries | S84: =S133+S148 -> 27017.53 | T84: =T133+T148 -> 30155.712 | U84: =U133+U148 -> 30146.81 | V84: =V133+V148 -> 30006.009 | W84: =W133+W148 -> 29623.803 | X84: =X133+X148 -> 25497.191 | Y84: =Y133+Y148 -> 26878.867 | Z84: =Z133+Z148 -> 30020.036 | ... AD84: =AD133+AD148 -> 30821.52 | AE84: =SUM(S84,T84,U84) -> 87320.052 | AF84: =SUM(V84,W84,X84) -> 85127.003 | AG84: =SUM(Y84,Z84,AA84) -> 89016.888 | AH84: =SUM(AB84,AC84,AD84) -> 98989.702 | AI84: =AE84+AF84 -> 172447.05 | AJ84: =AH84+AG84 -> 188006.59 | AK84: =AI84+AJ84 -> 360453.64 | AM84: =AM133+AM148 -> 27017.53 | AN84: =AN133+AN148 -> 28677.002 | AO84: =AM84-AN84 -> -1659.4723 | AP84: =IFERROR(AM84/AN84,0) -> 0.9421323 | AQ84: =AQ133+AQ148 -> 22847 | AR84: =AM84-AQ84 -> 4170.5296 | AS84: =IFERROR(AM84/AQ84,0) -> 1.1825417 | AU84: =AU133+AU148 -> 27017.53 | AV84: =AV133+AV148 -> 28677.002 | AW84: =AU84-AV84 -> -1659.4723 | AX84: =IFERROR(AU84/AV84,0) -> 0.9421323 | AY84: =AY133+AY148 -> 22847 | AZ84: =AU84-AY84 -> 4170.5296 | BA84: =IFERROR(AU84/AY84,0) -> 1.1825417 | BC84: =BC133+BC148 -> 27017.53 | BD84: =BD133+BD148 -> 28677.002 | BE84: =BC84-BD84 -> -1659.4723 | BF84: =IFERROR(BC84/BD84,0) -> 0.9421323 | BG84: =BG133+BG148 -> 22847 | BH84: =BC84-BG84 -> 4170.5296 | BI84: =IFERROR(BC84/BG84,0) -> 1.1825417
A85: =A84+1 -> 85 | B85: 1 | C85: =C84+1 -> 85 | D85: 1 | E85: RF | K85: Fixed Expenses | R85: =CHOOSE(2, "6722000003004", "PL SGA Expenses Fixed Expenses") -> PL SGA Expenses Fixed Expenses | S85: =S134+S149 -> 28806.15 | T85: =T134+T149 -> 33038.496 | U85: =U134+U149 -> 5228.1971 | V85: =V134+V149 -> 18230.677 | W85: =W134+W149 -> 18023.958 | X85: =X134+X149 -> 20072.965 | Y85: =Y134+Y149 -> 17693.432 | Z85: =Z134+Z149 -> 32909.175 | ... AD85: =AD134+AD149 -> 7582.7218 | AE85: =SUM(S85,T85,U85) -> 67072.843 | AF85: =SUM(V85,W85,X85) -> 56327.601 | AG85: =SUM(Y85,Z85,AA85) -> 71518.724 | AH85: =SUM(AB85,AC85,AD85) -> 57738.527 | AI85: =AE85+AF85 -> 123400.44 | AJ85: =AH85+AG85 -> 129257.25 | AK85: =AI85+AJ85 -> 252657.69 | AM85: =AM134+AM149 -> 28806.15 | AN85: =AN134+AN149 -> 13720.456 | AO85: =AM85-AN85 -> 15085.694 | AP85: =IFERROR(AM85/AN85,0) -> 2.0995039 | AQ85: =AQ134+AQ149 -> 13931.676 | AR85: =AM85-AQ85 -> 14874.473 | AS85: =IFERROR(AM85/AQ85,0) -> 2.0676729 | AU85: =AU134+AU149 -> 28806.15 | AV85: =AV134+AV149 -> 13720.456 | AW85: =AU85-AV85 -> 15085.694 | AX85: =IFERROR(AU85/AV85,0) -> 2.0995039 | AY85: =AY134+AY149 -> 13931.676 | AZ85: =AU85-AY85 -> 14874.473 | BA85: =IFERROR(AU85/AY85,0) -> 2.0676729 | BC85: =BC134+BC149 -> 28806.15 | BD85: =BD134+BD149 -> 13720.456 | BE85: =BC85-BD85 -> 15085.694 | BF85: =IFERROR(BC85/BD85,0) -> 2.0995039 | BG85: =BG134+BG149 -> 13931.676 | BH85: =BC85-BG85 -> 14874.473 | BI85: =IFERROR(BC85/BG85,0) -> 2.0676729
A86: =A85+1 -> 86 | B86: 1 | C86: =C85+1 -> 86 | D86: 1 | E86: RF | J86: Business Contribution Profit | R86: =CHOOSE(2, "6722000003005", "PL Business Contribution Profit") -> PL Business Contribution Profit | S86: =S81-S82 -> 9410.6568 | T86: =T81-T82 -> 9877.913 | U86: =U81-U82 -> 25877.192 | V86: =V81-V82 -> 13657.743 | W86: =W81-W82 -> 19703.991 | X86: =X81-X82 -> 23525.203 | Y86: =Y81-Y82 -> 6998.1929 | Z86: =Z81-Z82 -> 16768.901 | ... AK86: =AK81-AK82 -> 205386.63 | AM86: =AM81-AM82 -> 9410.6568 | AN86: =AN81-AN82 -> 6447.5342 | AO86: =AM86-AN86 -> 2963.1226 | AP86: =IFERROR(AM86/AN86,0) -> 1.4595746 | AQ86: =AQ81-AQ82 -> 7627.3451 | AR86: =AM86-AQ86 -> 1783.3117 | AS86: =IFERROR(AM86/AQ86,0) -> 1.233805 | AU86: =AU81-AU82 -> 9410.6568 | AV86: =AV81-AV82 -> 6447.5342 | AW86: =AU86-AV86 -> 2963.1226 | AX86: =IFERROR(AU86/AV86,0) -> 1.4595746 | AY86: =AY81-AY82 -> 7627.3451 | AZ86: =AU86-AY86 -> 1783.3117 | BA86: =IFERROR(AU86/AY86,0) -> 1.233805 | BC86: =BC81-BC82 -> 9410.6568 | BD86: =BD81-BD82 -> 6447.5342 | BE86: =BC86-BD86 -> 2963.1226 | BF86: =IFERROR(BC86/BD86,0) -> 1.4595746 | BG86: =BG81-BG82 -> 7627.3451 | BH86: =BC86-BG86 -> 1783.3117 | BI86: =IFERROR(BC86/BG86,0) -> 1.233805
A87: =A86+1 -> 87 | B87: 1 | C87: =C86+1 -> 87 | D87: 1 | E87: RF | J87: Other Income | R87: =CHOOSE(2, "6722000003006", "PL Other Income") -> PL Other Income | S87: =S137 -> 467 | T87: =T137 -> 1138 | U87: =U137 -> 466 | V87: =V137 -> 697 | W87: =W137 -> 462 | X87: =X137 -> 443 | Y87: =Y137 -> 806.35003 | Z87: =Z137 -> 871.87523 | ... AD87: =AD137 -> 1986.6493 | AE87: =SUM(S87:U87) -> 2071 | AF87: =SUM(V87:X87) -> 1602 | AG87: =SUM(Y87:AA87) -> 2373.9946 | AH87: =SUM(AB87:AD87) -> 3237.1903 | AI87: =AE87+AF87 -> 3673 | AJ87: =AH87+AG87 -> 5611.1849 | AK87: =AI87+AJ87 -> 9284.1849 | AM87: =AM137 -> 467 | AN87: =AN137 -> 0 | AO87: =AM87-AN87 -> 467 | AP87: =IFERROR(AM87/AN87,0) -> 0 | AQ87: =AQ137 -> 3064 | AR87: =AM87-AQ87 -> -2597 | AS87: =IFERROR(AM87/AQ87,0) -> 0.15241514 | AU87: =AU137 -> 467 | AV87: =AV137 -> 0 | AW87: =AU87-AV87 -> 467 | AX87: =IFERROR(AU87/AV87,0) -> 0 | AY87: =AY137 -> 3064 | AZ87: =AU87-AY87 -> -2597 | BA87: =IFERROR(AU87/AY87,0) -> 0.15241514 | BC87: =BC137 -> 467 | BD87: =BD137 -> 0 | BE87: =BC87-BD87 -> 467 | BF87: =IFERROR(BC87/BD87,0) -> 0 | BG87: =BG137 -> 3064 | BH87: =BC87-BG87 -> -2597 | BI87: =IFERROR(BC87/BG87,0) -> 0.15241514
A88: =A87+1 -> 88 | B88: 1 | C88: =C87+1 -> 88 | D88: 1 | E88: RF | J88: Other Expenses | R88: =CHOOSE(2, "6722000003007", "PL Other Expenses") -> PL Other Expenses | S88: =S138 -> 0 | T88: =T138 -> 0 | U88: =U138 -> 0 | V88: =V138 -> 0 | W88: =W138 -> 0 | X88: =X138 -> 0 | Y88: =Y138 -> 0 | Z88: =Z138 -> 0 | ... AD88: =AD138 -> 0 | AE88: =SUM(S88:U88) -> 0 | AF88: =SUM(V88:X88) -> 0 | AG88: =SUM(Y88:AA88) -> 0 | AH88: =SUM(AB88:AD88) -> 0 | AI88: =AE88+AF88 -> 0 | AJ88: =AH88+AG88 -> 0 | AK88: =AI88+AJ88 -> 0 | AM88: =AM138 -> 0 | AN88: =AN138 -> 0 | AO88: =AM88-AN88 -> 0 | AP88: =IFERROR(AM88/AN88,0) -> 0 | AQ88: =AQ138 -> 0 | AR88: =AM88-AQ88 -> 0 | AS88: =IFERROR(AM88/AQ88,0) -> 0 | AU88: =AU138 -> 0 | AV88: =AV138 -> 0 | AW88: =AU88-AV88 -> 0 | AX88: =IFERROR(AU88/AV88,0) -> 0 | AY88: =AY138 -> 0 | AZ88: =AU88-AY88 -> 0 | BA88: =IFERROR(AU88/AY88,0) -> 0 | BC88: =BC138 -> 0 | BD88: =BD138 -> 0 | BE88: =BC88-BD88 -> 0 | BF88: =IFERROR(BC88/BD88,0) -> 0 | BG88: =BG138 -> 0 | BH88: =BC88-BG88 -> 0 | BI88: =IFERROR(BC88/BG88,0) -> 0
A89: =A88+1 -> 89 | B89: 1 | C89: =C88+1 -> 89 | D89: 1 | E89: RF | J89: Operating Profit | R89: =CHOOSE(2, "6722000003008", "PL Operating Profit") -> PL Operating Profit | S89: =S86+S87-S88 -> 9877.6568 | T89: =T86+T87-T88 -> 11015.913 | U89: =U86+U87-U88 -> 26343.192 | V89: =V86+V87-V88 -> 14354.743 | W89: =W86+W87-W88 -> 20165.991 | X89: =X86+X87-X88 -> 23968.203 | Y89: =Y86+Y87-Y88 -> 7804.5429 | Z89: =Z86+Z87-Z88 -> 17640.776 | ... AK89: =AK86+AK87-AK88 -> 214670.82 | AM89: =AM86+AM87-AM88 -> 9877.6568 | AN89: =AN86+AN87-AN88 -> 6447.5342 | AO89: =AM89-AN89 -> 3430.1226 | AP89: =IFERROR(AM89/AN89,0) -> 1.5320053 | AQ89: =AQ86+AQ87-AQ88 -> 10691.345 | AR89: =AM89-AQ89 -> -813.6883 | AS89: =IFERROR(AM89/AQ89,0) -> 0.9238928 | AU89: =AU86+AU87-AU88 -> 9877.6568 | AV89: =AV86+AV87-AV88 -> 6447.5342 | AW89: =AU89-AV89 -> 3430.1226 | AX89: =IFERROR(AU89/AV89,0) -> 1.5320053 | AY89: =AY86+AY87-AY88 -> 10691.345 | AZ89: =AU89-AY89 -> -813.6883 | BA89: =IFERROR(AU89/AY89,0) -> 0.9238928 | BC89: =BC86+BC87-BC88 -> 9877.6568 | BD89: =BD86+BD87-BD88 -> 6447.5342 | BE89: =BC89-BD89 -> 3430.1226 | BF89: =IFERROR(BC89/BD89,0) -> 1.5320053 | BG89: =BG86+BG87-BG88 -> 10691.345 | BH89: =BC89-BG89 -> -813.6883 | BI89: =IFERROR(BC89/BG89,0) -> 0.9238928
A90: =A89+1 -> 90 | B90: 1 | C90: =C89+1 -> 90 | D90: 1 | E90: RF | L90: Cost Allocation Ratio [Allocation to Office] (%) | R90: =CHOOSE(2, "6722000003009", "PL Operating Profit CAR (%)") -> PL Operating Profit CAR (%) | S90: =S439 -> 0.2804691 | T90: =T439 -> 0.31557931 | U90: =U439 -> 0.29793571 | V90: =V439 -> 0.33857391 | W90: =W439 -> 0.32615093 | X90: =X439 -> 0.32165127 | Y90: =Y439 -> 0.32581488 | Z90: =Z439 -> 0.31663548 | ... AK90: =AK439 -> 0.31680697 | AM90: =AM439 -> 106.51788 | AN90: =AN439 -> 45.677333 | AO90: =AM90-AN90 -> 60.840543 | AQ90: =AQ439 -> 85.477629 | AR90: =AM90-AQ90 -> 21.040247 | AU90: =AU439 -> 106.51788 | AV90: =AV439 -> 45.677333 | AW90: =AU90-AV90 -> 60.840543 | AY90: =AY439 -> 85.477629 | AZ90: =AU90-AY90 -> 21.040247 | BC90: =BC439 -> 106.51788 | BD90: =BD439 -> 45.677333 | BE90: =BC90-BD90 -> 60.840543 | BG90: =BG439 -> 85.477629 | BH90: =BC90-BG90 -> 21.040247
A91: =A90+1 -> 91 | B91: 1 | C91: =C90+1 -> 91 | D91: 1 | E91: RF | M91: SG&A: Directly assigned | R91: =CHOOSE(2, "6722000003010", "PL Operating Profit CAR Directly assigned") -> PL Operating Profit CAR Directly assigned | S91: =SUM(S92:S94) -> 48719.032 | T91: =SUM(T92:T94) -> 30238.64 | U91: =SUM(U92:U94) -> 36337.818 | V91: =SUM(V92:V94) -> 31419.751 | W91: =SUM(W92:W94) -> 40382.945 | X91: =SUM(X92:X94) -> 38681.568 | Y91: =SUM(Y92:Y94) -> 59716.347 | Z91: =SUM(Z92:Z94) -> 43012.619 | ... AD91: =SUM(AD92:AD94) -> 49639.827 | AE91: =SUM(S91,T91,U91) -> 115295.49 | AF91: =SUM(V91,W91,X91) -> 110484.26 | AG91: =SUM(Y91,Z91,AA91) -> 163427.19 | AH91: =SUM(AB91,AC91,AD91) -> 102277.91 | AI91: =SUM(AI92:AI94) -> 225779.75 | AJ91: =SUM(AJ92:AJ94) -> 265705.1 | AK91: =SUM(AK92:AK94) -> 491484.85 | AM91: =SUM((INDIRECT(AM$2&(ROW())):INDIRECT(AM$3&(ROW())))) -> 48719.032 | AN91: =SUM(INDIRECT(AN$1&AN$2&$C91):INDIRECT(AN$1&AN$3&$C91)) -> 41000 | AO91: =AM91-AN91 -> 7719.0323 | AP91: =IFERROR(AM91/AN91,0) -> 1.1882691 | AQ91: =SUM(INDIRECT(AQ$1&AQ$2&$A91):INDIRECT(AQ$1&AQ$3&$A91))+SUM(INDIRECT(AQ$1&AQ$2&$B91):INDIRECT(AQ$1&AQ$3&$B91)) -> 20047.316 | AR91: =AM91-AQ91 -> 28671.716 | AS91: =IFERROR(AM91/AQ91,0) -> 2.4302023 | AU91: =SUM((INDIRECT(AU$2&(ROW())):INDIRECT(AU$3&(ROW())))) -> 48719.032 | AV91: =SUM(INDIRECT(AV$1&AV$2&$C91):INDIRECT(AV$1&AV$3&$C91)) -> 41000 | AW91: =AU91-AV91 -> 7719.0323 | AX91: =IFERROR(AU91/AV91,0) -> 1.1882691 | AY91: =SUM(INDIRECT(AY$1&AY$2&$A91):INDIRECT(AY$1&AY$3&$A91))+SUM(INDIRECT(AY$1&AY$2&$B91):INDIRECT(AY$1&AY$3&$B91)) -> 20047.316 | AZ91: =AU91-AY91 -> 28671.716 | BA91: =IFERROR(AU91/AY91,0) -> 2.4302023 | BC91: =SUM((INDIRECT(BC$2&(ROW())):INDIRECT(BC$3&(ROW())))) -> 48719.032 | BD91: =SUM(INDIRECT(BD$1&BD$2&$C91):INDIRECT(BD$1&BD$3&$C91)) -> 41000 | BE91: =BC91-BD91 -> 7719.0323 | BF91: =IFERROR(BC91/BD91,0) -> 1.1882691 | BG91: =SUM(INDIRECT(BG$1&BG$2&$A91):INDIRECT(BG$1&BG$3&$A91))+SUM(INDIRECT(BG$1&BG$2&$B91):INDIRECT(BG$1&BG$3&$B91)) -> 20047.316 | BH91: =BC91-BG91 -> 28671.716 | BI91: =IFERROR(BC91/BG91,0) -> 2.4302023
A92: =A91+1 -> 92 | B92: 1 | C92: =C91+1 -> 92 | D92: 1 | E92: RF | N92: Variable Expenses | R92: =CHOOSE(2, "6722000003011", "PL Operating Profit CAR Directly assigned Variable Expenses") -> PL Operating Profit CAR Directly assigned Variable Expenses | S92: 25600.777 | T92: 1593 | U92: 12660.031 | V92: 5494.0181 | W92: 12950.72 | X92: 18162.965 | Y92: 37189.49 | Z92: 9283.1274 | AA92: 37489.978 | AB92: 8149.0723 | AC92: -9858.2785 | AD92: 24698.336 | AE92: =SUM(S92,T92,U92) -> 39853.808 | AF92: =SUM(V92,W92,X92) -> 36607.703 | AG92: =SUM(Y92,Z92,AA92) -> 83962.595 | AH92: =SUM(AB92,AC92,AD92) -> 22989.13 | AI92: =AE92+AF92 -> 76461.511 | AJ92: =AH92+AG92 -> 106951.72 | AK92: =AI92+AJ92 -> 183413.24 | AM92: =SUM((INDIRECT(AM$2&(ROW())):INDIRECT(AM$3&(ROW())))) -> 25600.777 | AN92: =SUM(INDIRECT(AN$1&AN$2&$C92):INDIRECT(AN$1&AN$3&$C92)) -> 9500 | AO92: =AM92-AN92 -> 16100.777 | AP92: =IFERROR(AM92/AN92,0) -> 2.6948187 | AQ92: =SUM(INDIRECT(AQ$1&AQ$2&$A92):INDIRECT(AQ$1&AQ$3&$A92))+SUM(INDIRECT(AQ$1&AQ$2&$B92):INDIRECT(AQ$1&AQ$3&$B92)) -> 1286.5372 | AR92: =AM92-AQ92 -> 24314.24 | AS92: =IFERROR(AM92/AQ92,0) -> 19.898979 | AU92: =SUM((INDIRECT(AU$2&(ROW())):INDIRECT(AU$3&(ROW())))) -> 25600.777 | AV92: =SUM(INDIRECT(AV$1&AV$2&$C92):INDIRECT(AV$1&AV$3&$C92)) -> 9500 | AW92: =AU92-AV92 -> 16100.777 | AX92: =IFERROR(AU92/AV92,0) -> 2.6948187 | AY92: =SUM(INDIRECT(AY$1&AY$2&$A92):INDIRECT(AY$1&AY$3&$A92))+SUM(INDIRECT(AY$1&AY$2&$B92):INDIRECT(AY$1&AY$3&$B92)) -> 1286.5372 | AZ92: =AU92-AY92 -> 24314.24 | BA92: =IFERROR(AU92/AY92,0) -> 19.898979 | BC92: =SUM((INDIRECT(BC$2&(ROW())):INDIRECT(BC$3&(ROW())))) -> 25600.777 | BD92: =SUM(INDIRECT(BD$1&BD$2&$C92):INDIRECT(BD$1&BD$3&$C92)) -> 9500 | BE92: =BC92-BD92 -> 16100.777 | BF92: =IFERROR(BC92/BD92,0) -> 2.6948187 | BG92: =SUM(INDIRECT(BG$1&BG$2&$A92):INDIRECT(BG$1&BG$3&$A92))+SUM(INDIRECT(BG$1&BG$2&$B92):INDIRECT(BG$1&BG$3&$B92)) -> 1286.5372 | BH92: =BC92-BG92 -> 24314.24 | BI92: =IFERROR(BC92/BG92,0) -> 19.898979
A93: =A92+1 -> 93 | B93: 1 | C93: =C92+1 -> 93 | D93: 1 | E93: RF | N93: Wages & Salaries | R93: =CHOOSE(2, "6722000003012", "PL Operating Profit CAR Directly assigned Wages & Salaries") -> PL Operating Profit CAR Directly assigned Wages & Salaries | S93: 18675.859 | T93: 20502.338 | U93: 20242.571 | V93: 21743.523 | W93: 23826.824 | X93: 16510.28 | Y93: 18622.742 | Z93: 20280.138 | AA93: 20289.444 | AB93: 20674.305 | AC93: 22705.982 | AD93: 20266.517 | AE93: =SUM(S93,T93,U93) -> 59420.767 | AF93: =SUM(V93,W93,X93) -> 62080.627 | AG93: =SUM(Y93,Z93,AA93) -> 59192.325 | AH93: =SUM(AB93,AC93,AD93) -> 63646.805 | AI93: =AE93+AF93 -> 121501.39 | AJ93: =AH93+AG93 -> 122839.13 | AK93: =AI93+AJ93 -> 244340.52 | AM93: =SUM((INDIRECT(AM$2&(ROW())):INDIRECT(AM$3&(ROW())))) -> 18675.859 | AN93: =SUM(INDIRECT(AN$1&AN$2&$C93):INDIRECT(AN$1&AN$3&$C93)) -> 21000 | AO93: =AM93-AN93 -> -2324.1411 | AP93: =IFERROR(AM93/AN93,0) -> 0.88932661 | AQ93: =SUM(INDIRECT(AQ$1&AQ$2&$A93):INDIRECT(AQ$1&AQ$3&$A93))+SUM(INDIRECT(AQ$1&AQ$2&$B93):INDIRECT(AQ$1&AQ$3&$B93)) -> 14878 | AR93: =AM93-AQ93 -> 3797.8589 | AS93: =IFERROR(AM93/AQ93,0) -> 1.2552668 | AU93: =SUM((INDIRECT(AU$2&(ROW())):INDIRECT(AU$3&(ROW())))) -> 18675.859 | AV93: =SUM(INDIRECT(AV$1&AV$2&$C93):INDIRECT(AV$1&AV$3&$C93)) -> 21000 | AW93: =AU93-AV93 -> -2324.1411 | AX93: =IFERROR(AU93/AV93,0) -> 0.88932661 | AY93: =SUM(INDIRECT(AY$1&AY$2&$A93):INDIRECT(AY$1&AY$3&$A93))+SUM(INDIRECT(AY$1&AY$2&$B93):INDIRECT(AY$1&AY$3&$B93)) -> 14878 | AZ93: =AU93-AY93 -> 3797.8589 | BA93: =IFERROR(AU93/AY93,0) -> 1.2552668 | BC93: =SUM((INDIRECT(BC$2&(ROW())):INDIRECT(BC$3&(ROW())))) -> 18675.859 | BD93: =SUM(INDIRECT(BD$1&BD$2&$C93):INDIRECT(BD$1&BD$3&$C93)) -> 21000 | BE93: =BC93-BD93 -> -2324.1411 | BF93: =IFERROR(BC93/BD93,0) -> 0.88932661 | BG93: =SUM(INDIRECT(BG$1&BG$2&$A93):INDIRECT(BG$1&BG$3&$A93))+SUM(INDIRECT(BG$1&BG$2&$B93):INDIRECT(BG$1&BG$3&$B93)) -> 14878 | BH93: =BC93-BG93 -> 3797.8589 | BI93: =IFERROR(BC93/BG93,0) -> 1.2552668
A94: =A93+1 -> 94 | B94: 1 | C94: =C93+1 -> 94 | D94: 1 | E94: RF | N94: Fixed Expenses | R94: =CHOOSE(2, "6722000003013", "PL Operating Profit CAR Directly assigned Fixed Expenses") -> PL Operating Profit CAR Directly assigned Fixed Expenses | S94: 4442.3963 | T94: 8143.3025 | U94: 3435.2162 | V94: 4182.2095 | W94: 3605.4019 | X94: 4008.3231 | Y94: 3904.115 | Z94: 13449.354 | AA94: 2918.7966 | AB94: 6463.0804 | AC94: 4503.9245 | AD94: 4674.974 | AE94: =SUM(S94,T94,U94) -> 16020.915 | AF94: =SUM(V94,W94,X94) -> 11795.934 | AG94: =SUM(Y94,Z94,AA94) -> 20272.265 | AH94: =SUM(AB94,AC94,AD94) -> 15641.979 | AI94: =AE94+AF94 -> 27816.849 | AJ94: =AH94+AG94 -> 35914.244 | AK94: =AI94+AJ94 -> 63731.094 | AM94: =SUM((INDIRECT(AM$2&(ROW())):INDIRECT(AM$3&(ROW())))) -> 4442.3963 | AN94: =SUM(INDIRECT(AN$1&AN$2&$C94):INDIRECT(AN$1&AN$3&$C94)) -> 10500 | AO94: =AM94-AN94 -> -6057.6037 | AP94: =IFERROR(AM94/AN94,0) -> 0.42308536 | AQ94: =SUM(INDIRECT(AQ$1&AQ$2&$A94):INDIRECT(AQ$1&AQ$3&$A94))+SUM(INDIRECT(AQ$1&AQ$2&$B94):INDIRECT(AQ$1&AQ$3&$B94)) -> 3882.7787 | AR94: =AM94-AQ94 -> 559.61759 | AS94: =IFERROR(AM94/AQ94,0) -> 1.1441281 | AU94: =SUM((INDIRECT(AU$2&(ROW())):INDIRECT(AU$3&(ROW())))) -> 4442.3963 | AV94: =SUM(INDIRECT(AV$1&AV$2&$C94):INDIRECT(AV$1&AV$3&$C94)) -> 10500 | AW94: =AU94-AV94 -> -6057.6037 | AX94: =IFERROR(AU94/AV94,0) -> 0.42308536 | AY94: =SUM(INDIRECT(AY$1&AY$2&$A94):INDIRECT(AY$1&AY$3&$A94))+SUM(INDIRECT(AY$1&AY$2&$B94):INDIRECT(AY$1&AY$3&$B94)) -> 3882.7787 | AZ94: =AU94-AY94 -> 559.61759 | BA94: =IFERROR(AU94/AY94,0) -> 1.1441281 | BC94: =SUM((INDIRECT(BC$2&(ROW())):INDIRECT(BC$3&(ROW())))) -> 4442.3963 | BD94: =SUM(INDIRECT(BD$1&BD$2&$C94):INDIRECT(BD$1&BD$3&$C94)) -> 10500 | BE94: =BC94-BD94 -> -6057.6037 | BF94: =IFERROR(BC94/BD94,0) -> 0.42308536 | BG94: =SUM(INDIRECT(BG$1&BG$2&$A94):INDIRECT(BG$1&BG$3&$A94))+SUM(INDIRECT(BG$1&BG$2&$B94):INDIRECT(BG$1&BG$3&$B94)) -> 3882.7787 | BH94: =BC94-BG94 -> 559.61759 | BI94: =IFERROR(BC94/BG94,0) -> 1.1441281
A95: =A94+1 -> 95 | B95: 1 | C95: =C94+1 -> 95 | D95: 1 | E95: RF | M95: SG&A: Allocation | R95: =CHOOSE(2, "6722000003014", "PL Operating Profit CAR Allocation") -> PL Operating Profit CAR Allocation | S95: =SUM(S97:S99) -> 44898.311 | T95: =SUM(T97:T99) -> 46849.057 | U95: =SUM(U97:U99) -> 35562.972 | V95: =SUM(V97:V99) -> 42441.024 | W95: =SUM(W97:W99) -> 41451.689 | X95: =SUM(X97:X99) -> 50108.896 | Y95: =SUM(Y97:Y99) -> 27615.85 | Z95: =SUM(Z97:Z99) -> 43042.147 | ... AD95: =SUM(AD97:AD99) -> 33809.37 | AE95: =SUM(S95,T95,U95) -> 127310.34 | AF95: =SUM(V95,W95,X95) -> 134001.61 | AG95: =SUM(Y95,Z95,AA95) -> 103313.48 | AH95: =SUM(AB95,AC95,AD95) -> 141679.86 | AI95: =SUM(AI97:AI99) -> 261311.95 | AJ95: =SUM(AJ97:AJ99) -> 244993.34 | AK95: =SUM(AK97:AK99) -> 506305.28 | AM95: =SUM((INDIRECT(AM$2&(ROW())):INDIRECT(AM$3&(ROW())))) -> 44898.311 | AN95: =SUM(INDIRECT(AN$1&AN$2&$C95):INDIRECT(AN$1&AN$3&$C95)) -> 27189.964 | AO95: =AM95-AN95 -> 17708.347 | AP95: =IFERROR(AM95/AN95,0) -> 1.6512825 | AQ95: =SUM(INDIRECT(AQ$1&AQ$2&$A95):INDIRECT(AQ$1&AQ$3&$A95))+SUM(INDIRECT(AQ$1&AQ$2&$B95):INDIRECT(AQ$1&AQ$3&$B95)) -> 35324.339 | AR95: =AM95-AQ95 -> 9573.9718 | AS95: =IFERROR(AM95/AQ95,0) -> 1.2710305 | AU95: =SUM((INDIRECT(AU$2&(ROW())):INDIRECT(AU$3&(ROW())))) -> 44898.311 | AV95: =SUM(INDIRECT(AV$1&AV$2&$C95):INDIRECT(AV$1&AV$3&$C95)) -> 27189.964 | AW95: =AU95-AV95 -> 17708.347 | AX95: =IFERROR(AU95/AV95,0) -> 1.6512825 | AY95: =SUM(INDIRECT(AY$1&AY$2&$A95):INDIRECT(AY$1&AY$3&$A95))+SUM(INDIRECT(AY$1&AY$2&$B95):INDIRECT(AY$1&AY$3&$B95)) -> 35324.339 | AZ95: =AU95-AY95 -> 9573.9718 | BA95: =IFERROR(AU95/AY95,0) -> 1.2710305 | BC95: =SUM((INDIRECT(BC$2&(ROW())):INDIRECT(BC$3&(ROW())))) -> 44898.311 | BD95: =SUM(INDIRECT(BD$1&BD$2&$C95):INDIRECT(BD$1&BD$3&$C95)) -> 27189.964 | BE95: =BC95-BD95 -> 17708.347 | BF95: =IFERROR(BC95/BD95,0) -> 1.6512825 | BG95: =SUM(INDIRECT(BG$1&BG$2&$A95):INDIRECT(BG$1&BG$3&$A95))+SUM(INDIRECT(BG$1&BG$2&$B95):INDIRECT(BG$1&BG$3&$B95)) -> 35324.339 | BH95: =BC95-BG95 -> 9573.9718 | BI95: =IFERROR(BC95/BG95,0) -> 1.2710305
A96: =A95+1 -> 96 | B96: 1 | C96: =C95+1 -> 96 | D96: 1 | E96: RF | N96: Allocation cost in total SGA (%) | R96: =CHOOSE(2, "6722000003015", "PL Operating Profit CAR Allocation SGA (%)") -> PL Operating Profit CAR Allocation SGA (%) | S96: =IFERROR(S95/S82,0) -> 0.47959394 | T96: =IFERROR(T95/T82,0) -> 0.60773714 | U96: =IFERROR(U95/U82,0) -> 0.4946117 | V96: =IFERROR(V95/V82,0) -> 0.57460843 | W96: =IFERROR(W95/W82,0) -> 0.5065299 | X96: =IFERROR(X95/X82,0) -> 0.56434997 | Y96: =IFERROR(Y95/Y82,0) -> 0.31621614 | Z96: =IFERROR(Z95/Z82,0) -> 0.50017156 | ... AK96: =IFERROR(AK95/AK82,0) -> 0.50742663 | AM96: =IFERROR(AM95/AM131,0) -> 0.48157095 | AN96: =IFERROR(AN95/AN131,0) -> 0.40907841 | AO96: =AM96-AN96 -> 0.072492541 | AQ96: =IFERROR(AQ95/AQ131,0) -> 0.65086809 | AR96: =IFERROR(AR95/AR127,0) -> 0 | AU96: =IFERROR(AU95/AU131,0) -> 0.48157095 | AV96: =IFERROR(AV95/AV131,0) -> 0.40907841 | AW96: =AU96-AV96 -> 0.072492541 | AY96: =IFERROR(AY95/AY131,0) -> 0.65086809 | AZ96: =IFERROR(AZ95/AZ127,0) -> 0 | BC96: =IFERROR(BC95/BC131,0) -> 0.48157095 | BD96: =IFERROR(BD95/BD131,0) -> 0.40907841 | BE96: =BC96-BD96 -> 0.072492541 | BG96: =IFERROR(BG95/BG131,0) -> 0.65086809 | BH96: =IFERROR(BH95/BH127,0) -> 0
A97: =A96+1 -> 97 | B97: 1 | C97: =C96+1 -> 97 | D97: 1 | E97: RF | N97: Variable Expenses | R97: =CHOOSE(2, "6722000003016", "PL Operating Profit CAR Allocation Variable Expenses") -> PL Operating Profit CAR Allocation Variable Expenses | S97: =S83-S92 -> 12192.887 | T97: =T83-T92 -> 12300.489 | U97: =U83-U92 -> 23865.752 | V97: =V83-V92 -> 20130.07 | W97: =W83-W92 -> 21236.154 | X97: =X83-X92 -> 25057.342 | Y97: =Y83-Y92 -> 5570.408 | Z97: =Z83-Z92 -> 13842.428 | ... AD97: =AD83-AD92 -> 20346.62 | AE97: =SUM(S97,T97,U97) -> 48359.127 | AF97: =SUM(V97,W97,X97) -> 66423.566 | AG97: =SUM(Y97,Z97,AA97) -> 22242.457 | AH97: =SUM(AB97,AC97,AD97) -> 64240.412 | AI97: =AE97+AF97 -> 114782.69 | AJ97: =AH97+AG97 -> 86482.869 | AK97: =AI97+AJ97 -> 201265.56 | AM97: =SUM((INDIRECT(AM$2&(ROW())):INDIRECT(AM$3&(ROW())))) -> 12192.887 | AN97: =SUM(INDIRECT(AN$1&AN$2&$C97):INDIRECT(AN$1&AN$3&$C97)) -> 16292.506 | AO97: =AM97-AN97 -> -4099.6195 | AP97: =IFERROR(AM97/AN97,0) -> 0.74837392 | AQ97: =SUM(INDIRECT(AQ$1&AQ$2&$A97):INDIRECT(AQ$1&AQ$3&$A97))+SUM(INDIRECT(AQ$1&AQ$2&$B97):INDIRECT(AQ$1&AQ$3&$B97)) -> 17306.441 | AR97: =AM97-AQ97 -> -5113.5546 | AS97: =IFERROR(AM97/AQ97,0) -> 0.70452882 | AU97: =SUM((INDIRECT(AU$2&(ROW())):INDIRECT(AU$3&(ROW())))) -> 12192.887 | AV97: =SUM(INDIRECT(AV$1&AV$2&$C97):INDIRECT(AV$1&AV$3&$C97)) -> 16292.506 | AW97: =AU97-AV97 -> -4099.6195 | AX97: =IFERROR(AU97/AV97,0) -> 0.74837392 | AY97: =SUM(INDIRECT(AY$1&AY$2&$A97):INDIRECT(AY$1&AY$3&$A97))+SUM(INDIRECT(AY$1&AY$2&$B97):INDIRECT(AY$1&AY$3&$B97)) -> 17306.441 | AZ97: =AU97-AY97 -> -5113.5546 | BA97: =IFERROR(AU97/AY97,0) -> 0.70452882 | BC97: =SUM((INDIRECT(BC$2&(ROW())):INDIRECT(BC$3&(ROW())))) -> 12192.887 | BD97: =SUM(INDIRECT(BD$1&BD$2&$C97):INDIRECT(BD$1&BD$3&$C97)) -> 16292.506 | BE97: =BC97-BD97 -> -4099.6195 | BF97: =IFERROR(BC97/BD97,0) -> 0.74837392 | BG97: =SUM(INDIRECT(BG$1&BG$2&$A97):INDIRECT(BG$1&BG$3&$A97))+SUM(INDIRECT(BG$1&BG$2&$B97):INDIRECT(BG$1&BG$3&$B97)) -> 17306.441 | BH97: =BC97-BG97 -> -5113.5546 | BI97: =IFERROR(BC97/BG97,0) -> 0.70452882
A98: =A97+1 -> 98 | B98: 1 | C98: =C97+1 -> 98 | D98: 1 | E98: RF | N98: Wages & Salaries | R98: =CHOOSE(2, "6722000003017", "PL Operating Profit CAR Allocation Wages & Salaries") -> PL Operating Profit CAR Allocation Wages & Salaries | S98: =S84-S93 -> 8341.6707 | T98: =T84-T93 -> 9653.3748 | U98: =U84-U93 -> 9904.2393 | V98: =V84-V93 -> 8262.4856 | W98: =W84-W93 -> 5796.9789 | X98: =X84-X93 -> 8986.9114 | Y98: =Y84-Y93 -> 8256.1253 | Z98: =Z84-Z93 -> 9739.8977 | ... AD98: =AD84-AD93 -> 10555.003 | AE98: =SUM(S98,T98,U98) -> 27899.285 | AF98: =SUM(V98,W98,X98) -> 23046.376 | AG98: =SUM(Y98,Z98,AA98) -> 29824.563 | AH98: =SUM(AB98,AC98,AD98) -> 35342.897 | AI98: =AE98+AF98 -> 50945.661 | AJ98: =AH98+AG98 -> 65167.46 | AK98: =AI98+AJ98 -> 116113.12 | AM98: =SUM((INDIRECT(AM$2&(ROW())):INDIRECT(AM$3&(ROW())))) -> 8341.6707 | AN98: =SUM(INDIRECT(AN$1&AN$2&$C98):INDIRECT(AN$1&AN$3&$C98)) -> 7677.0019 | AO98: =AM98-AN98 -> 664.66882 | AP98: =IFERROR(AM98/AN98,0) -> 1.0865792 | AQ98: =SUM(INDIRECT(AQ$1&AQ$2&$A98):INDIRECT(AQ$1&AQ$3&$A98))+SUM(INDIRECT(AQ$1&AQ$2&$B98):INDIRECT(AQ$1&AQ$3&$B98)) -> 7969 | AR98: =AM98-AQ98 -> 372.67069 | AS98: =IFERROR(AM98/AQ98,0) -> 1.0467651 | AU98: =SUM((INDIRECT(AU$2&(ROW())):INDIRECT(AU$3&(ROW())))) -> 8341.6707 | AV98: =SUM(INDIRECT(AV$1&AV$2&$C98):INDIRECT(AV$1&AV$3&$C98)) -> 7677.0019 | AW98: =AU98-AV98 -> 664.66882 | AX98: =IFERROR(AU98/AV98,0) -> 1.0865792 | AY98: =SUM(INDIRECT(AY$1&AY$2&$A98):INDIRECT(AY$1&AY$3&$A98))+SUM(INDIRECT(AY$1&AY$2&$B98):INDIRECT(AY$1&AY$3&$B98)) -> 7969 | AZ98: =AU98-AY98 -> 372.67069 | BA98: =IFERROR(AU98/AY98,0) -> 1.0467651 | BC98: =SUM((INDIRECT(BC$2&(ROW())):INDIRECT(BC$3&(ROW())))) -> 8341.6707 | BD98: =SUM(INDIRECT(BD$1&BD$2&$C98):INDIRECT(BD$1&BD$3&$C98)) -> 7677.0019 | BE98: =BC98-BD98 -> 664.66882 | BF98: =IFERROR(BC98/BD98,0) -> 1.0865792 | BG98: =SUM(INDIRECT(BG$1&BG$2&$A98):INDIRECT(BG$1&BG$3&$A98))+SUM(INDIRECT(BG$1&BG$2&$B98):INDIRECT(BG$1&BG$3&$B98)) -> 7969 | BH98: =BC98-BG98 -> 372.67069 | BI98: =IFERROR(BC98/BG98,0) -> 1.0467651
A99: =A98+1 -> 99 | B99: 1 | C99: =C98+1 -> 99 | D99: 1 | E99: RF | N99: Fixed Expenses | R99: =CHOOSE(2, "6722000003018", "PL Operating Profit CAR Allocation Fixed Expenses") -> PL Operating Profit CAR Allocation Fixed Expenses | S99: =S85-S94 -> 24363.753 | T99: =T85-T94 -> 24895.193 | U99: =U85-U94 -> 1792.981 | V99: =V85-V94 -> 14048.468 | W99: =W85-W94 -> 14418.556 | X99: =X85-X94 -> 16064.642 | Y99: =Y85-Y94 -> 13789.317 | Z99: =Z85-Z94 -> 19459.821 | ... AD99: =AD85-AD94 -> 2907.7478 | AE99: =SUM(S99,T99,U99) -> 51051.928 | AF99: =SUM(V99,W99,X99) -> 44531.666 | AG99: =SUM(Y99,Z99,AA99) -> 51246.459 | AH99: =SUM(AB99,AC99,AD99) -> 42096.549 | AI99: =AE99+AF99 -> 95583.594 | AJ99: =AH99+AG99 -> 93343.007 | AK99: =AI99+AJ99 -> 188926.6 | AM99: =SUM((INDIRECT(AM$2&(ROW())):INDIRECT(AM$3&(ROW())))) -> 24363.753 | AN99: =SUM(INDIRECT(AN$1&AN$2&$C99):INDIRECT(AN$1&AN$3&$C99)) -> 3220.4557 | AO99: =AM99-AN99 -> 21143.298 | AP99: =IFERROR(AM99/AN99,0) -> 7.5653125 | AQ99: =SUM(INDIRECT(AQ$1&AQ$2&$A99):INDIRECT(AQ$1&AQ$3&$A99))+SUM(INDIRECT(AQ$1&AQ$2&$B99):INDIRECT(AQ$1&AQ$3&$B99)) -> 10048.898 | AR99: =AM99-AQ99 -> 14314.856 | AS99: =IFERROR(AM99/AQ99,0) -> 2.42452 | AU99: =SUM((INDIRECT(AU$2&(ROW())):INDIRECT(AU$3&(ROW())))) -> 24363.753 | AV99: =SUM(INDIRECT(AV$1&AV$2&$C99):INDIRECT(AV$1&AV$3&$C99)) -> 3220.4557 | AW99: =AU99-AV99 -> 21143.298 | AX99: =IFERROR(AU99/AV99,0) -> 7.5653125 | AY99: =SUM(INDIRECT(AY$1&AY$2&$A99):INDIRECT(AY$1&AY$3&$A99))+SUM(INDIRECT(AY$1&AY$2&$B99):INDIRECT(AY$1&AY$3&$B99)) -> 10048.898 | AZ99: =AU99-AY99 -> 14314.856 | BA99: =IFERROR(AU99/AY99,0) -> 2.42452 | BC99: =SUM((INDIRECT(BC$2&(ROW())):INDIRECT(BC$3&(ROW())))) -> 24363.753 | BD99: =SUM(INDIRECT(BD$1&BD$2&$C99):INDIRECT(BD$1&BD$3&$C99)) -> 3220.4557 | BE99: =BC99-BD99 -> 21143.298 | BF99: =IFERROR(BC99/BD99,0) -> 7.5653125 | BG99: =SUM(INDIRECT(BG$1&BG$2&$A99):INDIRECT(BG$1&BG$3&$A99))+SUM(INDIRECT(BG$1&BG$2&$B99):INDIRECT(BG$1&BG$3&$B99)) -> 10048.898 | BH99: =BC99-BG99 -> 14314.856 | BI99: =IFERROR(BC99/BG99,0) -> 2.42452
A100: =A99+1 -> 100 | B100: 1 | C100: =C99+1 -> 100 | D100: 1 | E100: RF | R100: =CHOOSE(2, "6722000003019", "▷ Blank 7") -> ▷ Blank 7
...

Sheet Definition
A1: FY23 new topic
A3: ★ | B3: 1. DW-DX changes service line hierarchy: Add formula for "IIM" including "MCS" and "BPS"
A13: ★ | B13: 2. Break down DW-DX SGA into 6 service lines
A28: ★ | B28: 3. DW-DX: Add topic to input FTE for each service line *please see Definition below
A42: ★ | B42: 4. Capital Investment: Divide into "Strategic Investment" and "Maintenance Investment"
C43: Please refer to the FP sheet for details
A45: ★ | B45: 5. Financial position: Add "Lease Receivables"
A57: ★ | B57: 6. Preconditions: Add "Logistics cost"
A66: ★ | B66: 7. Preconditions: Add "Impact of soaring energy cost"
A86: Classification
C87: (1)-1 Office: Excluding "Office Solution"
D88: Hard | F88: Office A3 | G88: Classified by item code (by products)
F89: Office A4
D90: Non-hard | F90: Copy Click (Kit) | G90: Click business for Office products classified by item code or allocated for Office(A3/A4). Minimum commitment and over volume included. (KMJ: Kit contract included)
F91: Non Contract | G91: Non-Contract service for Office products classified by item code. Including Office products installation fees (Including contracted MIFs)
D92: KMI | G92: Purchased from KMI
D93: 3rd Party | G93: Purchased from Other Vendors
D94: Others | G94: KMJ's special products only.
C95: (1)-2 "Office Solution" only
D96: Office Solution | G96: "Office Solutions" to include: "Software" (both On-Prem & Cloud), related "Hardware" peripheral devices, and related "Services" to be sold with/for MFP to add values to MFP. They are for example (but not limited to): <SOFTWARE> Print Management Solutions & licenses such as Dispatcher Paragon, Paragon Cloud and other 3rd party solutions, Scan/Capture Solutions such as Dispatcher Phoenix/Suite and other 3rd party solutions, and also MFP Security Management Solutions such as buzhub Secure, ShieldGuard etc. <HARDWARE> ID Card Authentication devices, edge devices for Paragon Cloud etc. <SERVICES> Professional Services chargeable for consultation and deployment related to those applicable "Office Solutions" and for/through OPS services. These are only key own branded/IP examples and other local/regional relevant solutions & services to be also included here. MFPに付加価値を与える一連のソフトウェア(オンプレ・クラウド)・周辺ハードウェア・関連サービス売上。例えば、Dispatcher Paragon/Paragon Cloudを代表とする印刷管理ソリューション、MFPと連携するScanソリューション、MFPセキュリティ管理機能を提供するbizhub SecureやShieldGuard他。周辺ハードウェアについては印刷管理ソリューションと連携するIDカード認証装置やParagon Cloud用エッジデバイス他。関連サービスについては上記各種関連ソリューションに関連して発生するコンサルテーションや導入費用他、OPSコンサルテーション含む。
C97: (2) PP
D98: Hard | F98: Office A3 | G98: Classified by items code (by products)
F99: Office A4
D100: Hard | F100: Other | G100: KIP,EPSON,WF
D101: Non-hard | F101: Copy Click (Kit) | G101: Click business for Office products classified by item code or allocated for Office(A3/A4). Minimum commitment and over volume included. (KMJ: Kit contract included)
F102: Non Contract | G102: Non-Contract service for Office products classified by item code. Including Office products installation fees (Including contracted MIFs)
D103: KMI | G103: Purchased from KMI
D104: 3rd Party | G104: Purchased from Other Vendors
D105: Others | G105: KMJ's special products only.
D106: Solution | G106: Application S/W, Application S/W related H/W, S/W Licensees related to PP
G107: Color Management/Variable Data Printing/Print Automation/Make Ready/Web to print
G108: EX)Color Care, Page Pro NDPS, Print Shop
C109: (3) IP
D110: KM-1/KM-1e | G110: KM-1/KM-1e related businesses
D111: Label Printer | G111: Label Printer related businesses
A112: Chgd | D112: MGI | G112: MGI related businesses (Jetvarnish/Alphajet/iFoil/CTS and others)
D113: EFI/LF | G113: EFI VUTEk
D114: Textile Printer | G114: IJ-PP Textile Printer
D115: Others | G115: 3D Printers,Motioncutter,Other local equipment
C116: (4) MS (Marketing Service)
D117: MPM | E117: Procurement | G117: Marketing procurement services such as; Marketing printing, POS, Direct mail, PPOS, Merchandise, and Packaging
E118: Production | G118: Marketing production services such as; Onsite studio, Central creative production agency, Pre-Media, Asset creation, and Marketing technology
E119: Solution | G119: Marketing solution services such as; Marketing planning, Customer insight, Creative, Planning, Data, and Technology
D120: ODP | E120: On Demand Printing | G120: For Kinko's (BKK BKJ) Original printing business such as Copy & Print, Business card, etc （All Business except below 3 categories）
E121: Marketing Service | G121: For Kinko's (BKK BKJ) Sign & Graphic(Display) exclude Ondemand MPM
E122: Digital Solution | G122: For Kinko's (BKK BKJ) Ondemand MPM(POSM), WiL, Kinko's commerce, Mobotix, C3-Value, etc.
E123: ODP New Business | G123: For Kinko's (BKK BKJ) ODP New Business such as TSUKURU
C124: (5) DWDX
D125: IMS | G125: IMS that provides IT infrastructure and its management. (Cloud services included) EX) Procurement, SW licenses(e.g. M365), Consulting/Project/Managed Service, Helpdesk service, IaaS(Infrastructure as a service) ITインフラ構築とそれらを管理するサービス提供。クラウドサービス含む。
D126: MCS | G126: MCS that supports distributing and managing information and contents. This category includes ECM, Document Management, DPO (Document Process Outsourcing). 情報やコンテンツの配信・管理をサポートするソフトウェア・サービスを提供する。MCSにはECM、ドキュメント管理、DPOが含まれている。
D127: BPS | G127: BPS that improves customer’s business critical processes、EX) ERP, CRM, BI, etc. 顧客の業務プロセスを改善するソフトウェア・ソリューションを提供する。
D128: ICW-IT(WPH #1, BNDK, DevOps) | G128: "ICW-IT" that provides WPH (HW and SW), BNDK business, New DevOps. EX) WPH, Consulting/Project/Hybrid Cloud (Cloud MSP, Data Management(BNDK)) ,New product(Please refer in below) WPH(ハードウェア、ソフトウェア)、BNDK、新規DevOps商材
D129: ICW-WK (KMJ #3, JP Local Gov't, US HC IT, FORXAI Secure Access)+ DevOps | G129: "ICW-Wk" that provides efficiency and automation of customers' workflows by utilizing data by go into specific customers deeply. This includes SaaS product and Robotics. EX) Digital Marketing・Right-Sizing solution(KMJ), JP Government DX business, US HC-IT (WPH-HC, Revenue Cycle Management (RCM), VBC), FORXAI Secure Access, KMJ WPH Apps, SenrigaN, etc. New product(Please refer below) 特定顧客向けに深く入り込み、データ活用し顧客業務フローの効率化・自動化の提供。その為のSaaS商材やRoboticsも含む。
D130: ICW-P(New DevOps) | G130: "ICW-P" that provides SaaS products which is analyzing the human behavior and knowledge with digital technologies and provides solutions to solve problems. EX) MELON/ KOTOBAL, COCOMITE、AIReLink、Tomolinks、KMJ AIsee、Congnitive Hub, etc. Other product(Please refer in below) 「ヒトや知見」をデジタル技術で結び付け創造性向上や困りごと解決を支援する主にSaaS商材。
D132: DW-DX | F132: one shot product (HW/SW License) | G132: One time product sales including software and hardware, such as PC, server, perpetual SW license and its maintenance. Please note that If license renewal cycle is longer than a year, it is considered as One-shot. The following global products fall into this category; Dispatcher Phoenix, ScanTrip, Dispatcher Paragon, YSoft SafeQ, Dispatcher Suite, bizhub SECURE Notifier, Shield Guard at one-time payment, Personalize at one-time payment
D133: product category | F133: recurring product (SaaS/Cloud) | G133: Recurring type of product sales, such as SaaS or PaaS. The following global products fall into this category; Dispatcher Paragon Cloud, Workplace Go, Shield Guard at subscription, Personalize at subscription, bizhub Evolution, Dispatcher Phoenix Cloud SaaS (service name is TBD). <Definition of recurring business model> To be considered Recurring the following three conditions must be met: 1. Paid to Konica Minolta at regular intervals (Annually, Quarterly, or Monthly) 2. Has a contract associated with it that ensures a fixed payment stream for a minimum term of 24 months, or 12 months with auto-renewal contract language. 3. Is guaranteed revenue not dependent on renewal, consumption*, or any other metric other than cancelation during the term. *Consumption-based billing with a contracted minimum contracted baseline revenue commitment is acceptable.
F134: one shot professional service | G134: One time professional services such as consultation, implementation or training. One shot DPO falls into this category. Please note that if the contract renewal cycle is longer than a year, it is considered as One-shot.
F135: recurring professional service | G135: Recurring type of professional services, such as Managed IT Service, Maintenace (for perpetual SW license included renewals), Business Process Outsourcing(BPO)/Document Process Outsourcing(DPO), resource fulfillment, or cloud hosting service. <Definition of recurring business model> To be considered Recurring the following three conditions must be met: 1. Paid to Konica Minolta at regular intervals (Annually, Quarterly, or Monthly) 2. Has a contract associated with it that ensures a fixed payment stream for a minimus term of 24 months, or 12 months with auto-renewal contract language. 3. Is guaranteed revenue not dependent on renewal, consumption*, or any other metric other than cancelation during the term. *Consumption-based billing with a contracted minimum contracted baseline revenue commitment is acceptable.
C137: DW-DX sales categories for each Dev.Ops themes（テーマのサービスライン分け）
D138: Service Line | F138: Theme
D139: ICW IT | F139: SaaS & E-commerce
D140: ICW IT | F140: K-plex document solution
D141: ICW IT | F141: Secure Passwordless Service (SPS)
D142: ICW-WK | F142: DXP
D143: ICW-WK | F143: SWS
D144: ICW-WK | F144: CDM
D145: ICW-WK | F145: IP address advertisement
D146: ICW-WK | F146: Work style reform visualization
D147: ICW-WK | F147: WPH HC
D148: ICW-WK | F148: genARate
D149: ICW-WK | F149: RoboSense
... D159: ICW-P | F159: COCOMITE
C160: BIC themes
D161: Service Line | F161: Theme
D162: BIC | F162: FORXAI Secure Access
D163: BIC | F163: Value-based care
D164: BIC | F164: AMH Portfolio (Autonomous material handling)
D165: BIC | F165: SWO Portfolio (smart workflow optimization
D166: BIC | F166: SenrigaN (Non-destructive solution for bridge)
C168: MX
D169: Product | F169: Hard | G169: Hardware/device, such as thermal camera, outdoor camera, gas-monitoring camera,etc. and other optional devices
F170: Non-hard | G170: Software, application
D171: Service | F171: Onetime | G171: Onetime-offer services, such as installation, solution proposal, maintenance and inspection services
F172: Recurring | G172: Recurring type of services, such as AI, data service, etc. with monthly/quarterly billing contract
C174: Common fields for all BU
D175: Material Cost | G175: This fields require the cost related to Toner, Parts and Consumables used during the service for products in field.
G176: Please enter both total of the following:
G177: Cost of goods that engineer use at customers
G178: Cost of goods that sent directly to customers
G179: Please enter by each business unit and by direct / indirect.
D180: Field Service Cost | G180: Wages & Salaries, Travel expenses, Communication fee for Onsite Engineers
E181: included in COGS
D182: Service Desk Cost | G182: Wages & Salaries, Communication fee for Remote Engineers
E183: included in COGS
C185: Headcount | G185: This is the same as Stravis definition.
D187: Items | G187: Allocation method
D188: Full-Time Employees / Temporary Transfer from Other Company | G188: Include "Full-Time Employees" and "Temporary Transfer from Other Company" 1) Please enter the number of employees whose personnel cost is borne by your company. 2) Please do NOT include "Transferred To Other Company" in "Full-Time." 3) Please do NOT include directors, employees on long-term leave, employees who resigned on the end of the period. 4) Those who are re-employed by consolidated company upon resigning the original company on the end of the period should be counted as employees at original company.
G189: 正従業員、他社からの受入出向者が対象。入力上の注意点は以下の通り 1）正従業員、他社からの受入出向者には、貴社で人件費を負担している人員数のみを入力してください。 2）正従業員には他社への出向者は含めないでください。 3）役員、長期休職者、期末日退職者（定年、自己都合、会社都合等）は除いて記入してください。 4)期末日付転籍退職者（連結会社へ転籍するものに限る）については、転籍元で正従業員として記入してください。
D190: Semi-Full-Time/Part-Time Employees /Contractors | G190: Include "Semi-Full-Time/Part-Time Employees" and "Contractors" 準社員、派遣・請負が対象
D191: Billable Individual Contributor | G191: Please fill in individual contributor who delivery service as part of a fee in Direct & Indirect channels. No matter what level of skills they have either newly hired (not ramped up yet) or fully/well skilled, counted as 1 FTE Purpose)to analyze a service productivity of billable contributor, except for not billable one like managers and administrators. 顧客への課金に直接関わるサービスデリバリに関わる人員を入力してください。熟達度に限らず、1FTEとしてカウントしてください。 目的はマネージャやアドミンを含まない形で販売・サービスの生産性を分析するため。
...

Sheet OP
A4: FY19 | C4: FY20 | E4: FY21 | G4: FY22 | K4: MTP23-25 & FY23 Original Plan ver1.0 | V4: BIN | X4: (Unit:1000LC) | AA4: No Anaplan upload
J6: RF | K6: MTP | O6: #N/A | R6: (Unit:1000LC) | V6: Input fields | X6: 0
K7: MTP | V7: Input fields, but not affect PL
K8: MTP | M8: 1. P/L (1) - Overview | X8: FY23 Original Plan
K9: MTP | N9: 1-1. P/L Statement
X10: Apr 22 | Y10: May 22 | Z10: Jun 22 | AA10: Jul 22 | AB10: Aug 22 | AC10: Sep 22 | AD10: Oct 22 | AE10: Nov 22 | AF10: Dec 22 | AG10: Jan 23 | AH10: Feb 23 | AI10: Mar 23
J11: RF | K11: RF | X11: 45077.785
J12: RF | K12: RF
J13: RF | K13: MTP | X13: 45017 | Y13: 45047 | Z13: 45078 | AA13: 45108 | AB13: 45139 | AC13: 45170 | AD13: 45200 | AE13: 45231 | AF13: 45261 | AG13: 45292 | AH13: 45323 | AI13: 45352 | AJ13: Q1 | AK13: Q2 | AL13: Q3 | AM13: Q4 | AN13: 1st H | AO13: 2nd H | AP13: FY23
A14: 8 | B14: 1 | C14: 11 | D14: 1 | E14: 11 | F14: 1 | G14: 14 | H14: 1 | J14: RF | K14: MTP | O14: Net Sales | X14: 941049.21 | Y14: 675591.67 | Z14: 733635.06 | AA14: 685650.62 | AB14: 755265.94 | AC14: 773672.56 | AD14: 709386.81 | AE14: 691799.95 | AF14: 768286.49 | AG14: 722474.71 | AH14: 748910.34 | AI14: 804749.44 | AJ14: 2350275.9 | AK14: 2214589.1 | AL14: 2169473.3 | AM14: 2276134.5 | AN14: 4564865.1 | AO14: 4445607.7 | AP14: 9010472.8
A15: 31 | B15: 1 | C15: 12 | D15: 1 | E15: 12 | F15: 1 | G15: 15 | H15: 1 | J15: RF | K15: MTP | O15: BT Consolidated Sales | X15: 941049.21 | Y15: 675591.67 | Z15: 733635.06 | AA15: 685650.62 | AB15: 755265.94 | AC15: 773672.56 | AD15: 709386.81 | AE15: 691799.95 | AF15: 768286.49 | AG15: 722474.71 | AH15: 748910.34 | AI15: 804749.44 | AJ15: 2350275.9 | AK15: 2214589.1 | AL15: 2169473.3 | AM15: 2276134.5 | AN15: 4564865.1 | AO15: 4445607.7 | AP15: 9010472.8
A16: 9 | B16: 1 | C16: 13 | D16: 1 | E16: 13 | F16: 1 | G16: 16 | H16: 1 | J16: RF | K16: MTP | O16: Cost of Sales | X16: 602625.68 | Y16: 471337.56 | Z16: 511171.03 | AA16: 483589.79 | AB16: 535054.23 | AC16: 540146.17 | AD16: 507345.05 | AE16: 493297.26 | AF16: 546478.68 | AG16: 512580.28 | AH16: 530798.81 | AI16: 573992.45 | AJ16: 1585134.3 | AK16: 1558790.2 | AL16: 1547121 | AM16: 1617371.5 | AN16: 3143924.5 | AO16: 3164492.5 | AP16: 6308417
A17: 10 | B17: 1 | C17: 14 | D17: 1 | E17: 14 | F17: 1 | G17: 17 | H17: 1 | J17: RF | K17: MTP | O17: Gross Profit | X17: 338423.53 | Y17: 204254.12 | Z17: 222464.03 | AA17: 202060.83 | AB17: 220211.71 | AC17: 233526.39 | AD17: 202041.76 | AE17: 198502.69 | AF17: 221807.81 | AG17: 209894.43 | AH17: 218111.53 | AI17: 230756.99 | AJ17: 765141.67 | AK17: 655798.94 | AL17: 622352.25 | AM17: 658762.96 | AN17: 1420940.6 | AO17: 1281115.2 | AP17: 2702055.8
A18: 11 | B18: 1 | C18: 15 | D18: 1 | E18: 15 | F18: 1 | G18: 18 | H18: 1 | J18: RF | K18: MTP | V18: (%) | X18: 0.35962362 | Y18: 0.30233368 | Z18: 0.30323527 | AA18: 0.29469941 | AB18: 0.29156844 | AC18: 0.30184138 | AD18: 0.28481183 | AE18: 0.28693655 | AF18: 0.28870455 | AG18: 0.29052149 | AH18: 0.29123851 | AI18: 0.2867439 | AJ18: 0.32555397 | AK18: 0.29612669 | AL18: 0.28686791 | AM18: 0.28942181 | AN18: 0.31127768 | AO18: 0.28817549 | AP18: 0.29987947
A19: 12 | B19: 1 | C19: 16 | D19: 1 | E19: 16 | F19: 1 | G19: 19 | H19: 1 | J19: RF | K19: MTP | O19: SGA Expenses | X19: 195944.54 | Y19: 163451.68 | Z19: 168243.55 | AA19: 165134.56 | AB19: 170626.67 | AC19: 178319.86 | AD19: 162895.25 | AE19: 161681.59 | AF19: 167572.72 | AG19: 162254.97 | AH19: 162339.65 | AI19: 163570.31 | AJ19: 527639.77 | AK19: 514081.08 | AL19: 492149.57 | AM19: 488164.94 | AN19: 1041720.9 | AO19: 980314.51 | AP19: 2022035.4
A20: 13 | B20: 1 | C20: 17 | D20: 1 | E20: 17 | F20: 1 | G20: 20 | H20: 1 | J20: RF | K20: MTP | V20: (%) | X20: 0.20821922 | Y20: 0.24193856 | Z20: 0.22932867 | AA20: 0.24084359 | AB20: 0.22591601 | AC20: 0.23048492 | AD20: 0.22962825 | AE20: 0.23371148 | AF20: 0.21811229 | AG20: 0.22458222 | AH20: 0.21676781 | AI20: 0.20325619 | AJ20: 0.2245012 | AK20: 0.23213384 | AL20: 0.2268521 | AM20: 0.21447104 | AN20: 0.22820408 | AO20: 0.22051305 | AP20: 0.22440946
A21: 14 | B21: 1 | C21: 18 | D21: 1 | E21: 18 | F21: 1 | G21: 21 | H21: 1 | J21: RF | K21: MTP | P21: Variable Expenses | X21: 78754.736 | Y21: 47844.717 | Z21: 51783.454 | AA21: 48527.287 | AB21: 53255.879 | AC21: 60501.509 | AD21: 45146.608 | AE21: 43950.043 | AF21: 49148.572 | AG21: 44035.852 | AH21: 43844.514 | AI21: 44696.714 | AJ21: 178382.91 | AK21: 162284.67 | AL21: 138245.22 | AM21: 132577.08 | AN21: 340667.58 | AO21: 270822.3 | AP21: 611489.88
A22: 15 | B22: 1 | C22: 19 | D22: 1 | E22: 19 | F22: 1 | G22: 22 | H22: 1 | J22: RF | K22: MTP | P22: Wages & Salaries | X22: 65931.967 | Y22: 66115.3 | Z22: 66581.967 | AA22: 67048.634 | AB22: 67348.634 | AC22: 67673.634 | AD22: 68031.967 | AE22: 68131.967 | AF22: 68315.3 | AG22: 68415.3 | AH22: 68515.3 | AI22: 68515.3 | AJ22: 198629.23 | AK22: 202070.9 | AL22: 204479.23 | AM22: 205445.9 | AN22: 400700.13 | AO22: 409925.13 | AP22: 810625.27
A23: 16 | B23: 1 | C23: 20 | D23: 1 | E23: 20 | F23: 1 | G23: 23 | H23: 1 | J23: RF | K23: MTP | P23: Fixed Expenses | X23: 51257.832 | Y23: 49491.661 | Z23: 49878.132 | AA23: 49558.636 | AB23: 50022.158 | AC23: 50144.715 | AD23: 49716.68 | AE23: 49599.581 | AF23: 50108.853 | AG23: 49803.823 | AH23: 49979.84 | AI23: 50358.294 | AJ23: 150627.63 | AK23: 149725.51 | AL23: 149425.11 | AM23: 150141.96 | AN23: 300353.13 | AO23: 299567.07 | AP23: 599920.21
A24: 17 | B24: 1 | C24: 21 | D24: 1 | E24: 21 | F24: 1 | G24: 24 | H24: 1 | J24: RF | K24: MTP | O24: Business Contribution Profit | X24: 142478.99 | Y24: 40802.44 | Z24: 54220.477 | AA24: 36926.275 | AB24: 49585.044 | AC24: 55206.537 | AD24: 39146.504 | AE24: 36821.099 | AF24: 54235.081 | AG24: 47639.456 | AH24: 55771.878 | AI24: 67186.685 | AJ24: 237501.91 | AK24: 141717.86 | AL24: 130202.68 | AM24: 170598.02 | AN24: 379219.76 | AO24: 300800.7 | AP24: 680020.47
A25: 18 | B25: 1 | C25: 22 | D25: 1 | E25: 22 | F25: 1 | G25: 25 | H25: 1 | J25: RF | K25: MTP | V25: (%) | X25: 0.1514044 | Y25: 0.06039512 | Z25: 0.073906605 | AA25: 0.053855818 | AB25: 0.06565243 | AC25: 0.071356462 | AD25: 0.05518358 | AE25: 0.053225067 | AF25: 0.070592262 | AG25: 0.065939271 | AH25: 0.074470701 | AI25: 0.083487706 | AJ25: 0.10105278 | AK25: 0.063992844 | AL25: 0.060015805 | AM25: 0.074950764 | AN25: 0.083073598 | AO25: 0.067662448 | AP25: 0.075470009
A26: 19 | B26: 1 | C26: 23 | D26: 1 | E26: 23 | F26: 1 | G26: 26 | H26: 1 | J26: RF | K26: MTP | O26: Other Income | X26: 0 | Y26: 0 | Z26: 0 | AA26: 0 | AB26: 0 | AC26: 0 | AD26: 0 | AE26: 0 | AF26: 0 | AG26: 0 | AH26: 0 | AI26: 0 | AJ26: 0 | AK26: 0 | AL26: 0 | AM26: 0 | AN26: 0 | AO26: 0 | AP26: 0
A27: 20 | B27: 1 | C27: 24 | D27: 1 | E27: 24 | F27: 1 | G27: 27 | H27: 1 | J27: RF | K27: MTP | O27: Other Expenses | X27: 0 | Y27: 0 | Z27: 0 | AA27: 0 | AB27: 0 | AC27: 0 | AD27: 0 | AE27: 0 | AF27: 0 | AG27: 0 | AH27: 0 | AI27: 0 | AJ27: 0 | AK27: 0 | AL27: 0 | AM27: 0 | AN27: 0 | AO27: 0 | AP27: 0
A28: 21 | B28: 1 | C28: 25 | D28: 1 | E28: 25 | F28: 1 | G28: 28 | H28: 1 | J28: RF | K28: MTP | O28: Operating Profit | X28: 142478.99 | Y28: 40802.44 | Z28: 54220.477 | AA28: 36926.275 | AB28: 49585.044 | AC28: 55206.537 | AD28: 39146.504 | AE28: 36821.099 | AF28: 54235.081 | AG28: 47639.456 | AH28: 55771.878 | AI28: 67186.685 | AJ28: 237501.91 | AK28: 141717.86 | AL28: 130202.68 | AM28: 170598.02 | AN28: 379219.76 | AO28: 300800.7 | AP28: 680020.47
A29: 22 | B29: 1 | C29: 26 | D29: 1 | E29: 26 | F29: 1 | G29: 29 | H29: 1 | J29: RF | K29: MTP | V29: (%) | X29: 0.1514044 | Y29: 0.06039512 | Z29: 0.073906605 | AA29: 0.053855818 | AB29: 0.06565243 | AC29: 0.071356462 | AD29: 0.05518358 | AE29: 0.053225067 | AF29: 0.070592262 | AG29: 0.065939271 | AH29: 0.074470701 | AI29: 0.083487706 | AJ29: 0.10105278 | AK29: 0.063992844 | AL29: 0.060015805 | AM29: 0.074950764 | AN29: 0.083073598 | AO29: 0.067662448 | AP29: 0.075470009
A30: 23 | B30: 1 | C30: 27 | D30: 1 | E30: 27 | F30: 1 | G30: 30 | H30: 1 | J30: RF | O30: Financial Income (Expenses), net | X30: 0 | Y30: 0 | Z30: 0 | AA30: 0 | AB30: 0 | AC30: 0 | AD30: 0 | AE30: 0 | AF30: 0 | AG30: 0 | AH30: 0 | AI30: 0 | AJ30: 0 | AK30: 0 | AL30: 0 | AM30: 0 | AN30: 0 | AO30: 0 | AP30: 0
A31: 24 | B31: 1 | C31: 28 | D31: 1 | E31: 28 | F31: 1 | G31: 31 | H31: 1 | J31: RF | P31: Financial Income | X31: 0 | Y31: 0 | Z31: 0 | AA31: 0 | AB31: 0 | AC31: 0 | AD31: 0 | AE31: 0 | AF31: 0 | AG31: 0 | AH31: 0 | AI31: 0 | AJ31: 0 | AK31: 0 | AL31: 0 | AM31: 0 | AN31: 0 | AO31: 0 | AP31: 0
A32: 25 | B32: 1 | C32: 29 | D32: 1 | E32: 29 | F32: 1 | G32: 32 | H32: 1 | J32: RF | P32: Financial Expenses | X32: 0 | Y32: 0 | Z32: 0 | AA32: 0 | AB32: 0 | AC32: 0 | AD32: 0 | AE32: 0 | AF32: 0 | AG32: 0 | AH32: 0 | AI32: 0 | AJ32: 0 | AK32: 0 | AL32: 0 | AM32: 0 | AN32: 0 | AO32: 0 | AP32: 0
A33: 26 | B33: 1 | C33: 30 | D33: 1 | E33: 30 | F33: 1 | G33: 33 | H33: 1 | J33: RF | O33: Profit before Taxes | X33: 142478.99 | Y33: 40802.44 | Z33: 54220.477 | AA33: 36926.275 | AB33: 49585.044 | AC33: 55206.537 | AD33: 39146.504 | AE33: 36821.099 | AF33: 54235.081 | AG33: 47639.456 | AH33: 55771.878 | AI33: 67186.685 | AJ33: 237501.91 | AK33: 141717.86 | AL33: 130202.68 | AM33: 170598.02 | AN33: 379219.76 | AO33: 300800.7 | AP33: 680020.47
A34: 27 | B34: 1 | C34: 31 | D34: 1 | E34: 31 | F34: 1 | G34: 34 | H34: 1 | J34: RF | O34: Tax Expenses & Others | X34: 35619.748 | Y34: 10200.61 | Z34: 13555.119 | AA34: 9231.5688 | AB34: 12396.261 | AC34: 13801.634 | AD34: 9786.6259 | AE34: 9205.2747 | AF34: 13558.77 | AG34: 11909.864 | AH34: 13942.969 | AI34: 16796.671 | AJ34: 59375.477 | AK34: 35429.464 | AL34: 32550.671 | AM34: 42649.505 | AN34: 94804.941 | AO34: 75200.175 | AP34: 170005.12
A35: 28 | B35: 1 | C35: 32 | D35: 1 | E35: 32 | F35: 1 | G35: 35 | H35: 1 | J35: RF | K35: MTP | O35: Net Profit | X35: 106859.24 | Y35: 30601.83 | Z35: 40665.358 | AA35: 27694.706 | AB35: 37188.783 | AC35: 41404.903 | AD35: 29359.878 | AE35: 27615.824 | AF35: 40676.311 | AG35: 35729.592 | AH35: 41828.908 | AI35: 50390.013 | AJ35: 178126.43 | AK35: 106288.39 | AL35: 97652.013 | AM35: 127948.51 | AN35: 284414.82 | AO35: 225600.53 | AP35: 510015.35
A36: 29 | B36: 1 | C36: 33 | D36: 1 | E36: 33 | F36: 1 | G36: 36 | H36: 1 | J36: RF | K36: MTP | V36: (%) | X36: 0.1135533 | Y36: 0.04529634 | Z36: 0.055429954 | AA36: 0.040391864 | AB36: 0.049239323 | AC36: 0.053517347 | AD36: 0.041387685 | AE36: 0.039918801 | AF36: 0.052944196 | AG36: 0.049454453 | AH36: 0.055853026 | AI36: 0.062615779 | AJ36: 0.075789582 | AK36: 0.047994633 | AL36: 0.045011854 | AM36: 0.056213073 | AN36: 0.062305198 | AO36: 0.050746836 | AP36: 0.056602507
A37: 30 | B37: 1 | C37: 34 | D37: 1 | E37: 34 | F37: 1 | G37: 37 | H37: 1 | J37: RF | K37: MTP
A38: 31 | B38: 1 | C38: 35 | D38: 1 | E38: 35 | F38: 1 | G38: 38 | H38: 1
A39: 33 | B39: 1 | C39: 36 | D39: 1 | E39: 36 | F39: 1 | G39: 39 | H39: 1 | M39: 1-2.SGA Expenses Details
A40: 34 | B40: 1 | C40: 37 | D40: 1 | E40: 37 | F40: 1 | G40: 40 | H40: 1 | O40: Variable Expenses | X40: 78754.736 | Y40: 47844.717 | Z40: 51783.454 | AA40: 48527.287 | AB40: 53255.879 | AC40: 60501.509 | AD40: 45146.608 | AE40: 43950.043 | AF40: 49148.572 | AG40: 44035.852 | AH40: 43844.514 | AI40: 44696.714 | AJ40: 178382.91 | AK40: 162284.67 | AL40: 138245.22 | AM40: 132577.08 | AN40: 340667.58 | AO40: 270822.3 | AP40: 611489.88
A41: 35 | B41: 1 | C41: 38 | D41: 1 | E41: 38 | F41: 1 | G41: 41 | H41: 1 | P41: Selling Expenses | X41: 30564.92 | Y41: 14825.394 | Z41: 15958.545 | AA41: 15021.757 | AB41: 16384.586 | AC41: 21649.425 | AD41: 11401.956 | AE41: 11056.042 | AF41: 12556.013 | AG41: 10022.283 | AH41: 8914.3658 | AI41: 7565.9222 | AJ41: 61348.86 | AK41: 53055.768 | AL41: 35014.011 | AM41: 26502.571 | AN41: 114404.63 | AO41: 61516.582 | AP41: 175921.21
A42: 36 | B42: 1 | C42: 39 | D42: 1 | E42: 39 | F42: 1 | G42: 42 | H42: 1 | P42: Adverting Expenses | X42: 6798.2979 | Y42: 3297.4876 | Z42: 3549.5249 | AA42: 3341.163 | AB42: 3644.2855 | AC42: 4815.2993 | AD42: 2536.0411 | AE42: 2459.1024 | AF42: 2792.7282 | AG42: 2229.1719 | AH42: 1982.7473 | AI42: 1682.8244 | AJ42: 13645.31 | AK42: 11800.748 | AL42: 7787.8718 | AM42: 5894.7436 | AN42: 25446.058 | AO42: 13682.615 | AP42: 39128.674
A43: 37 | B43: 1 | C43: 40 | D43: 1 | E43: 40 | F43: 1 | G43: 43 | H43: 1 | P43: Logistics Expense | X43: 41391.518 | Y43: 29721.835 | Z43: 32275.383 | AA43: 30164.366 | AB43: 33227.007 | AC43: 34036.785 | AD43: 31208.611 | AE43: 30434.898 | AF43: 33799.831 | AG43: 31784.397 | AH43: 32947.401 | AI43: 35447.968 | AJ43: 103388.74 | AK43: 97428.158 | AL43: 95443.34 | AM43: 100179.77 | AN43: 200816.89 | AO43: 195623.11 | AP43: 396440
A44: 38 | B44: 1 | C44: 41 | D44: 1 | E44: 41 | F44: 1 | G44: 44 | H44: 1 | O44: Wages & Salaries | X44: 67552.121 | Y44: 67552.121 | Z44: 67552.121 | AA44: 67552.121 | AB44: 67552.121 | AC44: 67552.121 | AD44: 67552.121 | AE44: 67552.121 | AF44: 67552.121 | AG44: 67552.121 | AH44: 67552.121 | AI44: 67552.121 | AJ44: 202656.36 | AK44: 202656.36 | AL44: 202656.36 | AM44: 202656.36 | AN44: 405312.73 | AO44: 405312.73 | AP44: 810625.45
A45: 39 | B45: 1 | C45: 42 | D45: 1 | E45: 42 | F45: 1 | G45: 45 | H45: 1 | P45: Variable Wages & Salaries | X45: 10768.917 | Y45: 10768.917 | Z45: 10768.917 | AA45: 10768.917 | AB45: 10768.917 | AC45: 10768.917 | AD45: 10768.917 | AE45: 10768.917 | AF45: 10768.917 | AG45: 10768.917 | AH45: 10768.917 | AI45: 10768.917 | AJ45: 32306.75 | AK45: 32306.75 | AL45: 32306.75 | AM45: 32306.75 | AN45: 64613.5 | AO45: 64613.5 | AP45: 129227
A46: 40 | B46: 1 | C46: 43 | D46: 1 | E46: 43 | F46: 1 | G46: 46 | H46: 1 | P46: Fixed Wages & Salaries | X46: 53502.392 | Y46: 53502.392 | Z46: 53502.392 | AA46: 53502.392 | AB46: 53502.392 | AC46: 53502.392 | AD46: 53502.392 | AE46: 53502.392 | AF46: 53502.392 | AG46: 53502.392 | AH46: 53502.392 | AI46: 53502.392 | AJ46: 160507.18 | AK46: 160507.18 | AL46: 160507.18 | AM46: 160507.18 | AN46: 321014.35 | AO46: 321014.35 | AP46: 642028.7
A47: 41 | B47: 1 | C47: 44 | D47: 1 | E47: 44 | F47: 1 | G47: 47 | H47: 1 | P47: Retirement Benefit Cost | X47: 3280.8125 | Y47: 3280.8125 | Z47: 3280.8125 | AA47: 3280.8125 | AB47: 3280.8125 | AC47: 3280.8125 | AD47: 3280.8125 | AE47: 3280.8125 | AF47: 3280.8125 | AG47: 3280.8125 | AH47: 3280.8125 | AI47: 3280.8125 | AJ47: 9842.4375 | AK47: 9842.4375 | AL47: 9842.4375 | AM47: 9842.4375 | AN47: 19684.875 | AO47: 19684.875 | AP47: 39369.75
A48: 42 | B48: 1 | C48: 45 | D48: 1 | E48: 45 | F48: 1 | G48: 48 | H48: 1 | O48: Fixed Expenses | X48: 51257.836 | Y48: 49491.664 | Z48: 49878.136 | AA48: 49558.64 | AB48: 50022.162 | AC48: 50144.719 | AD48: 49716.683 | AE48: 49599.584 | AF48: 50108.857 | AG48: 49803.827 | AH48: 49979.844 | AI48: 50358.297 | AJ48: 150627.64 | AK48: 149725.52 | AL48: 149425.12 | AM48: 150141.97 | AN48: 300353.16 | AO48: 299567.09 | AP48: 599920.25
A49: 43 | B49: 1 | C49: 46 | D49: 1 | E49: 46 | F49: 1 | G49: 49 | H49: 1 | P49: Traveling Expenses | X49: 6264.4816 | Y49: 4498.3102 | Z49: 4884.7821 | AA49: 4565.286 | AB49: 5028.8075 | AC49: 5151.3648 | AD49: 4723.3293 | AE49: 4606.2302 | AF49: 5115.5026 | AG49: 4810.4728 | AH49: 4986.4899 | AI49: 5364.9432 | AJ49: 15647.574 | AK49: 14745.458 | AL49: 14445.062 | AM49: 15161.906 | AN49: 30393.032 | AO49: 29606.968 | AP49: 60000
A50: 44 | B50: 1 | C50: 47 | D50: 1 | E50: 47 | F50: 1 | G50: 50 | H50: 1 | P50: Depreciation & Amortization | X50: 6666.4583 | Y50: 6666.4583 | Z50: 6666.4583 | AA50: 6666.4583 | AB50: 6666.4583 | AC50: 6666.4583 | AD50: 6666.4583 | AE50: 6666.4583 | AF50: 6666.4583 | AG50: 6666.4583 | AH50: 6666.4583 | AI50: 6666.4583 | AJ50: 19999.375 | AK50: 19999.375 | AL50: 19999.375 | AM50: 19999.375 | AN50: 39998.75 | AO50: 39998.75 | AP50: 79997.5
A51: 45 | B51: 1 | C51: 48 | D51: 1 | E51: 48 | F51: 1 | G51: 51 | H51: 1 | P51: Repair and Maintenance | X51: 1089.2 | Y51: 1089.2 | Z51: 1089.2 | AA51: 1089.2 | AB51: 1089.2 | AC51: 1089.2 | AD51: 1089.2 | AE51: 1089.2 | AF51: 1089.2 | AG51: 1089.2 | AH51: 1089.2 | AI51: 1089.2 | AJ51: 3267.6 | AK51: 3267.6 | AL51: 3267.6 | AM51: 3267.6 | AN51: 6535.2 | AO51: 6535.2 | AP51: 13070.4
A52: 46 | B52: 1 | C52: 49 | D52: 1 | E52: 49 | F52: 1 | G52: 52 | H52: 1 | P52: Rent Expenses | X52: 6830.4167 | Y52: 6830.4167 | Z52: 6830.4167 | AA52: 6830.4167 | AB52: 6830.4167 | AC52: 6830.4167 | AD52: 6830.4167 | AE52: 6830.4167 | AF52: 6830.4167 | AG52: 6830.4167 | AH52: 6830.4167 | AI52: 6830.4167 | AJ52: 20491.25 | AK52: 20491.25 | AL52: 20491.25 | AM52: 20491.25 | AN52: 40982.5 | AO52: 40982.5 | AP52: 81965
A53: 47 | B53: 1 | C53: 50 | D53: 1 | E53: 50 | F53: 1 | G53: 53 | H53: 1 | P53: Service Charges and Fees | X53: 83.333333 | Y53: 83.333333 | Z53: 83.333333 | AA53: 83.333333 | AB53: 83.333333 | AC53: 83.333333 | AD53: 83.333333 | AE53: 83.333333 | AF53: 83.333333 | AG53: 83.333333 | AH53: 83.333333 | AI53: 83.333333 | AJ53: 250 | AK53: 250 | AL53: 250 | AM53: 250 | AN53: 500 | AO53: 500 | AP53: 1000
A54: 48 | B54: 1 | C54: 51 | D54: 1 | E54: 51 | F54: 1 | G54: 54 | H54: 1 | P54: Other Expenses | X54: 30323.946 | Y54: 30323.946 | Z54: 30323.946 | AA54: 30323.946 | AB54: 30323.946 | AC54: 30323.946 | AD54: 30323.946 | AE54: 30323.946 | AF54: 30323.946 | AG54: 30323.946 | AH54: 30323.946 | AI54: 30323.946 | AJ54: 90971.838 | AK54: 90971.838 | AL54: 90971.838 | AM54: 90971.838 | AN54: 181943.68 | AO54: 181943.68 | AP54: 363887.35
A55: 49 | B55: 1 | C55: 52 | D55: 1 | E55: 52 | F55: 1 | G55: 55 | H55: 1
A56: 50 | B56: 1 | C56: 53 | D56: 1 | E56: 53 | F56: 1 | G56: 56 | H56: 1 | J56: RF | K56: MTP | M56: 1-3.Total Personnel Costs
A57: 51 | B57: 1 | C57: 54 | D57: 1 | E57: 54 | F57: 1 | G57: 57 | H57: 1 | J57: RF | K57: MTP | O57: Personnel Costs Total | X57: 86570.587 | Y57: 86570.587 | Z57: 86570.587 | AA57: 87402.788 | AB57: 87402.788 | AC57: 87402.788 | AD57: 86669.454 | AE57: 86669.454 | AF57: 86669.454 | AG57: 86777.254 | AH57: 86777.254 | AI57: 86777.254 | AJ57: 259711.76 | AK57: 262208.36 | AL57: 260008.36 | AM57: 260331.76 | AN57: 521920.12 | AO57: 520340.12 | AP57: 1042260.2
A58: 52 | B58: 1 | C58: 55 | D58: 1 | E58: 55 | F58: 1 | G58: 58 | H58: 1 | J58: RF | K58: MTP | P58: Included in COGS （Field Service cost /Service Desk Cost） | X58: 19018.467 | Y58: 19018.467 | Z58: 19018.467 | AA58: 19850.667 | AB58: 19850.667 | AC58: 19850.667 | AD58: 19117.333 | AE58: 19117.333 | AF58: 19117.333 | AG58: 19225.133 | AH58: 19225.133 | AI58: 19225.133 | AJ58: 57055.4 | AK58: 59552 | AL58: 57352 | AM58: 57675.4 | AN58: 116607.4 | AO58: 115027.4 | AP58: 231634.8
A59: 53 | B59: 1 | C59: 56 | D59: 1 | E59: 56 | F59: 1 | G59: 59 | H59: 1 | J59: RF | K59: MTP | P59: Included in SG&A (Wages & Salaries） | X59: 67552.121 | Y59: 67552.121 | Z59: 67552.121 | AA59: 67552.121 | AB59: 67552.121 | AC59: 67552.121 | AD59: 67552.121 | AE59: 67552.121 | AF59: 67552.121 | AG59: 67552.121 | AH59: 67552.121 | AI59: 67552.121 | AJ59: 202656.36 | AK59: 202656.36 | AL59: 202656.36 | AM59: 202656.36 | AN59: 405312.72 | AO59: 405312.72 | AP59: 810625.45
A60: 54 | B60: 1 | C60: 57 | D60: 1 | E60: 57 | F60: 1 | G60: 60 | H60: 1 | J60: RF | K60: MTP
A61: 55 | B61: 1 | C61: 58 | D61: 1 | E61: 58 | F61: 1 | G61: 61 | H61: 1 | J61: RF | M61: 1-4.Break-down of Other Income, Other Expense
A62: 56 | B62: 1 | C62: 59 | D62: 1 | E62: 59 | F62: 1 | G62: 62 | H62: 1 | J62: RF | O62: Other income | X62: 0 | Y62: 0 | Z62: 0 | AA62: 0 | AB62: 0 | AC62: 0 | AD62: 0 | AE62: 0 | AF62: 0 | AG62: 0 | AH62: 0 | AI62: 0 | AJ62: 0 | AK62: 0 | AL62: 0 | AM62: 0 | AN62: 0 | AO62: 0 | AP62: 0
A63: 57 | B63: 1 | C63: 60 | D63: 1 | E63: 60 | F63: 1 | G63: 63 | H63: 1 | J63: RF | P63: Rent income from Property, Plant and Equipment | AJ63: 0 | AK63: 0 | AL63: 0 | AM63: 0 | AN63: 0 | AO63: 0 | AP63: 0
A64: 58 | B64: 1 | C64: 61 | D64: 1 | E64: 61 | F64: 1 | G64: 64 | H64: 1 | J64: RF | P64: Commissions and Fees Income | AJ64: 0 | AK64: 0 | AL64: 0 | AM64: 0 | AN64: 0 | AO64: 0 | AP64: 0
A65: 59 | B65: 1 | C65: 62 | D65: 1 | E65: 62 | F65: 1 | G65: 65 | H65: 1 | J65: RF | P65: Gains on Sales of Asset | AJ65: 0 | AK65: 0 | AL65: 0 | AM65: 0 | AN65: 0 | AO65: 0 | AP65: 0
A66: 1 | B66: 1 | C66: 1 | D66: 1 | E66: 63 | F66: 1 | G66: 66 | H66: 1 | J66: RF | P66: Government support | AJ66: 0 | AK66: 0 | AL66: 0 | AM66: 0 | AN66: 0 | AO66: 0 | AP66: 0
A67: 60 | B67: 1 | C67: 63 | D67: 1 | E67: 64 | F67: 1 | G67: 67 | H67: 1 | J67: RF | P67: Other income | X67: 0 | Y67: 0 | Z67: 0 | AA67: 0 | AB67: 0 | AC67: 0 | AD67: 0 | AE67: 0 | AF67: 0 | AG67: 0 | AH67: 0 | AI67: 0 | AJ67: 0 | AK67: 0 | AL67: 0 | AM67: 0 | AN67: 0 | AO67: 0 | AP67: 0
A68: 61 | B68: 1 | C68: 64 | D68: 1 | E68: 65 | F68: 1 | G68: 68 | H68: 1 | J68: RF | O68: Other Expense | X68: 0 | Y68: 0 | Z68: 0 | AA68: 0 | AB68: 0 | AC68: 0 | AD68: 0 | AE68: 0 | AF68: 0 | AG68: 0 | AH68: 0 | AI68: 0 | AJ68: 0 | AK68: 0 | AL68: 0 | AM68: 0 | AN68: 0 | AO68: 0 | AP68: 0
A69: 62 | B69: 1 | C69: 65 | D69: 1 | E69: 66 | F69: 1 | G69: 69 | H69: 1 | J69: RF | P69: Losses on Sales of Asset, Disposal of Asset | AJ69: 0 | AK69: 0 | AL69: 0 | AM69: 0 | AN69: 0 | AO69: 0 | AP69: 0
A70: 63 | B70: 1 | C70: 66 | D70: 1 | E70: 67 | F70: 1 | G70: 70 | H70: 1 | J70: RF | P70: Impairment Loss | AJ70: 0 | AK70: 0 | AL70: 0 | AM70: 0 | AN70: 0 | AO70: 0 | AP70: 0
A71: 64 | B71: 1 | C71: 67 | D71: 1 | E71: 68 | F71: 1 | G71: 71 | H71: 1 | J71: RF | P71: Restructuring Expense | AJ71: 0 | AK71: 0 | AL71: 0 | AM71: 0 | AN71: 0 | AO71: 0 | AP71: 0
A72: 1 | B72: 1 | C72: 1 | D72: 1 | E72: 69 | F72: 1 | G72: 72 | H72: 1 | J72: RF | P72: Expense for layoff benefit | AJ72: 0 | AK72: 0 | AL72: 0 | AM72: 0 | AN72: 0 | AO72: 0 | AP72: 0
A73: 65 | B73: 1 | C73: 68 | D73: 1 | E73: 70 | F73: 1 | G73: 73 | H73: 1 | J73: RF | P73: Other Expense | X73: 0 | Y73: 0 | Z73: 0 | AA73: 0 | AB73: 0 | AC73: 0 | AD73: 0 | AE73: 0 | AF73: 0 | AG73: 0 | AH73: 0 | AI73: 0 | AJ73: 0 | AK73: 0 | AL73: 0 | AM73: 0 | AN73: 0 | AO73: 0 | AP73: 0
A74: 66 | B74: 1 | C74: 69 | D74: 1 | E74: 71 | F74: 1 | G74: 74 | H74: 1 | J74: RF | K74: MTP
A75: 67 | B75: 1 | C75: 70 | D75: 1 | E75: 72 | F75: 1 | G75: 75 | H75: 1 | J75: RF | K75: MTP | L75: 2. P/L (2) - Overview by BU
A76: 68 | B76: 1 | C76: 71 | D76: 1 | E76: 73 | F76: 1 | G76: 76 | H76: 1 | J76: RF | K76: MTP | M76: 2-1. P/L Statement by BU
A77: 69 | B77: 1 | C77: 72 | D77: 1 | E77: 74 | F77: 1 | G77: 77 | H77: 1 | J77: RF | K77: MTP | N77: (1) Office
A78: 1 | B78: 1 | C78: 1 | D78: 1 | E78: 75 | F78: 1 | G78: 78 | H78: 1 | J78: RF | K78: MTP | X78: 45017 | Y78: 45047 | Z78: 45078 | AA78: 45108 | AB78: 45139 | AC78: 45170 | AD78: 45200 | AE78: 45231 | AF78: 45261 | AG78: 45292 | AH78: 45323 | AI78: 45352 | AJ78: Q1 | AK78: Q2 | AL78: Q3 | AM78: Q4 | AN78: 1st H | AO78: 2nd H | AP78: FY23
A79: 1 | B79: 1 | C79: 1 | D79: 1 | E79: 1 | F79: 1 | G79: 79 | H79: 1 | J79: RF | K79: MTP | O79: Net Sales | X79: 250909.46 | Y79: 208780.93 | Z79: 234780.57 | AA79: 216919.24 | AB79: 238704.57 | AC79: 262658.74 | AD79: 214812.78 | AE79: 219545.42 | AF79: 253998.46 | AG79: 214273.44 | AH79: 237238.96 | AI79: 259791.72 | AJ79: 694470.96 | AK79: 718282.55 | AL79: 688356.65 | AM79: 711304.11 | AN79: 1412753.5 | AO79: 1399660.8 | AP79: 2812414.3
A80: 1 | B80: 1 | C80: 1 | D80: 1 | E80: 1 | F80: 1 | G80: 80 | H80: 1 | J80: RF | K80: MTP | O80: BT Consolidated Sales | X80: 250909.46 | Y80: 208780.93 | Z80: 234780.57 | AA80: 216919.24 | AB80: 238704.57 | AC80: 262658.74 | AD80: 214812.78 | AE80: 219545.42 | AF80: 253998.46 | AG80: 214273.44 | AH80: 237238.96 | AI80: 259791.72 | AJ80: 694470.96 | AK80: 718282.55 | AL80: 688356.65 | AM80: 711304.11 | AN80: 1412753.5 | AO80: 1399660.8 | AP80: 2812414.3
A81: 1 | B81: 1 | C81: 1 | D81: 1 | E81: 1 | F81: 1 | G81: 81 | H81: 1 | J81: RF | K81: MTP | O81: Gross Profit | X81: 74637.498 | Y81: 59723.453 | Z81: 67801.232 | AA81: 61284.705 | AB81: 67936.181 | AC81: 75463.266 | AD81: 60810.092 | AE81: 63931.988 | AF81: 73883.592 | AG81: 61655.266 | AH81: 68731.01 | AI81: 75132.991 | AJ81: 202162.18 | AK81: 204684.15 | AL81: 198625.67 | AM81: 205519.27 | AN81: 406846.33 | AO81: 404144.94 | AP81: 810991.27
A82: 1 | B82: 1 | C82: 1 | D82: 1 | E82: 1 | F82: 1 | G82: 82 | H82: 1 | J82: RF | K82: MTP | O82: SGA Expenses | X82: 68189.964 | Y82: 58034.313 | Z82: 59654.736 | AA82: 58974.696 | AB82: 60738.326 | AC82: 64278.198 | AD82: 57841.931 | AE82: 57521.65 | AF82: 59532.818 | AG82: 58538.032 | AH82: 56269.777 | AI82: 56628.088 | AJ82: 185879.01 | AK82: 183991.22 | AL82: 174896.4 | AM82: 171435.9 | AN82: 369870.23 | AO82: 346332.3 | AP82: 716202.53
A83: 1 | B83: 1 | C83: 1 | D83: 1 | E83: 1 | F83: 1 | G83: 83 | H83: 1 | J83: RF | K83: MTP | P83: Variable Expenses | X83: 25792.506 | Y83: 15930.388 | Z83: 17213.131 | AA83: 16152.688 | AB83: 17691.167 | AC83: 21097.949 | AD83: 14677.251 | AE83: 14288.587 | AF83: 15978.918 | AG83: 14966.49 | AH83: 12550.71 | AI83: 12806.839 | AJ83: 58936.026 | AK83: 54941.805 | AL83: 44944.756 | AM83: 40324.04 | AN83: 113877.83 | AO83: 85268.796 | AP83: 199146.63
A84: 1 | B84: 1 | C84: 1 | D84: 1 | E84: 1 | F84: 1 | G84: 84 | H84: 1 | J84: RF | K84: MTP | P84: Wages & Salaries | X84: 28677.002 | Y84: 28860.335 | Z84: 29093.669 | AA84: 29560.335 | AB84: 29660.335 | AC84: 29760.335 | AD84: 29860.335 | AE84: 29960.335 | AF84: 30143.669 | AG84: 30243.669 | AH84: 30343.669 | AI84: 30343.669 | AJ84: 86631.006 | AK84: 88981.006 | AL84: 89964.339 | AM84: 90931.006 | AN84: 175612.01 | AO84: 180895.34 | AP84: 356507.36
A85: 1 | B85: 1 | C85: 1 | D85: 1 | E85: 1 | F85: 1 | G85: 85 | H85: 1 | J85: RF | K85: MTP | P85: Fixed Expenses | X85: 13720.456 | Y85: 13243.589 | Z85: 13347.937 | AA85: 13261.673 | AB85: 13386.824 | AC85: 13419.914 | AD85: 13304.345 | AE85: 13272.728 | AF85: 13410.231 | AG85: 13327.873 | AH85: 13375.398 | AI85: 13477.58 | AJ85: 40311.982 | AK85: 40068.411 | AL85: 39987.304 | AM85: 40180.851 | AN85: 80380.392 | AO85: 80168.155 | AP85: 160548.55
A86: 1 | B86: 1 | C86: 1 | D86: 1 | E86: 1 | F86: 1 | G86: 86 | H86: 1 | J86: RF | K86: MTP | O86: Business Contribution Profit | X86: 6447.5342 | Y86: 1689.1401 | Z86: 8146.4956 | AA86: 2310.0091 | AB86: 7197.8547 | AC86: 11185.068 | AD86: 2968.1607 | AE86: 6410.3385 | AF86: 14350.774 | AG86: 3117.2336 | AH86: 12461.233 | AI86: 18504.903 | AJ86: 16283.17 | AK86: 20692.931 | AL86: 23729.273 | AM86: 34083.37 | AN86: 36976.101 | AO86: 57812.643 | AP86: 94788.745
A87: 1 | B87: 1 | C87: 1 | D87: 1 | E87: 1 | F87: 1 | G87: 87 | H87: 1 | J87: RF | K87: MTP | O87: Other Income | X87: 0 | Y87: 0 | Z87: 0 | AA87: 0 | AB87: 0 | AC87: 0 | AD87: 0 | AE87: 0 | AF87: 0 | AG87: 0 | AH87: 0 | AI87: 0 | AJ87: 0 | AK87: 0 | AL87: 0 | AM87: 0 | AN87: 0 | AO87: 0 | AP87: 0
A88: 1 | B88: 1 | C88: 1 | D88: 1 | E88: 1 | F88: 1 | G88: 88 | H88: 1 | J88: RF | K88: MTP | O88: Other Expenses | X88: 0 | Y88: 0 | Z88: 0 | AA88: 0 | AB88: 0 | AC88: 0 | AD88: 0 | AE88: 0 | AF88: 0 | AG88: 0 | AH88: 0 | AI88: 0 | AJ88: 0 | AK88: 0 | AL88: 0 | AM88: 0 | AN88: 0 | AO88: 0 | AP88: 0
A89: 1 | B89: 1 | C89: 1 | D89: 1 | E89: 1 | F89: 1 | G89: 89 | H89: 1 | J89: RF | K89: MTP | O89: Operating Profit | X89: 6447.5342 | Y89: 1689.1401 | Z89: 8146.4956 | AA89: 2310.0091 | AB89: 7197.8547 | AC89: 11185.068 | AD89: 2968.1607 | AE89: 6410.3385 | AF89: 14350.774 | AG89: 3117.2336 | AH89: 12461.233 | AI89: 18504.903 | AJ89: 16283.17 | AK89: 20692.931 | AL89: 23729.273 | AM89: 34083.37 | AN89: 36976.101 | AO89: 57812.643 | AP89: 94788.745
A90: 1 | B90: 1 | C90: 1 | D90: 1 | E90: 115 | F90: 1 | G90: 90 | H90: 1 | J90: RF | Q90: Cost Allocation Ratio [Allocation to Office] (%) | X90: 0.28649141 | Y90: 0.27351203 | Z90: 0.27953775 | AA90: 0.28074049 | AB90: 0.28498941 | AC90: 0.30357669 | AD90: 0.27264431 | AE90: 0.27422798 | AF90: 0.28096778 | AG90: 0.28760471 | AH90: 0.25071249 | AI90: 0.25288508 | AJ90: 0.28080903 | AK90: 0.29048187 | AL90: 0.2760725 | AM90: 0.26369094 | AN90: 0.2854899 | AO90: 0.26995329 | AP90: 0.27832162
A91: 1 | B91: 1 | C91: 1 | D91: 1 | E91: 116 | F91: 1 | G91: 91 | H91: 1 | J91: RF | R91: SG&A: Directly assigned | X91: 41000 | Y91: 41000 | Z91: 41000 | AA91: 41000 | AB91: 41000 | AC91: 41000 | AD91: 41000 | AE91: 41000 | AF91: 41000 | AG91: 41000 | AH91: 41000 | AI91: 41000 | AJ91: 123000 | AK91: 123000 | AL91: 123000 | AM91: 123000 | AN91: 246000 | AO91: 246000 | AP91: 492000
A92: 1 | B92: 1 | C92: 1 | D92: 1 | E92: 117 | F92: 1 | G92: 92 | H92: 1 | J92: RF | S92: Variable Expenses | X92: 9500 | Y92: 9500 | Z92: 9500 | AA92: 9500 | AB92: 9500 | AC92: 9500 | AD92: 9500 | AE92: 9500 | AF92: 9500 | AG92: 9500 | AH92: 9500 | AI92: 9500 | AJ92: 28500 | AK92: 28500 | AL92: 28500 | AM92: 28500 | AN92: 57000 | AO92: 57000 | AP92: 114000
A93: 1 | B93: 1 | C93: 1 | D93: 1 | E93: 118 | F93: 1 | G93: 93 | H93: 1 | J93: RF | S93: Wages & Salaries | X93: 21000 | Y93: 21000 | Z93: 21000 | AA93: 21000 | AB93: 21000 | AC93: 21000 | AD93: 21000 | AE93: 21000 | AF93: 21000 | AG93: 21000 | AH93: 21000 | AI93: 21000 | AJ93: 63000 | AK93: 63000 | AL93: 63000 | AM93: 63000 | AN93: 126000 | AO93: 126000 | AP93: 252000
A94: 1 | B94: 1 | C94: 1 | D94: 1 | E94: 119 | F94: 1 | G94: 94 | H94: 1 | J94: RF | S94: Fixed Expenses | X94: 10500 | Y94: 10500 | Z94: 10500 | AA94: 10500 | AB94: 10500 | AC94: 10500 | AD94: 10500 | AE94: 10500 | AF94: 10500 | AG94: 10500 | AH94: 10500 | AI94: 10500 | AJ94: 31500 | AK94: 31500 | AL94: 31500 | AM94: 31500 | AN94: 63000 | AO94: 63000 | AP94: 126000
A95: 1 | B95: 1 | C95: 1 | D95: 1 | E95: 120 | F95: 1 | G95: 95 | H95: 1 | J95: RF | R95: SG&A: Allocation | X95: 27189.964 | Y95: 17034.313 | Z95: 18654.736 | AA95: 17974.696 | AB95: 19738.326 | AC95: 23278.198 | AD95: 16841.931 | AE95: 16521.65 | AF95: 18532.818 | AG95: 17538.032 | AH95: 15269.777 | AI95: 15628.088 | AJ95: 62879.013 | AK95: 60991.221 | AL95: 51896.399 | AM95: 48435.897 | AN95: 123870.23 | AO95: 100332.3 | AP95: 224202.53
A96: 1 | B96: 1 | C96: 1 | D96: 1 | E96: 121 | F96: 1 | G96: 96 | H96: 1 | J96: RF | S96: Allocation cost in total SGA (%) | X96: 0.3987385 | Y96: 0.2935214 | Z96: 0.31271174 | AA96: 0.30478659 | AB96: 0.32497317 | AC96: 0.36214765 | AD96: 0.29117166 | AE96: 0.28722489 | AF96: 0.31130423 | AG96: 0.29960064 | AH96: 0.27136729 | AI96: 0.27597767 | AJ96: 0.33827925 | AK96: 0.33148984 | AL96: 0.29672651 | AM96: 0.28253066 | AN96: 0.33490187 | AO96: 0.28969951 | AP96: 0.31304348
A97: 1 | B97: 1 | C97: 1 | D97: 1 | E97: 122 | F97: 1 | G97: 97 | H97: 1 | J97: RF | S97: Variable Expenses | X97: 16292.506 | Y97: 6430.3883 | Z97: 7713.1311 | AA97: 6652.6883 | AB97: 8191.1675 | AC97: 11597.949 | AD97: 5177.2514 | AE97: 4788.5867 | AF97: 6478.918 | AG97: 5466.4903 | AH97: 3050.7105 | AI97: 3306.8388 | AJ97: 30436.026 | AK97: 26441.805 | AL97: 16444.756 | AM97: 11824.04 | AN97: 56877.83 | AO97: 28268.796 | AP97: 85146.626
A98: 1 | B98: 1 | C98: 1 | D98: 1 | E98: 123 | F98: 1 | G98: 98 | H98: 1 | J98: RF | S98: Wages & Salaries | X98: 7677.0019 | Y98: 7860.3352 | Z98: 8093.6685 | AA98: 8560.3352 | AB98: 8660.3352 | AC98: 8760.3352 | AD98: 8860.3352 | AE98: 8960.3352 | AF98: 9143.6685 | AG98: 9243.6685 | AH98: 9343.6685 | AI98: 9343.6685 | AJ98: 23631.006 | AK98: 25981.006 | AL98: 26964.339 | AM98: 27931.006 | AN98: 49612.011 | AO98: 54895.345 | AP98: 104507.36
A99: 1 | B99: 1 | C99: 1 | D99: 1 | E99: 124 | F99: 1 | G99: 99 | H99: 1 | J99: RF | S99: Fixed Expenses | X99: 3220.4557 | Y99: 2743.5894 | Z99: 2847.9368 | AA99: 2761.6728 | AB99: 2886.8237 | AC99: 2919.9141 | AD99: 2804.3445 | AE99: 2772.7278 | AF99: 2910.2313 | AG99: 2827.8733 | AH99: 2875.3979 | AI99: 2977.5803 | AJ99: 8811.9818 | AK99: 8568.4106 | AL99: 8487.3036 | AM99: 8680.8514 | AN99: 17380.392 | AO99: 17168.155 | AP99: 34548.548
A100: 1 | B100: 1 | C100: 1 | D100: 1 | E100: 1 | F100: 1 | G100: 100 | H100: 1 | J100: RF | K100: MTP
A101: 1 | B101: 1 | C101: 1 | D101: 1 | E101: 1 | F101: 1 | G101: 101 | H101: 1 | J101: RF | K101: MTP | N101: (1)-1 Office: Excluding "Office Solution"
A102: 71 | B102: 1 | C102: 74 | D102: 1 | E102: 76 | F102: 1 | G102: 102 | H102: 1 | J102: RF | K102: MTP | O102: Net Sales | U102: (Includes Sales to BT-Gr. Companies) | X102: 249409.46 | Y102: 206980.93 | Z102: 232680.57 | AA102: 215219.24 | AB102: 236704.57 | AC102: 260258.74 | AD102: 213112.78 | AE102: 217545.42 | AF102: 251698.46 | AG102: 212373.44 | AH102: 235088.96 | AI102: 257341.72 | AJ102: 689070.96 | AK102: 712182.55 | AL102: 682356.65 | AM102: 704804.11 | AN102: 1401253.5 | AO102: 1387160.8 | AP102: 2788414.3
A103: 72 | B103: 1 | C103: 75 | D103: 1 | E103: 77 | F103: 1 | G103: 103 | H103: 1 | J103: RF | K103: MTP | S103: Hard | X103: 147770.71 | Y103: 130949.23 | Z103: 142163.24 | AA103: 138564.55 | AB103: 149185.64 | AC103: 165497 | AD103: 137621.88 | AE103: 130517.44 | AF103: 155254.82 | AG103: 135585.77 | AH103: 147437.07 | AI103: 163895.57 | AJ103: 420883.19 | AK103: 453247.19 | AL103: 423394.14 | AM103: 446918.41 | AN103: 874130.38 | AO103: 870312.56 | AP103: 1744442.9
A104: 73 | B104: 1 | C104: 76 | D104: 1 | E104: 78 | F104: 1 | G104: 104 | H104: 1 | J104: RF | K104: MTP | S104: Non-hard | X104: 101638.74 | Y104: 76031.693 | Z104: 90517.334 | AA104: 76654.693 | AB104: 87518.923 | AC104: 94761.744 | AD104: 75490.897 | AE104: 87027.973 | AF104: 96443.64 | AG104: 76787.661 | AH104: 87651.891 | AI104: 93446.148 | AJ104: 268187.77 | AK104: 258935.36 | AL104: 258962.51 | AM104: 257885.7 | AN104: 527123.13 | AO104: 516848.21 | AP104: 1043971.3
...

Sheet Previous
AM1: 'OP'! | AP1: 'Previous'! | AU1: =AM1 -> 'OP'! | AX1: =AP1 -> 'Previous'! | BC1: =AM1 -> 'OP'! | BF1: =AP1 -> 'Previous'!
AL2: AC | AM2: AB | AP2: AB | AT2: AA | AU2: Z | AX2: Z | BB2: R | BC2: Q | BF2: Q
AL3: =AL2 -> AC | AM3: =AM2 -> AB | AP3: =AP2 -> AB | AT3: AC | AU3: AB | AX3: AB | BB3: AC | BC3: AB | BF3: AB
A4: Prev | C4: OP | F4: FY2022 Actual ver1.0 | P4: BIN | Q4: Last Refresh: 11-05-2022 12:09:15 | R4: (Unit:1000LC) | U4: When using Excel Add-in, please reduce the number of Excel workbooks opened at the same time. | AL4: vs OP / vs FY21 | AP4: Please copy&paste "OP" sheet and "Previous" sheet as they are
Q5: BT Global Management
D6: RF | I6: K_INR | L6: (Unit:1000LC) | P6: Input fields | Q6: data - Plan & Actual Pkg : Monthly | R6: =Q4 -> Last Refresh: 11-05-2022 12:09:15 | AL6: Select period (1-12)
P7: Input fields, but not affect PL | Q7: for FY22 PL Actual Excel Input | R7: =IF(R12="","","Last Send and Refresh:"&TEXT(R12," YYYY/MM/DD HH:MM:SS")) -> Last Send and Refresh: 2022/05/10 15:33:48 | AL7: 12 | AM7: ex. Apr ->1, Feb ->2 ,,,Mar ->12 *BBR: Jan ->1, Feb ->2 ,,,Dec ->12
G8: 1. P/L (1) - Overview | Q8: Sales Company - BIN
H9: 1-1. P/L Statement | Q9: Scenario : 01-2 - Actual | AL9: single month | AT9: Quarter (QTD) | BB9: Annual Year (YTD)
R10: =CHOOSE(2, "5446510030", "Apr 22") -> Apr 22 | S10: =CHOOSE(2, "5446810031", "May 22") -> May 22 | T10: =CHOOSE(2, "5447120030", "Jun 22") -> Jun 22 | U10: =CHOOSE(2, "5447420031", "Jul 22") -> Jul 22 | V10: =CHOOSE(2, "5447730031", "Aug 22") -> Aug 22 | W10: =CHOOSE(2, "5448040030", "Sep 22") -> Sep 22 | X10: =CHOOSE(2, "5448340031", "Oct 22") -> Oct 22 | Y10: =CHOOSE(2, "5448650030", "Nov 22") -> Nov 22 | Z10: =CHOOSE(2, "5448950031", "Dec 22") -> Dec 22 | AA10: =CHOOSE(2, "5449260031", "Jan 23") -> Jan 23 | AB10: =CHOOSE(2, "5449570028", "Feb 23") -> Feb 23 | AC10: =CHOOSE(2, "5449850031", "Mar 23") -> Mar 23
D11: RF | E11: 1 | Q11: =CHOOSE(2, "6722000002631", "1. P/L (1) - Overview") -> 1. P/L (1) - Overview | R11: =NOW() -> 45391.855
D12: RF | E12: 1 | Q12: =CHOOSE(2, "6722000002630", "1-1. P/L Statement") -> 1-1. P/L Statement | R12: 2022/05/10 15:33:48
D13: RF | E13: 1 | Q13: =CHOOSE(2, "6722000002629", "▷ Blank 0") -> ▷ Blank 0 | R13: 44652 | S13: =DATE(YEAR(R13),MONTH(R13)+1,DAY(R13)) -> 44682 | T13: =DATE(YEAR(S13),MONTH(S13)+1,DAY(S13)) -> 44713 | U13: =DATE(YEAR(T13),MONTH(T13)+1,DAY(T13)) -> 44743 | V13: =DATE(YEAR(U13),MONTH(U13)+1,DAY(U13)) -> 44774 | W13: =DATE(YEAR(V13),MONTH(V13)+1,DAY(V13)) -> 44805 | X13: =DATE(YEAR(W13),MONTH(W13)+1,DAY(W13)) -> 44835 | Y13: =DATE(YEAR(X13),MONTH(X13)+1,DAY(X13)) -> 44866 | Z13: =DATE(YEAR(Y13),MONTH(Y13)+1,DAY(Y13)) -> 44896 | ... AC13: =DATE(YEAR(AB13),MONTH(AB13)+1,DAY(AB13)) -> 44986 | AD13: Q1 | AE13: Q2 | AF13: Q3 | AG13: Q4 | AH13: 1st H | AI13: 2nd H | AJ13: Yr. | AL13: Result | AM13: OP | AN13: vs OP | AO13: % | AP13: FY21 | AQ13: vs FY21 | AR13: % | AT13: Result | AU13: OP | AV13: vs OP | AW13: % | AX13: FY21 | AY13: vs FY21 | AZ13: % | BB13: Result | BC13: OP | BD13: vs OP | BE13: % | BF13: FY21 | BG13: vs FY21 | BH13: %
A14: =ROW()-3 -> 11 | B14: 1 | C14: =ROW()-3 -> 11 | D14: RF | E14: 1 | I14: Net Sales | Q14: =CHOOSE(2, "6722000002628", "PL Statement Net Sales") -> PL Statement Net Sales | R14: =R79+R353+R154+R208+R290 -> 649255 | S14: =S79+S353+S154+S208+S290 -> 656821 | T14: =T79+T353+T154+T208+T290 -> 693011 | U14: =U79+U353+U154+U208+U290 -> 709342 | V14: =V79+V353+V154+V208+V290 -> 827652.6 | W14: =W79+W353+W154+W208+W290 -> 711087 | X14: =X79+X353+X154+X208+X290 -> 873355 | Y14: =Y79+Y353+Y154+Y208+Y290 -> 797664 | ... AC14: =AC79+AC353+AC154+AC208+AC290 -> 764117 | AD14: =SUM(R14,S14,T14) -> 1999087 | AE14: =SUM(U14,V14,W14) -> 2248081.6 | AF14: =SUM(X14,Y14,Z14) -> 2523796 | AG14: =SUM(AA14,AB14,AC14) -> 2469807.6 | AH14: =AD14+AE14 -> 4247168.6 | AI14: =AG14+AF14 -> 4993603.6 | AJ14: =AH14+AI14 -> 9240772.2 | AL14: =SUM((INDIRECT(AL$2&(ROW())):INDIRECT(AL$3&(ROW())))) -> 764117 | AM14: =SUM(INDIRECT(AM$1&AM$2&$C14):INDIRECT(AM$1&AM$3&$C14)) -> 0 | AN14: =AL14-AM14 -> 764117 | AO14: =IFERROR(AL14/AM14,0) -> 0 | AP14: =SUM(INDIRECT(AP$1&AP$2&$A14):INDIRECT(AP$1&AP$3&$A14))+SUM(INDIRECT(AP$1&AP$2&$B14):INDIRECT(AP$1&AP$3&$B14)) -> 0 | AQ14: =AL14-AP14 -> 764117 | AR14: =IFERROR(AL14/AP14,0) -> 0 | AT14: =SUM((INDIRECT(AT$2&(ROW())):INDIRECT(AT$3&(ROW())))) -> 2469807.6 | AU14: =SUM(INDIRECT(AU$1&AU$2&$C14):INDIRECT(AU$1&AU$3&$C14)) -> 0 | AV14: =AT14-AU14 -> 2469807.6 | AW14: =IFERROR(AT14/AU14,0) -> 0 | AX14: =SUM(INDIRECT(AX$1&AX$2&$A14):INDIRECT(AX$1&AX$3&$A14))+SUM(INDIRECT(AX$1&AX$2&$B14):INDIRECT(AX$1&AX$3&$B14)) -> 0 | AY14: =AT14-AX14 -> 2469807.6 | AZ14: =IFERROR(AT14/AX14,0) -> 0 | BB14: =SUM((INDIRECT(BB$2&(ROW())):INDIRECT(BB$3&(ROW())))) -> 9240772.2 | BC14: =SUM(INDIRECT(BC$1&BC$2&$C14):INDIRECT(BC$1&BC$3&$C14)) -> 45077.785 | BD14: =BB14-BC14 -> 9195694.4 | BE14: =IFERROR(BB14/BC14,0) -> 204.99615 | BF14: =SUM(INDIRECT(BF$1&BF$2&$A14):INDIRECT(BF$1&BF$3&$A14))+SUM(INDIRECT(BF$1&BF$2&$B14):INDIRECT(BF$1&BF$3&$B14)) -> 45391.855 | BG14: =BB14-BF14 -> 9195380.4 | BH14: =IFERROR(BB14/BF14,0) -> 203.57776
A15: =ROW()-3 -> 12 | B15: 1 | C15: =ROW()-3 -> 12 | D15: RF | E15: 1 | I15: BT Consolidated Sales | Q15: =CHOOSE(2, "6722000002627", "PL Statement BT Cons. Sales") -> PL Statement BT Cons. Sales | R15: =R80+R362+R159+R223+R300 -> 648073 | S15: =S80+S362+S159+S223+S300 -> 656821 | T15: =T80+T362+T159+T223+T300 -> 693011 | U15: =U80+U362+U159+U223+U300 -> 706173 | V15: =V80+V362+V159+V223+V300 -> 827652.6 | W15: =W80+W362+W159+W223+W300 -> 711087 | X15: =X80+X362+X159+X223+X300 -> 873355 | Y15: =Y80+Y362+Y159+Y223+Y300 -> 797664 | ... AC15: =AC80+AC362+AC159+AC223+AC300 -> 764117 | AD15: =SUM(R15,S15,T15) -> 1997905 | AE15: =SUM(U15,V15,W15) -> 2244912.6 | AF15: =SUM(X15,Y15,Z15) -> 2523796 | AG15: =SUM(AA15,AB15,AC15) -> 2469807.6 | AH15: =AD15+AE15 -> 4242817.6 | AI15: =AG15+AF15 -> 4993603.6 | AJ15: =AH15+AI15 -> 9236421.2 | AL15: =SUM((INDIRECT(AL$2&(ROW())):INDIRECT(AL$3&(ROW())))) -> 764117 | AM15: =SUM(INDIRECT(AM$1&AM$2&$C15):INDIRECT(AM$1&AM$3&$C15)) -> 0 | AN15: =AL15-AM15 -> 764117 | AO15: =IFERROR(AL15/AM15,0) -> 0 | AP15: =SUM(INDIRECT(AP$1&AP$2&$A15):INDIRECT(AP$1&AP$3&$A15))+SUM(INDIRECT(AP$1&AP$2&$B15):INDIRECT(AP$1&AP$3&$B15)) -> 0 | AQ15: =AL15-AP15 -> 764117 | AR15: =IFERROR(AL15/AP15,0) -> 0 | AT15: =SUM((INDIRECT(AT$2&(ROW())):INDIRECT(AT$3&(ROW())))) -> 2469807.6 | AU15: =SUM(INDIRECT(AU$1&AU$2&$C15):INDIRECT(AU$1&AU$3&$C15)) -> 0 | AV15: =AT15-AU15 -> 2469807.6 | AW15: =IFERROR(AT15/AU15,0) -> 0 | AX15: =SUM(INDIRECT(AX$1&AX$2&$A15):INDIRECT(AX$1&AX$3&$A15))+SUM(INDIRECT(AX$1&AX$2&$B15):INDIRECT(AX$1&AX$3&$B15)) -> 0 | AY15: =AT15-AX15 -> 2469807.6 | AZ15: =IFERROR(AT15/AX15,0) -> 0 | BB15: =SUM((INDIRECT(BB$2&(ROW())):INDIRECT(BB$3&(ROW())))) -> 9236421.2 | BC15: =SUM(INDIRECT(BC$1&BC$2&$C15):INDIRECT(BC$1&BC$3&$C15)) -> 0 | BD15: =BB15-BC15 -> 9236421.2 | BE15: =IFERROR(BB15/BC15,0) -> 0 | BF15: =SUM(INDIRECT(BF$1&BF$2&$A15):INDIRECT(BF$1&BF$3&$A15))+SUM(INDIRECT(BF$1&BF$2&$B15):INDIRECT(BF$1&BF$3&$B15)) -> 0 | BG15: =BB15-BF15 -> 9236421.2 | BH15: =IFERROR(BB15/BF15,0) -> 0
A16: =ROW()-3 -> 13 | B16: 1 | C16: =ROW()-3 -> 13 | D16: RF | E16: 1 | I16: Cost of Sales | Q16: =CHOOSE(2, "6722000002626", "PL Statement Cost of Sales") -> PL Statement Cost of Sales | R16: =R14-R17 -> 442381 | S16: =S14-S17 -> 465153 | T16: =T14-T17 -> 469842 | U16: =U14-U17 -> 473701 | V16: =V14-V17 -> 549586.86 | W16: =W14-W17 -> 520638.35 | X16: =X14-X17 -> 562611.75 | Y16: =Y14-Y17 -> 540330 | ... AC16: =AC14-AC17 -> 590384 | AD16: =SUM(R16,S16,T16) -> 1377376 | AE16: =SUM(U16,V16,W16) -> 1543926.2 | AF16: =SUM(X16,Y16,Z16) -> 1699578.7 | AG16: =SUM(AA16,AB16,AC16) -> 1742153.8 | AH16: =AD16+AE16 -> 2921302.2 | AI16: =AG16+AF16 -> 3441732.5 | AJ16: =AH16+AI16 -> 6363034.7 | AL16: =SUM((INDIRECT(AL$2&(ROW())):INDIRECT(AL$3&(ROW())))) -> 590384 | AM16: =SUM(INDIRECT(AM$1&AM$2&$C16):INDIRECT(AM$1&AM$3&$C16)) -> 45139 | AN16: =AL16-AM16 -> 545245 | AO16: =IFERROR(AL16/AM16,0) -> 13.079244 | AP16: =SUM(INDIRECT(AP$1&AP$2&$A16):INDIRECT(AP$1&AP$3&$A16))+SUM(INDIRECT(AP$1&AP$2&$B16):INDIRECT(AP$1&AP$3&$B16)) -> 44958 | AQ16: =AL16-AP16 -> 545426 | AR16: =IFERROR(AL16/AP16,0) -> 13.131901 | AT16: =SUM((INDIRECT(AT$2&(ROW())):INDIRECT(AT$3&(ROW())))) -> 1742153.8 | AU16: =SUM(INDIRECT(AU$1&AU$2&$C16):INDIRECT(AU$1&AU$3&$C16)) -> 135325 | AV16: =AT16-AU16 -> 1606828.8 | AW16: =IFERROR(AT16/AU16,0) -> 12.87385 | AX16: =SUM(INDIRECT(AX$1&AX$2&$A16):INDIRECT(AX$1&AX$3&$A16))+SUM(INDIRECT(AX$1&AX$2&$B16):INDIRECT(AX$1&AX$3&$B16)) -> 134781 | AY16: =AT16-AX16 -> 1607372.8 | AZ16: =IFERROR(AT16/AX16,0) -> 12.925811 | BB16: =SUM((INDIRECT(BB$2&(ROW())):INDIRECT(BB$3&(ROW())))) -> 6363034.7 | BC16: =SUM(INDIRECT(BC$1&BC$2&$C16):INDIRECT(BC$1&BC$3&$C16)) -> 225389 | BD16: =BB16-BC16 -> 6137645.7 | BE16: =IFERROR(BB16/BC16,0) -> 28.231345 | BF16: =SUM(INDIRECT(BF$1&BF$2&$A16):INDIRECT(BF$1&BF$3&$A16))+SUM(INDIRECT(BF$1&BF$2&$B16):INDIRECT(BF$1&BF$3&$B16)) -> 492851 | BG16: =BB16-BF16 -> 5870183.7 | BH16: =IFERROR(BB16/BF16,0) -> 12.910666
A17: =ROW()-3 -> 14 | B17: 1 | C17: =ROW()-3 -> 14 | D17: RF | E17: 1 | I17: Gross Profit | Q17: =CHOOSE(2, "6722000002625", "PL Statement Gross Profit") -> PL Statement Gross Profit | R17: =R81+R371+R176+R238+R310 -> 206874 | S17: =S81+S371+S176+S238+S310 -> 191668 | T17: =T81+T371+T176+T238+T310 -> 223169 | U17: =U81+U371+U176+U238+U310 -> 235641 | V17: =V81+V371+V176+V238+V310 -> 278065.73 | W17: =W81+W371+W176+W238+W310 -> 190448.65 | X17: =X81+X371+X176+X238+X310 -> 310743.25 | Y17: =Y81+Y371+Y176+Y238+Y310 -> 257334 | ... AC17: =AC81+AC371+AC176+AC238+AC310 -> 173733 | AD17: =SUM(R17,S17,T17) -> 621711 | AE17: =SUM(U17,V17,W17) -> 704155.38 | AF17: =SUM(X17,Y17,Z17) -> 824217.25 | AG17: =SUM(AA17,AB17,AC17) -> 727653.86 | AH17: =AD17+AE17 -> 1325866.4 | AI17: =AG17+AF17 -> 1551871.1 | AJ17: =AH17+AI17 -> 2877737.5 | AL17: =SUM((INDIRECT(AL$2&(ROW())):INDIRECT(AL$3&(ROW())))) -> 173733 | AM17: =SUM(INDIRECT(AM$1&AM$2&$C17):INDIRECT(AM$1&AM$3&$C17)) -> 755265.94 | AN17: =AL17-AM17 -> -581532.94 | AO17: =IFERROR(AL17/AM17,0) -> 0.23002891 | AP17: =SUM(INDIRECT(AP$1&AP$2&$A17):INDIRECT(AP$1&AP$3&$A17))+SUM(INDIRECT(AP$1&AP$2&$B17):INDIRECT(AP$1&AP$3&$B17)) -> 871093.63 | AQ17: =AL17-AP17 -> -697360.63 | AR17: =IFERROR(AL17/AP17,0) -> 0.1994424 | AT17: =SUM((INDIRECT(AT$2&(ROW())):INDIRECT(AT$3&(ROW())))) -> 727653.86 | AU17: =SUM(INDIRECT(AU$1&AU$2&$C17):INDIRECT(AU$1&AU$3&$C17)) -> 2174551.6 | AV17: =AT17-AU17 -> -1446897.8 | AW17: =IFERROR(AT17/AU17,0) -> 0.33462248 | AX17: =SUM(INDIRECT(AX$1&AX$2&$A17):INDIRECT(AX$1&AX$3&$A17))+SUM(INDIRECT(AX$1&AX$2&$B17):INDIRECT(AX$1&AX$3&$B17)) -> 2558467.6 | AY17: =AT17-AX17 -> -1830813.8 | AZ17: =IFERROR(AT17/AX17,0) -> 0.28441003 | BB17: =SUM((INDIRECT(BB$2&(ROW())):INDIRECT(BB$3&(ROW())))) -> 2877737.5 | BC17: =SUM(INDIRECT(BC$1&BC$2&$C17):INDIRECT(BC$1&BC$3&$C17)) -> 3791192.5 | BD17: =BB17-BC17 -> -913455.02 | BE17: =IFERROR(BB17/BC17,0) -> 0.75905866 | BF17: =SUM(INDIRECT(BF$1&BF$2&$A17):INDIRECT(BF$1&BF$3&$A17))+SUM(INDIRECT(BF$1&BF$2&$B17):INDIRECT(BF$1&BF$3&$B17)) -> 8476655.2 | BG17: =BB17-BF17 -> -5598917.7 | BH17: =IFERROR(BB17/BF17,0) -> 0.33948974
